Workbook
Name Angle_X: #REF!
Name Angle_Y: #REF!
Name Asset_types: #REF!
Name Capability: #REF!
Name Company: #REF!
Name Company_Size: #REF!
Name cpi: #REF!
Name cpi: #REF!
Name cpi: #REF!
Name cpi: #REF!
Name disc: #REF!
Name Driver: #REF!
Name Driver: #REF!
Name Driver: #REF!
Name Driver: #REF!
Name ER_List: #REF!
Name Hypotenuse: #REF!
Name Ins_CPI: #REF!
Name Ins_CPI: #REF!
Name Ins_CPI: #REF!
Name Ins_CPI: #REF!
Name land: #REF!
Name land: #REF!
Name land: #REF!
Name land: #REF!
Name Priority: #REF!
Name Project_Name: #REF!
Name Project_Name: #REF!
Name Project_Name: #REF!
Name Project_Name: #REF!
Name rating: #REF!
Name Response_code__see_vendor_instructions_tab: #REF!
Name Risk: #REF!
Name Risk: #REF!
Name Risk: #REF!
Name Risk: #REF!
Name Risk: #REF!
Name SECTIONS: #REF!
Name Side_X: #REF!
Name Side_Y: #REF!
Name Status: #REF!
Name ToSort: #REF!
Name WC: #REF!
Name WC: #REF!
Name WC: #REF!
Name WC: #REF!

Sheet Front page
D4: INVITATION TO TENDER | Pabianice 60MW/120MWh BESS & HV substation
D5: Battery Energy Storage Specification Book
D24: DESIGNATION | E24: Technical Specification Book
D25: DOCUMENT No. | E25: VTA-2026-01-Pologne-BESS - BESS Functional Specifications
D26: REVISION | E26: A
D27: ISSUE DATE | E27: 46272
D28: STATUS | E28: Commercial in Confidence
D29: PREPARED BY | E29: Marianne Ferron
D30: CHECKED BY | E30: Bassam Allaou
C34: Disclaimer | D34: This document has been prepared and is issued by Skyray Engineering (“Skyray”) for VOLTA GROUP. This document is issued as 'Confidential'. If release to other parties is required, permission should be requested from Skyray Engineering.
C37: Context | D37: This document represents the technical specification books for the BESS Energy storage for the Pabianice project that is being developed by VOLTA GROUP.
A42: Skyray Engineering Intellectual Property, Copyright and Confidentiality expressed, implied and/or otherwise agreed – in all engineering, commercial, business contacts, financial, technical and general documents & narratives.
A43: In receiving and reading this document the reader gives an undertaking and agreement of non-disclosure and non-circumvent. The document and its contents MUST NOT be shared without the direct and express written permission of and in writing to any proposed recipients from Skyray Engineering, its agents and officers.
A44: Skyray reserves the right, at any time, without notice, to modify or retract any part or all of the draft document. To the maximum extent permitted by law, Skyray disclaims any responsibility or liability arising from or in connection with this document.
A45: NOTE: Certain information requested in this file is provided solely for the Employer’s information and shall not be subject to evaluation or entry criteria. Only those criteria, information and documents expressly identified in the RFQ mail letter as being subject to evaluation shall be taken into account for the purposes of assessing the Offer.

Sheet Contents
B3: 1 Introduction | D3: 2 Scope Of Works | G3: 3 (a) Commercial Terms Supply | J3: 3 (b) Commercial Terms O&M | M3: 4 Warranties and LTSA | O3: 5 Offer & Equipment Details
D5: ='2 Scope of Works'!B7 -> A | E5: ='2 Scope of Works'!C7 -> General site & bidder information | G5: =#REF! -> #REF! | H5: =#REF! -> #REF! | J5: =#REF! -> #REF! | K5: =#REF! -> #REF! | M5: =#REF! -> #REF! | O5: see pricing details
D6: ='2 Scope of Works'!B8 -> A.1 | E6: ='2 Scope of Works'!C8 -> Track record | G6: =#REF! -> #REF! | H6: =#REF! -> #REF! | J6: =#REF! -> #REF! | K6: =#REF! -> #REF!
D7: ='2 Scope of Works'!B13 -> A.6 | E7: ='2 Scope of Works'!C13 -> ESG/CSR policy | G7: =#REF! -> #REF! | H7: =#REF! -> #REF! | J7: =#REF! -> #REF! | K7: =#REF! -> #REF! | M7: =#REF! -> #REF!
G8: =#REF! -> #REF! | H8: =#REF! -> #REF! | J8: =#REF! -> #REF! | K8: =#REF! -> #REF!
D9: ='2 Scope of Works'!B18 -> B | E9: ='2 Scope of Works'!C18 -> Scope and equipment details | G9: =#REF! -> #REF! | H9: =#REF! -> #REF! | J9: =#REF! -> #REF! | K9: =#REF! -> #REF! | M9: =#REF! -> #REF!
D10: ='2 Scope of Works'!B19 -> B.1.a | E10: ='2 Scope of Works'!C19 -> Overview of proposed physical interfaces | G10: =#REF! -> #REF! | H10: =#REF! -> #REF!
D11: ='2 Scope of Works'!B20 -> B.1.b | E11: ='2 Scope of Works'!C20 -> TSO's Requirement & Interface w/ Communication System | J11: =#REF! -> #REF! | K11: =#REF! -> #REF! | M11: =#REF! -> #REF!
D12: ='2 Scope of Works'!B21 -> B.2 | E12: ='2 Scope of Works'!C21 -> Batteries | G12: =#REF! -> #REF! | H12: =#REF! -> #REF! | J12: =#REF! -> #REF! | K12: =#REF! -> #REF!
D13: ='2 Scope of Works'!B22 -> B.3 | E13: ='2 Scope of Works'!C22 -> Battery Management System (BMS) | G13: =#REF! -> #REF! | H13: =#REF! -> #REF! | J13: =#REF! -> #REF! | K13: =#REF! -> #REF! | M13: =#REF! -> #REF!
D14: ='2 Scope of Works'!B23 -> B.4 | E14: ='2 Scope of Works'!C23 -> Battery ancillaries: Thermal management system/HVAC | G14: =#REF! -> #REF! | H14: =#REF! -> #REF! | J14: =#REF! -> #REF! | K14: =#REF! -> #REF!
D15: ='2 Scope of Works'!B24 -> B.5 | E15: ='2 Scope of Works'!C24 -> Battery ancillaries: Thermal event / fire detection and protection | G15: =#REF! -> #REF! | H15: =#REF! -> #REF! | J15: =#REF! -> #REF! | K15: =#REF! -> #REF!
D16: ='2 Scope of Works'!B25 -> B.6 | E16: ='2 Scope of Works'!C25 -> Battery enclosures | G16: =#REF! -> #REF! | H16: =#REF! -> #REF! | J16: =#REF! -> #REF! | K16: =#REF! -> #REF!
D17: ='2 Scope of Works'!B26 -> B.7 | E17: ='2 Scope of Works'!C26 -> BESS Layout and distances | G17: =#REF! -> #REF! | H17: =#REF! -> #REF! | J17: =#REF! -> #REF! | K17: =#REF! -> #REF!
D18: ='2 Scope of Works'!B27 -> B.8 | E18: ='2 Scope of Works'!C27 -> Power Conversion System (PCS) | G18: =#REF! -> #REF! | H18: =#REF! -> #REF! | J18: =#REF! -> #REF! | K18: =#REF! -> #REF!
D19: ='2 Scope of Works'!B28 -> B.9 | E19: ='2 Scope of Works'!C28 -> Feeder transformer (LV to 33 kV ) | G19: =#REF! -> #REF! | H19: =#REF! -> #REF! | J19: =#REF! -> #REF! | K19: =#REF! -> #REF!
D20: ='2 Scope of Works'!B29 -> B10 | E20: ='2 Scope of Works'!C29 -> Energy Management System (EMS), and SCADA | G20: =#REF! -> #REF! | H20: =#REF! -> #REF! | J20: =#REF! -> #REF! | K20: =#REF! -> #REF!
D21: ='2 Scope of Works'!B30 -> B.10.bis | E21: ='2 Scope of Works'!C30 -> HV Substation - SCADA/RTU | G21: =#REF! -> #REF! | H21: =#REF! -> #REF! | J21: =#REF! -> #REF! | K21: =#REF! -> #REF!
D22: ='2 Scope of Works'!B31 -> B.11 | E22: ='2 Scope of Works'!C31 -> 33 kV switchrooms (inside BESS compound) | G22: =#REF! -> #REF! | H22: =#REF! -> #REF! | J22: =#REF! -> #REF! | K22: =#REF! -> #REF!
D23: ='2 Scope of Works'!B32 -> B.12.a | E23: ='2 Scope of Works'!C32 -> HV substation - Grid transformers (220/33 kV) | G23: =#REF! -> #REF! | H23: =#REF! -> #REF! | J23: =#REF! -> #REF! | K23: =#REF! -> #REF!
D24: ='2 Scope of Works'!B36 -> B.13 | E24: ='2 Scope of Works'!C36 -> HV substation - 220/33 kV compound | G24: =#REF! -> #REF! | H24: =#REF! -> #REF! | J24: =#REF! -> #REF! | K24: =#REF! -> #REF!
D25: ='2 Scope of Works'!B37 -> B.14.a | E25: ='2 Scope of Works'!C37 -> HV Substation – Control Building (Control Room, TSO Room, LV Distribution) | G25: =#REF! -> #REF! | H25: =#REF! -> #REF! | J25: =#REF! -> #REF! | K25: =#REF! -> #REF!
D26: ='2 Scope of Works'!B39 -> B.15 | E26: ='2 Scope of Works'!C39 -> HV substation - 33kV switchgear | G26: =#REF! -> #REF! | H26: =#REF! -> #REF! | J26: =#REF! -> #REF! | K26: =#REF! -> #REF!
D27: ='2 Scope of Works'!B40 -> B.16 | E27: ='2 Scope of Works'!C40 -> Auxiliary supply | G27: =#REF! -> #REF! | H27: =#REF! -> #REF! | J27: =#REF! -> #REF! | K27: =#REF! -> #REF!
D28: ='2 Scope of Works'!B41 -> B.17 | E28: ='2 Scope of Works'!C41 -> Site Auxiliary Controls | G28: =#REF! -> #REF! | H28: =#REF! -> #REF! | J28: =#REF! -> #REF! | K28: =#REF! -> #REF!
D29: ='2 Scope of Works'!B42 -> B.18 | E29: ='2 Scope of Works'!C42 -> Metering: operational / performance and frequency metering | G29: =#REF! -> #REF! | H29: =#REF! -> #REF! | J29: =#REF! -> #REF! | K29: =#REF! -> #REF!
D30: ='2 Scope of Works'!B43 -> B.19.a | E30: ='2 Scope of Works'!C43 -> Cabling (LV & HV AC, DC and Comms) | G30: =#REF! -> #REF! | H30: =#REF! -> #REF! | J30: =#REF! -> #REF! | K30: =#REF! -> #REF!
D31: ='2 Scope of Works'!B46 -> B.20 | E31: ='2 Scope of Works'!C46 -> Earthing and lightning protection | G31: =#REF! -> #REF! | H31: =#REF! -> #REF! | J31: =#REF! -> #REF! | K31: =#REF! -> #REF!
D32: ='2 Scope of Works'!B47 -> B.21 | E32: ='2 Scope of Works'!C47 -> Ground works, site roads, access and construction compound | G32: =#REF! -> #REF! | H32: =#REF! -> #REF!
D33: ='2 Scope of Works'!B48 -> B.21bis | E33: ='2 Scope of Works'!C48 -> Foundations and site drainage | G33: =#REF! -> #REF! | H33: =#REF! -> #REF!
D34: ='2 Scope of Works'!B49 -> B.22 | E34: ='2 Scope of Works'!C49 -> HV Substation - Foundation | G34: =#REF! -> #REF! | H34: =#REF! -> #REF!
D35: ='2 Scope of Works'!B50 -> B.23 | E35: ='2 Scope of Works'!C50 -> Fencing, gates and access | G35: =#REF! -> #REF! | H35: =#REF! -> #REF!
D36: ='2 Scope of Works'!B51 -> B.24 | E36: ='2 Scope of Works'!C51 -> CCTV & site security and lighting | G36: =#REF! -> #REF! | H36: =#REF! -> #REF!
D37: ='2 Scope of Works'!B52 -> B.25 | E37: ='2 Scope of Works'!C52 -> Tele-communication systems | G37: =#REF! -> #REF! | H37: =#REF! -> #REF!
D38: ='2 Scope of Works'!B53 -> B.26 | E38: ='2 Scope of Works'!C53 -> Landscaping and reinstatement | G38: =#REF! -> #REF! | H38: =#REF! -> #REF!
D39: ='2 Scope of Works'!B54 -> B.27 | E39: ='2 Scope of Works'!C54 -> Spare parts containers | G39: =#REF! -> #REF! | H39: =#REF! -> #REF!
D40: ='2 Scope of Works'!B55 -> B.28 | E40: ='2 Scope of Works'!C55 -> Spare parts List | G40: =#REF! -> #REF! | H40: =#REF! -> #REF!
D41: ='2 Scope of Works'!B56 -> B.29 | E41: ='2 Scope of Works'!C56 -> End of life / battery disposal
D43: ='2 Scope of Works'!B58 -> C | E43: ='2 Scope of Works'!C58 -> Services, key performance requirements and energy capacity sizing
D44: ='2 Scope of Works'!B59 -> C.1 | E44: ='2 Scope of Works'!C59 -> Specified services
D45: ='2 Scope of Works'!B60 -> C2.a | E45: ='2 Scope of Works'!C60 -> Grid compliance
D46: ='2 Scope of Works'!B66 -> C.3 | E46: ='2 Scope of Works'!C66 -> Active Power
D47: ='2 Scope of Works'!B67 -> C.4 | E47: ='2 Scope of Works'!C67 -> Reactive power
D48: ='2 Scope of Works'!B68 -> C.5 | E48: ='2 Scope of Works'!C68 -> Energy capacity: system sizing
D49: ='2 Scope of Works'!B69 -> C.6 | E49: ='2 Scope of Works'!C69 -> Energy capacity: degradation
D50: ='2 Scope of Works'!B70 -> C.7.b | E50: ='2 Scope of Works'!C70 -> Energy capacity: end of usable life
D51: ='2 Scope of Works'!B71 -> C.8 | E51: ='2 Scope of Works'!C71 -> Round-trip efficiency (RTE)
D52: ='2 Scope of Works'!B72 -> C.9 | E52: ='2 Scope of Works'!C72 -> Speed of response
D53: ='2 Scope of Works'!B73 -> C.10 | E53: ='2 Scope of Works'!C73 -> Ramp up/down
D54: ='2 Scope of Works'!B74 -> C.11 | E54: ='2 Scope of Works'!C74 -> Plant auxiliary loads
D55: ='2 Scope of Works'!B75 -> C.12 | E55: ='2 Scope of Works'!C75 -> Plant noise
D56: ='2 Scope of Works'!B76 -> C.13 | E56: ='2 Scope of Works'!C76 -> Duty cycle / battery utilisation profile
D57: ='2 Scope of Works'!B77 -> C.14 | E57: ='2 Scope of Works'!C77 -> Design for augmentation / capacity maintenance
... D66: ='2 Scope of Works'!B86 -> D.6.a | E66: ='2 Scope of Works'!C86 -> Planning and environmental compliance
D67: ='2 Scope of Works'!B88 -> D.7 | E67: ='2 Scope of Works'!C88 -> Health, safety and environment
D68: ='2 Scope of Works'!B89 -> D.8.a | E68: ='2 Scope of Works'!C89 -> Fire safety design
D69: ='2 Scope of Works'!B92 -> D.9 | E69: ='2 Scope of Works'!C92 -> Battery enclosure thermal management system design
D70: ='2 Scope of Works'!B93 -> D.10 | E70: ='2 Scope of Works'!C93 -> Cybersecurity
D72: ='2 Scope of Works'!B102 -> E | E72: ='2 Scope of Works'!C102 -> Commissioning, Testing & Acceptance
D73: ='2 Scope of Works'!B103 -> E.1 | E73: ='2 Scope of Works'!C103 -> Factory acceptance testing
D74: ='2 Scope of Works'!B104 -> E.2 | E74: ='2 Scope of Works'!C104 -> Mechanical and Electrical Works Completion
D75: ='2 Scope of Works'!B105 -> E.3.a | E75: ='2 Scope of Works'!C105 -> Commissioning
D76: ='2 Scope of Works'!B107 -> E.4 | E76: ='2 Scope of Works'!C107 -> Tests on Completion
D77: ='2 Scope of Works'!B108 -> E.5 | E77: ='2 Scope of Works'!C108 -> Grid compliance testing
D78: ='2 Scope of Works'!B109 -> E.6 | E78: ='2 Scope of Works'!C109 -> Ancillary services testing
D79: ='2 Scope of Works'!B110 -> E.7 | E79: ='2 Scope of Works'!C110 -> Route-to-market provider testing
D81: ='2 Scope of Works'!B112 -> F | E81: ='2 Scope of Works'!C112 -> Warranties, maintenance and service
D82: ='2 Scope of Works'!B113 -> F.1 | E82: ='2 Scope of Works'!C113 -> Defects warranty
D83: ='2 Scope of Works'!B114 -> F.3 | E83: ='2 Scope of Works'!C114 -> Energy capacity warranty
D84: ='2 Scope of Works'!B115 -> F.3b | E84: ='2 Scope of Works'!C115 -> Energy capacity: Flexible Capacity Warranty
D85: ='2 Scope of Works'!B116 -> F.4 | E85: ='2 Scope of Works'!C116 -> Round-trip efficiency warranty
D86: ='2 Scope of Works'!B117 -> F.5.0 | E86: ='2 Scope of Works'!C117 -> The operation, maintenance and performance warranty service
D87: ='2 Scope of Works'!#REF! -> #REF! | E87: ='2 Scope of Works'!#REF! -> #REF!

Sheet 1 Introduction
C3: Battery Energy Storage Functional Specification
A6: Introduction to these Functional specifications
A8: The Projects : The project involves the installation of BESS storage systems and an HV substation. It has a total available capacity at the Point of Connection of 60MW/120MWh. The connection point has been designated at the transmission system operator’s (TSO) substation – Pabianice 220/110 kV substation, located within 200 meters.
A9: Scope of work : Volta Polska is in particular looking for Bidders that can cater to the whole scope of the project on the basis of a Turnkey Contract. The Contractor shall be responsible for the design, engineering, procurement, supply, shipping, construction, installation, commissioning, testing, warranties, and maintenance of the complete Battery Energy Storage System (BESS) and its Balance of Plant (BOP). The scope includes, in particular,: -BESS equipment: batteries, PCS (inverters and transformers), BMS, EMS/SCADA, thermal management, safety systems, and auxiliary power supply. -BOP works: all civil and electrical infrastructure, foundations, drainage, fencing, access roads, MV/HV works, earthing, lightning protection, and security systems. -Integration and installation of all equipment, including cabling, interconnections, and commissioning of the full facility up to the Point of Connection (POC). -HV transformers: Supply and installation of HV Substation (including MV/HV Transformers), -O&M services. The Contractor must submit a proposal covering the project in its entirety; partial bids will not be considered. The Contractor shall deliver a fully integrated, operational system with no scope gaps between BESS supply, BOP installation and HV substation supply & installation.
A10: Site specifications
B13: Project | C13: Pabianice
B14: Localisation | C14: 51° 40' 41.011" N ; 19° 21' 44.992" E
B15: Available area | C15: 8000 m²
B16: Ambient Temperatures (min ; max) | C16: -30°C to 35°C
B17: Relative humidity | C17: From 60% to 95%
B18: Altitude | C18: 185m
A20: Instruction to bidders
A22: Bidders are required to fully complete all mandatory fields within this Excel document. Additional documentation may be provided to supplement your response, where appropriate, but shall not replace any parts of this document. Please follow the following instructions to complete this document: 1) This document comprises 1 Introduction, 2 Scope of Works, 4 Warranties & LTSA, 5 Offer & Equipment Details,6 Sizing summary sheet. Bidders are requested to complete tabs 2, 4, 5, 6. 2) Instructions are included at the top of the sheet. In general, Bidders shall include their responses where there is an '*' plus additional information in writing where this is required. If additional documentation is provided to supplement the response, this shall be suitably referenced against the relevant response line item. A folder structure is provided for supporting documentation in Annex 03. 3) Before submitting the document, verify all STATUS boxes below are Complete. 4) Upload the completed document to the designated plateform (cf ITT instructions)
A23: Deadline: The response time granted to the bidders is available in the RFQ.
A24: Selection Criteria: Tender evaluation criteria are available in the RFQ. Confidentiality: • Bidders will only be accepted where a Non-Disclosure Agreement (NDA) is in place. • All reports and presentations produced as part of this project will remain confidential and exclusively the property of Employer.
A26: SECTION | D26: STATUS
B28: 2 | C28: Scope of Works | D28: ='2 Scope of Works'!F2 -> Not Complete
B29: 3 | C29: Warranties & LTSA | D29: ='3 Warranties and LTSA '!V2 -> Not Complete
B30: 4 | C30: Offer & Equipment Details | D30: ='4 Offer & equipment details'!H2 -> Not Complete

Sheet 2 Scope of Works
B2: This section describes the scope of supply and associated works for the full project and key technical parameters. The Employer has set out its requirements in tabulated form, and the Bidder shall respond if their offer is compliant with the requirement specified. Where their offer deviates from the requirement or where requested to do so, the Bidder is requested to provide a brief description of their offer and the deviation from the specified requirements. In case of deviations reported, Bidder must propose equivalent solutions in accordance with the RFQ. Where appropriate, the Bidder shall provide additional documentation to supplement their response; this shall be referenced in the corresponding item below. The Bidder shall be fully responsible for the design, engineering, procurement, supply, shipping to site, construction, installation, commissioning, testing, warranties, and maintenance of the complete battery energy storage system and associated civil and electrical balance of plant up to the Point of Connection (POC). The scope of works shall include, without limitation: - Supply and installation of batteries and associated ancillary equipment (e.g. thermal management and safety systems); - Supply and installation of Battery Management System (BMS); - Supply and installation of LV/MV transformers; - Supply and installation of Power Conversion Systems (PCS), including inverters and transformers; - Supply and installation of HV Substation (including MV/HV Transformers); - Supply and installation of Supervisory Control and Data Acquisition (SCADA) and Energy Management System (EMS); - Supply and installation of DC cabling and auxiliary power supply equipment; - Civil and electrical balance of plant, including buildings, foundations, cabling, switchgear, and any auxiliary systems required; - Full integration, testing, and commissioning of the overall system to deliver a fully operational BESS facility. - Full O&M for BESS and HV substation for 2 years (unless agreed longer period due to the RFQ). The Bidder shall ensure that the complete scope, including both equipment supply and balance of plant, is delivered in a fully integrated manner. Interfaces between equipment and civil/electrical works are the sole responsibility of the Bidder. The Bidder is to complete it's responses in Cell G2, and in Column G, in response to the requirements. See also the diagram in the "Introduction" tab, for a high level view of the expected scope. | F2: Not Complete | G2: Instruction to Bidders: mark this section as "Complete" upon completion of this section
C4: Item | E4: Full wrap EPC specifications | F4: Bidder to confirm if offer is compliant | G4: Additional information (include reference to separate document with additional information where required) | H4: Document expected at the tender phase
B7: {=B7:B19} -> 0 | C7: General site & bidder information
B8: A.1 | C8: Track record | E8: The Bidder shall provide a information on its track record and the track record of major sub-contractors and equipment suppliers (batteries, PCS, EMS, civil BoP, electrical BoP, transmission-connected projects as appropriate) for similar projects to the scope described in the work package. We are particularly interested in past experience with BESS projects including design, supply, installation, integration, commissioning, operation and maintenance of Battery Energy Storage Systems and other utility-scale energy infrastructure projects. Particular attention will be given to the Bidder’s track record on projects of similar size and complexity, the location of its maintenance service centers, the availability and qualifications of its service and maintenance teams, and its capability to provide timely technical support throughout the Project lifecycle.Preference may be given to Bidders having established service capabilities within Poland or neighbouring European countries. The track record table shall include, at a minimum, the following fields: - Project Name - Location (Country) - Year of COD - Capacity (MW / MWh) - Scope of Works (EPC / OEM / O&M) - Substation / Grid Connection (Voltage level) - Employer / Client - Role of Bidder (Main / Subcontractor / Supplier) - Client Contact Reference - Notes / Letters of Recommendation Where possible, letters of recommendation from Clients with whom the Bidder has successfully completed projects with comparable scope shall additionally be submitted as part of the Bidder's tender. | F8: * | G8: Bidder to include separate track record document, covering: the scope undertaken by the relevant contractor, the size and location of the project(s) and any letters of recommendation | H8: Track Records & References of Company, sub-contractors and equipment suppliers
B9: A.2 | C9: Delivery programme | E9: The target Commercial Operation Date (COD) for the Project is 31/08/2028. The Bidder shall submit a detailed Project Schedule demonstrating its ability to achieve the required COD. Any Tender that does not demonstrate compliance with the required Commercial Operation Date, or that proposes a schedule incompatible with achieving the target COD, may be considered non-compliant and may be rejected without further evaluation. Assuming the timelines as stipulated in the ITT, Bidders shall provide a detailed schedule (Gantt chart + dated milestones) with explicit assumptions (NTP, access constraints, phasing, buffers). The project programme covering the following milestones : - Ordering and delivery of main components (HV transformers, batteries, PCSs), with indication of lead times for major equipment; - Completion of BOP design - Mobilisation to site - Completion of civil works - Completion of mechanical and electrical installation (Mechanical Completion) - Completion of Cold commissioning - Grid Connection - Completion of Hot commissioning and Site Acceptance Testing - Achieving Take Over / commercial operations (COD) | F9: * | G9: Bidder to include outline project programme as separate document | H9: Detailed Project Schedule
B10: A.3 | C10: Financial Statement | E10: Audited financial performance statements (or summary from an independent audit) for the last three (3) years demonstrating financial soundness. A declaration of any litigation or arbitration in the last five (5) years related to contract execution. Confirmation of ability to provide the required bonds in the Commercial Terms. Bidders shall ensure to identify the envisaged contracting entity of their groups for the contract awarding, and financial statements under the name of such entity shall be included in their offers. | F10: * | G10: Bidder to include a financial statements | H10: financial statements
B11: A.4 | C11: Project Team | E11: Bidders shall submit a description of the project team for design and construction detailing how site management and supervision will be carried out. Sample CVs for the key team members (e.g. principal designers, project manager & site managers) should be provided. Bidders should also provide details of the team(s) based full-time in Poland. | F11: * | H11: Internal Organisation chart and CVs
B12: A.5 | C12: Subcontractors & RACI | E12: Bidders Shall Provide a complete organisational chart (including the HV substation) and a responsibility matrix (RAM/RACI) specifying the role of each subcontractor and the interfaces. Bidders shall provide the full names of the entities signing the EPC contract and their legal identification numbers at the tender stage. | F12: * | H12: External Organisation chart and Subcontractors presentations, Responsibility matrix. Legal identification numbers
B13: A.6 | C13: ESG/CSR policy | E13: Bidders Shall submit their own Code of Conduct (or equivalent ESG/CSR policy) as part of their Offer, to demonstrate alignment with responsible sourcing, labour, safety and environmental standards. The Project is required to comply with all applicable European and national environmental, social and governance regulations (“ESG”), thus the Bidders will need to adopt a code of ethical conduct adhering to and aligned its operations and policies with the ESG and the best practice. The Bidders shall reply to the following questions: - Are any of the following raw materials included in the batteries you may provide the Client with? Cobalt, Aluminum, Nickel, Lithium Conflict Minerals (3TG): Tin, Tungsten, Tantalum and Gold - Does your company comply with one of the following regulations: applicable EU and national supply chain due diligence, ESG, labour, modern slavery and responsible sourcing regulations, or any similar regulation? - Do you have memberships in responsible sourcing initiatives such as RCS Global, Responsible Minerals Initiative (RMI) or Responsible Business Alliance (RBA)? If so, please describe your commitments. - Did your company get a Corporate Social Responsibility (CSR) assessment performed by an external third-party such as or EcoVadis? Is so, please share your score and/or any relevant audit report. | F13: * | H13: CSR / ESG / Code of Conduct policy acknowledgment.
B14: A.7 | C14: Documentation, language and as-built | E14: All contractual and technical documentation, correspondence, reporting and training material shall be in English. Documentation shall be delivered in both electronic and paper form in accordance with the document management system agreed under the Contract, and shall include the complete as-built documentation, single-line diagrams, configuration files, O&M manuals and safety instructions placed in the relevant equipment and buildings. | F14: * | H14: CSR / ESG / Code of Conduct policy acknowledgment.
B15: A.8 | C15: Client-supplied (free issue) equipment | E15: The Client reserves the right, at its sole discretion, to procure directly the Battery Energy Storage System (BESS), the High Voltage (HV) transformer, or any other major equipment identified in the Project scope. Should the Client exercise this right, the relevant equipment supplier shall be responsible for the delivery and installation of such supplied equipment, unless otherwise agreed. The Bidder shall remain responsible for the coordination of all technical and contractual interfaces with the supplier, including review of interface requirements, coordination of design inputs, verification of compatibility with the Plant design, coordination of access and installation sequencing, and support to testing, commissioning and final integration of the equipment into the Plant. Accordingly, the Bidder shall include in its Tender a separate and clearly identified price for all works associated with the installation and connection of the Client-supplied equipment. | F15: * | H15: CSR / ESG / Code of Conduct policy acknowledgment.
B18: B | C18: Scope and equipment details
B19: B.1.a | C19: Overview of proposed physical interfaces | E19: The Bidder shall, at its own cost, install a supervision and control system (hereinafter the “System”), which will be shipped by the Aggregator to the Contractor directly. The System shall consist of an electrical cabinet with an industrical computer, router and 24Vdc power supply. The Aggregator shall provide the Contractor with instructions and remote assistance for the connection and commissioning tests of the System. The System shall be connected to the Energy Management System (EMS) of the Installation and to the client terminal block of the site metering in order to enable real-time acquisition of consumption and production data. It is expressly understood between the Parties that the System may issue control commands to the Contractor’s Installation automation system, but such commands shall in no case override or bypass the Installation’s intrinsic safety systems. System Operational Requirements: A dedicated local communication link (SDSL, or fibre) shall be provided for the System at the Contractor’s cost, who shall ensure its proper functioning and availability. A redundant internet connection with automatic failover switch shall be implemented to ensure continuous system connectivity and minimize downtime in case of primary link failure. | F19: * | G19: If not compliant with these requirements, Bidder to clearly specify how it is proposing the interfaces are made. | H19: N/A
B20: B.1.b | C20: TSO's Requirement & Interface w/ Communication System | E20: The Bidder shall perform all tests required by the TSO up to the stage of permanent grid access. The Bidder’s SCADA system and the BESS control system interface shall be fully compatible with, and capable of communicating with, the TSO Communication System. The Bidder shall demonstrate the adequacy of the proposed solution with respect to the specific Site conditions, grid connection constraints, operational requirements, and performance obligations applicable to the Project. The Bidder shall implement the interface with the Transmission System Operator required by the connection conditions. Data shall be transmitted in IEC 60870-5-104 over two permanently operating transmission paths, to the KDM Bielawa SCADA/EMS system and to the reserve KDM SCADA/EMS system, with the on-line communication controllers complying with the Operator's SSiN standard. Remote control from the Operator shall allow selection of autonomous or coordinated operating mode, application of the maximum permissible active power, selection of the Q, cos phi and voltage static characteristic (UST) criteria, entry of the corresponding setpoints, remote parameterisation of Umin, Umax, Uprog1 and Uprog2, switching between charging and discharging mode, and tripping of the export circuit breaker. All of these functions shall also be achievable locally. The detailed signal list shall form part of the design documentation and shall be agreed with the Operator.The Bidder shall refer to the full TSO grid connection conditions for the complete set of requirements and shall comply with them in their entirety. | F20: * | H20: N/A
B21: B.2 | C21: Batteries | E21: Battery design shall be modular, with the battery module as the smallest sub-component handled on site. Modules shall be installed in racks or equivalent structures, which in turn shall be housed in IP-rated enclosures. The following requirements shall apply: - Battery modules shall be IP66-rated and designed without bolted connections. - Battery enclosures/containers shall be constructed with fire-rated walls providing a minimum 2-hour fire resistance (REI120), in compliance with Polish fire-safety and environmental regulations and applicable fire safety standards. - The batteries shall have a suitable C-rate to meet site power requirements across the full state of charge (SoC) range applicable to the energy capacity warranty. - Power and energy capacity sizing shall comply with Section [C], accounting for system losses, auxiliary loads, and any SoC operating constraints. - Batteries shall use Lithium Iron Phosphate (LFP) chemistry and be certified to IEC 62933, IEC 62619, UL1973, UL9540 & UL9540A. - The Bidder shall submit full UL9540A propagation test reports (cell, module, and container levels) from an accredited third-party laboratory, demonstrating compliance with fire safety and propagation risk requirements. - The Bidder shall provide evidence that the battery manufacturing facilities are ISO-certified (ISO 9001 or equivalent). - Battery transport shall comply with UN 38.3, IEC 62281, and IEC 63056 standards, with certificates provided prior to shipment. | F21: * | G21: Bidder to provide details of its proposed battery technology/model. If not compliant with these requirements, Bidder to record deviations/limitations of its proposed solution to meet these requirements. Provide mandatory UL/IEC certifications and test reports UL/IEC): IEC 62619, UL 1973, UL 9540/9540A, IEC 62933 (container/system level), and UL 1741 (inverters, if applicable). | H21: To be included in the technical offer
B22: B.3 | C22: Battery Management System (BMS) | E22: The BMS shall be implemented in a hierarchical architecture, with units (or equivalent) at a minimum of three integration levels: module, rack/string, and enclosure. The BMS shall: - Continuously monitor temperature, voltage, current, and other key parameters at individual cell level; - Initiate protection measures if any parameter exceeds OEM-defined safe operating thresholds; - Safely shut down and isolate affected components in case of detected faults; - Integrate with the BESS EMS as described in Section [B.9 & B.10]. The BMS shall also track all necessary parameters for monitoring of battery usage and performance against warranty, as well as raising alarms for any fault or erroneous operation. This will include a clear requirement to monitor and manage SoC balancing across strings/enclosures and shall require minimal manual intervention to maintain balancing and avoid unscheduled outages due to imbalance. The BMS shall be capable of performing cell balancing within strings, as well as recalibration of SoC measurements. The BMS shall perform active balancing mechanisms (preferred technology) in order to maximise system efficiency, reduce thermal stress, extend battery lifetime, and improve safety. Passive balancing solutions shall not be accepted unless the Bidder provides a detailed technical justification demonstrating equivalent or superior performance in terms of balancing speed, efficiency, and impact on battery life. The active balancing system shall meet the following requirements: - Efficiency: Energy redistribution among cells shall be achieved without conversion into heat, with minimal energy losses. - Balancing Speed: The system shall provide fast charge balancing, capable of correcting significant state-of-charge differences within operationally relevant timescales. - Safety: The system shall prevent cell overvoltage/undervoltage and maintain cell voltages within safe operating limits. - Scalability: The solution shall be applicable to large-scale BESS installations, with proven balancing performance at module, rack/string, and enclosure levels. - Technology: The Bidder may adopt either (i) off-the-shelf active balancing ICs and reference designs (e.g. flyback, Cuk, or equivalent topologies) or (ii) custom circuit designs, provided they meet the above performance requirements. - Evidence: The Bidder shall submit technical documentation demonstrating balancing current capability, topology used, efficiency under load, and references of prior successful implementations in comparable BESS projects. The Bidder shall provide details of its proposed solution for SoC calibration and balancing at cell, string, and enclosure levels. | F22: * | G22: Bidder to provide details of the BMS architecture of its proposed system solution, including levels of DC protection and how cell balancing will be maintained. If not compliant with these requirements, Bidder to record deviations/limitations of its proposed solution to meet these requirements. | H22: To be included in the technical offer
B23: B.4 | C23: Battery ancillaries: Thermal management system/HVAC | E23: The batteries and/or the enclosures shall be fitted with thermal management systems suitably sized as described in [D.9]. The thermal management system shall be liquid cooled, and shall be highly-reliable, energy efficient and operate over the full range of ambient conditions on site. The Bidder shall provide integrated leak detection and alarm functionalities, connected to the SCADA system. The Bidder shall use non-ozone depleting refrigerant and shall not use any refrigerant that is either banned or likely to be banned in the near future in Poland. The Bidder shall seek to minimise the Global Warming Potential (GWP) of any refrigerant gasses it uses. If use of F-gasses is unavoidable, the Bidder shall ensure it has access to necessary quota allocations or other import requirements necessary for use of these gasses in Poland. The Bidder shall ensure that all refrigerants used comply with EU Regulation 2024/573 (F-Gas Regulation) and the Polish Environmental Protection Law. Refrigerants shall be selected and applied in accordance with EN 378 / ISO 5149 and ISO 817 safety classifications, with preference for low-GWP alternatives. Where liquid cooling systems are adopted, the HVAC systems shall be designed with an oversizing factor of 20–30% above the calculated thermal load, to ensure redundancy and reliability under extreme operating conditions. The bidder is requested to provide details of the power consumption and thermal removal capability of the BESS thermal management system. | F23: * | G23: Bidder to provide details of its HVAC/thermal management solution. If not compliant with these requirements, Bidder to record deviations/limitations of its proposed solution to meet these requirements. | H23: To be included in the technical offer
B24: B.5 | C24: Battery ancillaries: Thermal event / fire detection and protection | E24: The plant shall include an integrated fire and explosion protection system, comprising detection of over-temperature, heat, smoke, gas (off-gas/flammable) and humidity, with all sensors connected to SCADA. The fire alarm system, automatic and manual, shall provide both on-site audible/visual cues and remote alarms. A dedicated fire safety panel shall activate alarms, initiate suppression sequences, trigger emergency shutdown, and interface with the SCADA system. The Bidder’s fire protection solution shall align with the fire safety strategy and risk assessment [D.8] and dovetail with the site-wide fire safety strategy, in coordination with the local fire and rescue service. The Contractor shall design, supply, and construct all required fire walls, containment, and other mitigations arising from its risk assessments. Fire suppression systems shall be mandatory in all battery enclosures. Each enclosure shall be fitted with either an aerosol or gaseous fire suppression system; one of the two technologies shall always be implemented. If gaseous system is adopted, the Bidder shall justify its effectiveness and duration of action; suppression agents must be non-ozone depleting, eco-friendly, safe, and freely available in Poland without licensing. The Bidder shall supply and install suitably-rated fire alarm cables, fire panels, and a suitable number of portable fire extinguishers located in strategic, well-marked positions. Battery enclosures shall be equipped with gas, temperature, and humidity sensors, integrated with the SCADA system for continuous monitoring. Ventilation systems shall be designed to maintain flammable gas concentrations below 25% of the Lower Explosive Limit (LEL). A dedicated fire safety panel shall be provided to activate alarms, initiate suppression sequences, trigger emergency shutdown, and interface with the SCADA system. A gas alarm shall be triggered when concentrations reach 25% of the LEL, with local and remote alarms via SCADA. For aerosol fire suppression systems, each unit shall be fitted with an external LED indicator confirming discharge activation. The Bidder shall provide updated A3-format site plans and fire intervention plans for the fire services. | F24: * | G24: Bidder to provide details of its fire detection and protection solution. If not compliant with these requirements, Bidder to record deviations/limitations of its proposed solution to meet these requirements. | H24: To be included in the technical offer
B25: B.6 | C25: Battery enclosures | E25: The batteries shall be housed in suitable non-walk-in, IP55 or better rated, ISO containers, equipped with integrated overpressure vents. The colour of the containers/enclosures shall be adaptable to comply with the Planning Permission and it shall be possible to attach a logo to the sides if required. If gaseous fire suppression systems are proposed, the Bidder shall be responsible for providing any appropriate testing of the enclosures as may be required by the fire suppression system OEM (e.g. room integrity tests, etc.). The Bidder shall provide the civil works, foundations, and earthing for the battery enclosures. The Bidder shall be responsible for designing the foundations and earthing system, and for the offloading and installation of the equipment on site, including provision of cranes or other lifting equipment. Battery enclosures shall be equipped with blast panels, motorised louvres, and explosion-proof fans, designed in compliance with ATEX requirements. The Bidder shall provide a detailed site layout showing the arrangement of HV Substation and all battery containers. The Bidder shall supply all bespoke or non-standard bracketry or fixings where required to fasten its equipment to the provided foundations. The Bidder shall install clear signage and container identification plates. | F25: * | G25: Bidder to provide details of its battery enclosure solution. If not compliant with these requirements, Bidder to record deviations/limitations of its proposed solution to meet these requirements. | H25: Details of the battery enclosure solution
B26: B.7 | C26: BESS Layout and distances | E26: The Bidder shall provide a detailed site layout showing the proposed arrangement of the HV substation, battery containers/enclosures, PCS units, transformers, switchgear, access roads, fire brigade access routes and all associated equipment. The layout shall be designed in accordance with applicable Polish laws and regulations, the building permit, environmental decision, fire safety requirements, PSP requirements, Grid Connection Conditions, equipment manufacturer requirements and Good Industry Practice. | F26: * | G26: The Bidder shall provide a detailed site layout showing the proposed arrangement of all equipment, Bidder to record deviations/limitations of its proposed solution to meet these requirements. | H26: Detailed site layout showing the arrangement of the HV Substation, Battery Containers, PCS units, and associated equipment.
B27: B.8 | C27: Power Conversion System (PCS) | E27: The PCSs shall either be internal to the battery enclosure or be installed in a separate enclosure, with IP55 rating or better, either independently or as part of a shared skid arrangement with transformer and ring main unit. The PCS shall be suitably rated to meet the combined BESS active and reactive power requirements at the POC as well as DC and AC operating voltage ranges, considering system losses and auxiliary load requirements, see [C.3]. The PCS shall have sufficient reactive power capability, fault ride through capability, and any other capability needed to meet the Grid Connection Agreement and the EU Regulation (EU) 2016/631 (RfG) requirements for the site, as well as any specific requirements described in the Grid Connection Agreement and the EU Regulation (EU) 2016/631 (RfG) as described in [C.2]. The PCSs shall have a suitable response time and power conditioning capability to meet the response time and accuracy requirements as described in [C.9 & B.18]. The PCS shall be suitably specified to avoid any temperature-driven power limitation across the ambient temperature range for the site. The PCS shall be equipped with suitable DC protection. If the PCSs are not connected directly to their respective transformers with enclosed bus bars (e.g. if they are not skid-mounted together with transformers), then the design shall carefully consider the protection of the LV cables between the PCSs and the transformers, including earth fault and partial short circuit detection as well as the potential for induced currents into the earthing system. As detailed further in [C.1], the Employer is considering optionality to provide Restoration (black start) services and the Bidder shall consider this optional functionality when specifying the PCS and shall outline what functionality is available as part of its bid. The Bidder shall provide the civil works, foundations, and earthing for the PCS, transformers, and RMUs. The Bidder shall be responsible for designing the foundations and earthing system and for the installation of the equipment on site, including provision of cranes or other lifting equipment. | F27: * | G27: Bidder to provide details of its proposed PCS solution. If not compliant with these requirements, Bidder to record deviations/limitations of its proposed solution to meet these requirements. | H27: Datasheet of the PCS
B28: B.9 | C28: Feeder transformer (LV to 33 kV ) | E28: The Bidder shall supply the MV feeder transformer(s) for the BESS to step-up voltage from the PCS LV AC voltage to 33 kV, in accordance with PN-EN 61936-1 and EN/IEC 60076 standards. The MV feeder transformer(s) shall either be part of the packaged PCS solution under [B.8] above (i.e., if a skid solution is supplied) or will be a separate pad-mount transformer. The Bidder shall provide details of the proposed PCS/transformer/RMU solution – i.e., whether a skid solution is supplied or a pad-mount solution is supplied. The transformer shall be suitably rated to meet the combined BESS active and reactive power requirements for that circuit, including any associated ancillary loads. Only oil-immersed transformers shall be used, complying with EN 50588-1 / Ecodesign Regulation (EU) 548/2014 as amended by (EU) 2019/1783 (eco-design requirements for power transformers). The Bidder shall additionally design and supply suitable bunding and rainwater drainage with oil filters/traps as required. The MV switchgear associated with the transformer(s), including circuit breakers, shall be withdrawable and motor-operated. The Bidder shall provide the civil works, foundations, and earthing for the transformers, and shall be responsible for designing the foundations and earthing system, as well as for the installation of the equipment on site, including provision of cranes or other lifting equipment. Where oil-filled transformers are selected and where site layout and risk assessments dictate, the Bidder shall additionally design and install any required fire or explosion containment systems, in compliance with Polish regulations (PN-EN 61936-1). Purely for the purposes of its bid, pending detailed design, the Bidder shall assume that the transformer is part of a skidded solution with the PCS, and therefore its foundation, earthing, containment, and installation requirements are already covered as provisionally outlined in item [B.8]. | F28: * | G28: Bidder to provide details of its proposed transformer solution. If not compliant with these requirements, Bidder to record deviations/limitations of its proposed solution to meet these requirements. | H28: Details of the proposed PCS/transformer/RMU solution
B29: B10 | C29: Energy Management System (EMS), and SCADA | E29: The Bidder shall supply, install, and commission a energy management system (EMS) Power Plant Controler (PPC) for the BESS project. The PPC will be housed in the Control Room [B.14]. The BESS control system shall include a PPC and SCADA with the following functionalities: - Independently control BESS, meeting response time and accuracy for specified services [C.1], addressing latency and loss compensation between AC LV PCS and 220 kV POC. - Optimize battery charge/discharge, monitor conditions, and trigger alarms for critical parameters or equipment unavailability. - Monitor and record parameters, including module/cell temperature, current, voltage, power, energy, frequency, and battery SOH, as required for warranties. - Automatically manage SoC to minimize differential across PCS-connected batteries and recalibrate SoC measurements. - Maintain stable SoC during 0 MW setpoints by compensating for auxiliary consumption from primary or PCS internal systems, ensuring that the SoC does not fall due to auxiliary consumption. - Deliver grid-specified services [C.1], including frequency response, and collaborate with RtM providers for dispatch. - Store operational data locally for at least 2 months with cloud back-up of historical data. - Ensure PPC and SCADA achieve [99.9%] availability via hardware and software redundancies. - Specify manual balancing requirements, frequency, and duration based on operational experience. - Monitor and calibrate SoC at all levels, providing details on measurement and balancing methodologies, and report average SoC measurement accuracy at specified levels (e.g., 20%, 50%, 90%). The Bidder shall provide an integrated SCADA system for monitoring and controlling all BESS equipment, including tracking live and historic component conditions. This system shall be designed as a single cohesive SCADA architecture for the site and supply the necessary hardware (e.g., switches, routers, RTUs). The SCADA system shall enable remote monitoring and resetting of circuit breakers. The Bidder shall deliver all necessary signals and data for protection, control, and metering. The Bidder shall supply, install, and terminate all communication cabling to the signals panel in the LV Control Room, and provide LV power supplies, including back-up, to power the PPC and SCADA. The Bidder shall also connect all CTs and VTs for 33 kV power and frequency metering. The Bidder shall design and supply hardware and software to provide operational metering, fault recording, and all requirements per the Connection Agreement, Grid Connection Agreement, and applicable Polish grid code requirements. The EMS/SCADA shall support the telecontrol interface, signal list and remote control functions required by the Operator and described in [B.1.b], including the five (5) second refresh rate and the local duplication of all remotely controlled functions. Bidder will propose advanced PPC functionalities that could enhance system performance and operational efficiency. These may include, but are not limited to: - State of Charge recalibration and balancing through controlled energy transfer between PCS-connected battery groups, to minimise SoC differentials and maximise usable capacity. - Dynamic disconnection of PCS units at low setpoints, ensuring that operating PCS units function at their optimal efficiency range rather than all operating at partial load. - Round Trip Efficiency optimisation, whereby charge/discharge strategies are adapted to the actual performance and efficiency curves of the PCS and battery modules, maximising overall system efficiency. The Bidder shall describe in detail which advanced functionalities are proposed, the methods by which they will be achieved, and any limitations or prerequisites. | F29: * | G29: Bidder to provide details of its proposed control and monitoring solution (incl. EMS, SCADA). The Contractor shall provide evidence that the proposed PPC platform has been successfully commissioned and passed equivalent compliance tests on at least [2] reference installations of similar capacity connected to the same Network Operator, or to a TSO with equivalent technical requirements. Reference installation details shall include: site name/location, capacity (MW/MWh), connection voltage level, date of MSI, and confirmation of successful compliance test completion The SCADA Architecture list must be provided at tender stage If not compliant with these requirements, Bidder to record deviations/limitations of its proposed solution to meet these requirements. | H29: To be included in the technical offer
B30: B.10.bis | C30: HV Substation - SCADA/RTU | E30: The Bidder shall design, supply, configure, and commission the HV substation SCADA/RTU. The system shall supervise all HV substation equipment, including 220 kV bays, grid transformers and auxiliaries, 33 kV switchgear, protection relays, and metering. The Bidder shall carry out SCADA engineering, database configuration, FAT and SAT, and deliver all documentation required by PSE. The system shall provide secure communication with the EMS/BESS SCADA and with PSE, in accordance with PSE requirements. The Bidder shall provide agreed datasets (measurements, alarms, events, and statuses) from the EMS/BESS SCADA to the HV substation SCADA/RTU, and shall support testing and point-to-point validation. Cybersecurity shall follow IEC 62443, with segregated networks for protection, control, and monitoring. TSO grid connection conditions (PSE, July 2024): the Bidder shall design, supply, install, test and commission two (2) sets of teleprotection systems, one at each end of the 220 kV line connecting the Storage Facility bay to the busbar bridge, on the basis of design documentation agreed with the Operator, the list of transmitted signals being subject to the Operator's agreement. The protection relays installed in the User's 220 kV switchgear shall be of the same manufacturer as, and compatible with (including software), the devices installed in the PSE substation, and shall be on the Operator's list of devices approved for use in the KSE The Bidder shall refer to the full TSO grid connection conditions for the complete set of requirements and shall comply with them in their entirety. | F30: * | G30: If not compliant with these requirements, Bidder to record deviations/limitations of its proposed solution to meet these requirements. | H30: N/A
B31: B.11 | C31: 33 kV switchrooms (inside BESS compound) | E31: The Bidder shall construct and fit-out the 33 kV switchrooms for the project, including all civil works, house electricals, SCADA-linked smoke and fire detection/alarm and LV supplies. The switchrooms shall house the project 33 kV switchgear, 33 kV protection panels and associated auxiliaries (e.g. 110V battery chargers etc). The wider 33 kV configuration (and it's interfaces with the 220KV design as discussed in ) shall be for the Bidder to propose and subsequently optimise along with the final number of switchgear equipment and panels required. The switchroom building structures shall provide a suitable temperature and humidity environment for the safe operation of the equipment housed (using HVAC and insulation). The switchgear shall be designed with provision for future extension bays to allow cost-efficient capacity augmentation and additional feeders without major disruption to existing works. The 33 kV configuration and protection philosophy shall also ensure operational flexibility, such that in the event of the outage of one HV transformer(220/33 KV), the Project loads may be transferred and supplied via the remaining transformer (subject to its capacity). | F31: * | G31: If not compliant with these requirements, Bidder to record deviations/limitations of its proposed solution to meet these requirements. | H31: N/A
B32: B.12.a | C32: HV substation - Grid transformers (220/33 kV) | E32: The bidder shall supply the HV substation grid transformer for the project 220/33 kV. The following summarizes the main technical specifications : General Characteristics • Type: Power Transformer, Oil-immersed step-up, outdoor installation. • Application: Grid Transformer for a BESS (Battery Energy Storage System) site. • Design Standard: Full compliance with IEC 60076 & Polish Transmission Grid Code (IRiESP) • Rated Power: 75 MVA • Voltage Ratio: 220/33 kV • Frequency: 50 Hz. • Vector Group: YNd11 (HV star with neutral, LV delta). • Efficiency: Must meet ECO Tier II Peak Efficiency Index | Regulation (EU) 548/2014 as amended by (EU) 2019/1783, Tier 2 • Service Life: Minimum 40 years. Cooling & Insulation • Cooling Type: dual ONAN/ONAF rating with ONAN operation at 0.75 × Sr within IEC 60076-2 temperature rises o Insulating Oil: Mineral oil per IEC 60296 (uninhibited or inhibited) • Bushing: HV bushings Key Components • On-Load Tap Changer (OLTC): *Vacuum type per IEC 60214-1 with 21 positions . o Minimum 300,000 operations before maintenance. o Ester-compatible with a global service network. • MV Connection: Overhead MV connection via gantry o Protection: IP54 (min). o Terminals: Palm/bolted with copper bars. • Instrument Transformer: Tank-Earth CT per IEC 61869-2. TSO grid connection conditions (PSE, July 2024): the 220 kV upper voltage winding of the grid transformer shall be suitable for operation with both an earthed and an isolated neutral point on the high voltage side; the 220 kV network operates with an earthed neutral point. The neutral point operating requirements will be confirmed by the Operator's protection department at the stage of agreement of the EAZ setting cards.The Bidder shall refer to the full TSO grid connection conditions for the complete set of requirements and shall comply with them in their entirety. | F32: * | G32: If not compliant with these requirements, Bidder to record deviations/limitations of its proposed solution to meet these requirements. | H32: N/A
... B34: B.12.c | C34: HV substation - Grid transformers (220/33 kV) - Accessories and testing | E34: The bidder shall test all Equipments of the HV substation grid transformer and ensure compliance with PSE (TSO) specifications. All testing shall be conducted following the IEC 60076, The bidder shall whitness all testing (FAT & SAT). • Inrush Current: Voltage dips must remain within acceptable limits at the connection point. • FAT/SAT: Supporting and assisting with Factory Acceptance Testing and Site Acceptance Testing per IEC 60076, including full quality documentation review. • Spare Parts: Guaranteed availability for at least 10 years from the date of commissioning. The FAT shall last at least two (2) days with the transformer fully assembled and wired; the complete factory test programme shall be issued to the Owner at least two (2) months before the tests. Tests shall include, as a minimum: routine tests per IEC 60076 at minimum, nominal and maximum tap positions, OLTC tests, insulating liquid tests, bushing CT tests, pressure withstand test, SFRA per IEC 60076-18 (repeated on site after erection and oil filling), noise level per IEC 60076-10, initial and post-filling DGA, FDS, partial discharge measurement, thermal test per IEC 60076-2 in ONAN and ONAF, calibration of the Buchholz relay and of the oil and winding temperature indicators. Test reports shall state acceptance criteria, guaranteed values and measured values. | F34: * | G34: If not compliant with these requirements, Bidder to record deviations/limitations of its proposed solution to meet these requirements. | H34: N/A
B35: B.12.d | C35: HV substation - transformer delivery, erection and warranty milestones | E35: For the HV/MV grid transformer, delivery to site, complete erection, oil filling, on-site testing and availability for connection shall be achieved no later than the beginning of February 2028, in accordance with the schedule approved by the Employer. The transformer and its accessories shall be guaranteed for 24 months after commissioning and at the latest 30 months after delivery, with warranty extension to 10 years and to 15 years priced as options. Transformer spare parts shall be priced separately and per unit (neutral connection terminal, MV phase bushing, complete set of gaskets, OLTC motor, OLTC electronic control board, Buchholz relay, oil level indicator, cooling fan assembly, PT100 sensor, HV bushings). Oil filling shall reach a particle class equal to or better than ISO 4406 15/12/9 and all post-erection checks of the Employer's transformer specification shall be carried out.
B36: B.13 | C36: HV substation - 220/33 kV compound | E36: The Bidder shall procure, construct and fit out the Employer's HV substation compound(s) to house the 220 kV equipment. This will include the 220 kV transformers and all supporting 220 kV balance of plant such as earthing transformers, CTs, VTs, switchgear and associated support structures, bus bars, cabling, foundations, fencing, cable trenching, bunding and drainage. This will also include responsibility for specifying, designing, constructing and commissioning all civil and mechanical, electrical and plumbing (MEP) elements associated with the 220 kV compound(s). The Bidder is expected to configure/optimise the number, design and layout of the 220 kV transformers and other 220 kV equipment. The layout submitted for planning purposes and attached to this ITT assumes this 220 kV compound. | F36: * | G36: If not compliant with these requirements, Bidder to record deviations/limitations of its proposed solution to meet these requirements. | H36: N/A
B37: B.14.a | C37: HV Substation – Control Building (Control Room, TSO Room, LV Distribution) | E37: The Bidder shall design, construct, and fit out the HV Substation Control Building, including civil works, house electricals, HVAC, fire detection/alarm, and auxiliary power. The HV Substation Control Building shall include: - A Control Room with EMS/BESS SCADA, HV SCADA/RTU, protection and metering, LV distribution, UPS, and comms cabinets. - A 33 kV Switchgear Room (see B.15). - A dedicated TSO Room with secured access and partitioning. The Bidder shall provide and commission the following equipment in the Control Room: - The Bidder’s EMS. - The HMI for the SCADA and comms cabinets as required. - Fire panels for the BESS equipment (where required). - Associated connections to primary and backup communications systems. The Bidder shall provide LV supply distribution within the Control Room, including AC/DC panels, UPS, and battery charger, integrated with building auxiliary services. The final design of the Control Building and auxiliary distribution shall be cost-effective, performance-optimized, and shall propose strategies for efficient future capacity augmentation. Building finishes and protection: - Floors and a 1.5 m upstand on all internal walls shall be treated with epoxy anti-dust paint. - The remaining walls and ceilings shall be finished with acrylic industrial paint suitable for electrical rooms. - All structural steelwork, metallic frames, and equipment supports shall be provided with a C5M anti-corrosion protection system in accordance with ISO 12944, ensuring durability in marine/industrial environments. Ventilation and HVAC: - The ventilation system shall be designed to ensure adequate cooling, air exchange, and dust control for electrical and control equipment. - Ventilation inlets shall be equipped with at least G3 filters, compliant with EN 779 (or its successor EN ISO 16890). - HVAC shall be integrated with the building’s auxiliary power system and designed for redundancy where required. The TSO Room and its associated interfaces shall be provided in accordance with TSO requirements. | F37: * | G37: If not compliant with these requirements, Bidder to record deviations/limitations of its proposed solution to meet these requirements. | H37: N/A
B38: B.14.b | C38: Buildings and technical rooms - detailed requirements | E38: The control building and technical rooms shall be provided with: mechanical ventilation with heat recovery in each room (natural ventilation where the equipment does not require otherwise); external metal doors with a three-point locking system and panic bar; low-consumption recessed luminaires, emergency lighting units in front of each exit including the cable room and portable autonomous waterproof intervention units; a reversible air-conditioning system maintaining 15 degC to 25 degC continuously in all rooms, with status reported to the control system and an alarm on malfunction; sealing of all external openings against insects, rodents and water ingress. The MV room shall include a lower-level cable gallery with two access hatches at opposite ends fitted with guardrails and locking in the open position, lighting with switches at both levels, bonding of all metallic parts, cable trays under each MV panel rated for short-circuit forces, a floor water-detection system with sump pit and lifting pump, and a table and stool for a laptop. The LV / control room shall include 16 A sockets in the raised floor, RJ45 sockets at the HMI desk and the final detailed single-line diagram displayed in A0 format. | F38: * | G38: If not compliant with these requirements, Bidder to record deviations/limitations of its proposed solution to meet these requirements.
B39: B.15 | C39: HV substation - 33kV switchgear | E39: The Bidder shall supply, install and commission the 33 kV switchgear within the HV Control Building, including: - Indoor 33 kV panels, designed in accordance with IEC 62271-200 / EN 62271-200 (AC metal-enclosed switchgear and controlgear for rated voltages above 1 kV and up to 52 kV). SF₆-insulated switchgear is permitted for 33 kV applications, subject to compliance with applicable regulations and Employer approval. - Protection relays, metering, and interlocks, in compliance with IEC 60255 (protection relays) and PSE requirements. - Connection to transformers, auxiliary systems, and HV SCADA/RTU. - Interfaces with EMS/BESS SCADA as required. - Compliance with all applicable standards, including PN-EN 61936-1 and PN-HD 60364 (Polish HV/LV installation standards), IEC 61936-1 / EN 50522 (earthing of power installations), and the latest PSE specifications and grid code requirements. The switchgear shall be designed with provision for future extension bays to allow cost-efficient capacity augmentation and additional feeders without major disruption to existing works. | F39: * | G39: If not compliant with these requirements, Bidder to record deviations/limitations of its proposed solution to meet these requirements. | H39: N/A
B40: B.16 | C40: Auxiliary supply | E40: There shall be two forms of auxiliary power supply for the project: Primary Auxiliary Power and Back-Up Auxiliary Power. The Bidder shall: 1) Primary Auxiliary Power (Genset) - Supply power for all BESS auxiliary loads from the main site supply. - Supply, install, and commission LV supply from the 33 kV metered BESS auxiliary feeder, including transformer, LV panels, and cabling. - Provide auxiliary power to serve all auxiliary loads. - Allow for integration of the auxiliary metering with the EMS for control (comms cabling). - Provide protection for the auxiliary transformer (TF). - Identify and quantify safety/security-critical loads requiring backup power, specifying delivery methods (e.g., dual connections or internal load-shedding). - Ensure auxiliary power consumption is properly measured and accounted for in EMS control algorithms. 2) Back-Up Auxiliary Power (2h UPS) - Provide a 2-hour UPS system sized to supply only critical safety and control loads (e.g., SCADA, EMS, fire detection, communications, security systems), with automatic changeover switches and interlocks. - Provide a connection point for a back-up generator with manual switchover in the customer substation. - Ensure the backup design prevents non-critical loads from excessively burdening backup power. The Bidder shall assume that no LVAC supply is available until the auxiliary transformer (TF) has been commissioned. The Bidder shall evaluate the annual auxiliary consumption of the site in its Technical Offer. Ensure the UPS and genset systems are coordinated such that: - The UPS maintains uninterrupted supply to critical loads until the genset is available. - The genset restores supply to all auxiliary loads after start-up. - Non-critical loads do not burden the UPS but are fully supported by the genset once operational. TSO grid connection conditions (PSE, July 2024): the Storage Facility shall have a reserve supply for its own auxiliary needs, to the extent agreed with the Operator.The auxiliary supply arrangement shall be designed so that no coupling can occur between the 220 kV network and the MV or LV network of the local distribution system operator. The Bidder shall refer to the full TSO grid connection conditions for the complete set of requirements and shall comply with them in their entirety. | F40: * | G40: If not compliant with these requirements, Bidder to record deviations/limitations of its proposed solution to meet these requirements. The bidder shall confirm the required power to cover the auxiliaries as well as the site facilities (construction compound, offices, amenities) or other needs during the different phases of construction. | H40: N/A
B41: B.17 | C41: Site Auxiliary Controls | E41: The Bidder shall supply control interfaces for auxiliary systems associated with the BESS equipment. These may be interfaced through the battery power control system [B.10] or independently connected to separate site-wide control systems. This shall include: - Fire alarm and suppression system inputs/outputs on the equipment. - Auxiliary thermal management control and monitoring requirements. - Linked security systems. - Any other auxiliary systems not directly relevant to battery power control. The Bidder shall ensure safe control management of all site-wide auxiliary systems. The Bidder shall design and supply a site-wide integrated fire alarm system, which shall interface with the fire detection systems within all BESS equipment and provide an integrated on-site alarm and visual cue system, as well as remote alarms. | F41: * | G41: If not compliant with these requirements, Bidder to record deviations/limitations of its proposed solution to meet these requirements. | H41: N/A
B42: B.18 | C42: Metering: operational / performance and frequency metering | E42: The Bidder shall provide all necessary power and energy metering: -At the battery rack/BMS level and PCS level, necessary for operational monitoring and metering for performance testing under sub-supplier warranties. -As required for control when performing the specified services listed in [C.1], using connections to the CTs and VTs at 33 kV (including frequency measurement). -At the 220 kV connection point, the Bidder shall provide both revenue and operational metering, fully compliant with the PSE metering and settlement rules (IRiESP) and per IEC 61869. -TSO grid connection conditions (PSE, July 2024): the Bidder shall install a primary and a reserve electricity metering and settlement system at the locations shown in the connection conditions, together with redundant data transmission to the Operator's reading system. The electricity meter and the power quality analyser of the primary system are supplied by the Operator; the Bidder shall supply the power quality analyser of the reserve system (measurement class A to PN-EN 61000-4-30) and all data transmission equipment, and shall bear the cost of purchase and commissioning of the equipment it owns. The Bidder shall refer to the full TSO grid connection conditions for the complete set of requirements and shall comply with them in their entirety. All power, frequency, and signals monitoring supplied shall be of suitable accuracy, resolution, and data rates to meet the requirements of the specified services listed in Section [C], and as specified in the relevant service description, Grid Connection Agreement, applicable Polish grid code requirements. All metering and power monitoring shall be fully integrated with the SCADA system. The Bidder shall supply and install all the VTs and CTs as specified in the TSO's specifications. The Bidder shall connect the VTs and CTs and all required communications to the Control Room shall coordinate CT/VT classes, burdens, and routes with TSO. | F42: * | G42: If not compliant with these requirements, Bidder to record deviations/limitations of its proposed solution to meet these requirements. | H42: N/A
B43: B.19.a | C43: Cabling (LV & HV AC, DC and Comms) | E43: The Bidder, under its full EPC scope, shall be responsible for specifying, supplying, installing, and terminating all power, communications, and safety cables external to the all the equipment installed, including the BESS equipment enclosures. The Bidder shall also consider and comment on the pros and cons of installing additional DC, LVAC, and communications cables and/or solely ducting in support of future augmentation, as per requirements of [C.14]. All cabling shall be sized and specified in accordance with the results of the electrical studies and the intended operational conditions of the Works. All site cabling shall be installed in buried protective ducts (fourreaux enterrés) and the use of exposed cables laid in open air shall be strictly avoided. All cable ducts shall be mechanically protected against accidental impact. The installation of covered trenches or covered above-ground trays shall only be permitted where strictly required, and the Bidder shall notify the Employer of such locations in its design documentation and obtain the Employer’s prior approval. The design shall explicitly consider: - Ease of future maintenance and augmentation. - Free movement of personnel and machinery with minimal obstructions. - Site-specific environmental and ambient conditions. The following specific requirements shall apply: - All cables shall have at least water resistance corresponding to IPX8 or AD8 (continuous immersion) when installed in ducts, in accordance with PN-EN 60529 (IEC 60529) and the applicable PN-EN cable standard. - HV cabling: Bidder shall supply, install and terminate all cabling from the RMU (or the 33 kV side of the MV transformer if applicable) onwards inclusive of any 220KV cabling. - LV AC cabling: Bidder shall supply and install and terminate all LV cabling for the auxiliary supplies. See also [B.13] for initial assumptions for the purposes of this tender. - DC cabling: Bidder shall be responsible for specifying, supplying, installing and terminating the DC cables between the battery enclosures and the PCSs. - Communications cables: Bidder shall be responsible for the supply and installation and termination of all external communications cables (e.g. between battery enclosures, PCSs, Control Room etc.) and between all elements of Bidder's scope. (Bidder should assume that these will include multicore ethernet and fibre) - Fire cables: Bidder shall be responsible for the supply and installation and termination of all external fire system cables (e.g. from all enclosures or fire panels to central fire panels and SCADA system etc.) - All cable entries into buildings, containers, enclosures, or underground ducts shall be fully sealed and watertight. The Bidder shall provide modular sealing systems of the Hauff-Technik type (or equivalent approved), ensuring protection against water ingress, gas, fire, and rodent intrusion. | F43: * | G43: If not compliant with these requirements, Bidder to record deviations/limitations of its proposed solution to meet these requirements. The Bidder shall provide the technical assumptions used for cable sizing. The proposal must clearly define the intended installation methodology (e.g., direct burial, cable trays, or conduits). | H43: N/A
B44: B.19.b | C44: LV panels, cabinets and terminal blocks | E44: LV cabinets shall not be filled more than 90% and their cable ducts not more than 80%. All external connections, including Ethernet and fibre optic links, shall be made on terminal blocks. Terminal blocks for large-diameter cables shall accommodate cable stiffness (nut and eyelet lug type). Spring-loaded terminal blocks shall accept a banana plug for testing. PLC and protection spare inputs and outputs shall be brought to terminal blocks. Cabinets receiving measurement transformer circuits shall be fitted with ESSAILEC-type test blocks, with short-circuiting provisions on CT circuits ensuring continuity of measurement. Forced-ventilated cabinets shall have washable filters.
B45: B.19.c | C45: Identification, labelling and marking | E45: All equipment, cabinets, cables and cable trays shall be marked. Cables shall be marked at each end, then every 25 m and on either side of each wall crossing, using irremovable and indelible systems indicating origin, destination and cross-section, with coloured labels identifying the cable type. Final markings shall match the as-built diagrams. Each LV feeder of the main LV switchboard (RGNN) and of the control panels shall be labelled with the name and assignment of the equipment, and alarms shall be identified on protection relays with a physical front-panel display. | F45: * | G45: If not compliant with these requirements, Bidder to record deviations/limitations of its proposed solution to meet these requirements. | H45: N/A
B46: B.20 | C46: Earthing and lightning protection | E46: The Bidder shall undertake a detailed earthing study for the entire site, including soil resistivity measurements, soil studies and testing, in order to inform the earthing design. The Bidder shall design and install a suitable earthing system for the whole site in compliance with the following standards (but not limited to): - IEC 60364 (Low-voltage electrical installations – Part 4-41: Protection against electric shock, Part 5-54: Earthing arrangements and protective conductors). - IEC 61936-1 / EN 50522 (Power installations exceeding 1 kV AC – Earthing of power installations). - PN-EN 61936-1 / EN 50522 (HV earthing systems). - PN-HD 60364 (LV installations and earthing). - IEC 62305 (Protection against lightning). The earthing system shall include, but not be limited to: - All equipment within the full Bidder’s scope. - Any earthing transformers required. - All earthing bonds. - All connection points to any equipment as required. Where directed by the Bidder’s earthing study, the Bidder shall ensure that all structures, foundations, fences, and other site infrastructure are connected to the earthing system. The Bidder shall also include lightning protection in accordance with relevant standards. | F46: * | G46: If not compliant with these requirements, Bidder to record deviations/limitations of its proposed solution to meet these requirements. | H46: N/A
B47: B.21 | C47: Ground works, site roads, access and construction compound | E47: The Bidder will undertake all required groundworks including site levelling and ground preparation, installation of temporary fencing around the construction section of the site, appropriate access control, provision of laydown areas, construction offices (for both themselves and the Employer), stores, etc. The Bidder shall construct all internal site tracks for the BESS, including passing places, turning heads, bellmouths, and other features required to ensure access to all areas of the site. The site track layout design shall allow for safe entry and egress of personnel and vehicles and shall enable the use of heavy lifting and large haulage vehicles, emergency vehicles, and any other potential traffic that may require access to the plant areas during the lifetime of the plant. The Bidder shall be responsible for establishing and managing the construction compound during construction, including provision of cabins for offices and welfare as well as suitable parking, plant storage, water supply, power, broadband internet for site and laydown areas. The Bidder shall design and construct the service roads, fire access roads and manoeuvring areas in accordance with the Building Permit and approved fire safety design. The permitted layout includes service roads, fire roads and a manoeuvring area providing access to the BESS containers, PCS units, GPO substation and firefighting water points. Fire roads shall be hardened and designed with a minimum width of 4 m, or as otherwise required by the competent Polish authorities. | F47: * | G47: If not compliant with these requirements, Bidder to record deviations/limitations of its proposed solution to meet these requirements. | H47: N/A
B48: B.21bis | C48: Foundations and site drainage | E48: The Bidder shall design and construct the foundations, earthworks and drainage system in accordance with the Project’s Building Permit, Environmental Decision, geotechnical / hydrological studies, water-law requirements and all applicable Polish regulations. The drainage design shall address rainwater, surface water, groundwater, foul water and potentially contaminated water, including retention, infiltration, controlled discharge, oil separation and containment measures where required. The Bidder shall coordinate the drainage design with transformer oil containment, fire-water management, access roads, foundations, cable routes and maintenance requirements. | F48: * | G48: If not compliant with these requirements, Bidder to record deviations/limitations of its proposed solution to meet these requirements. | H48: N/A
B49: B.22 | C49: HV Substation - Foundation | E49: Design and construct reinforced concrete foundations and plinths for all HV substation yard equipment, including transformer foundations with oil containment bunds and sumps, fire walls where required, foundations for 220 kV gantries and primary equipment (disconnectors, CTs, VTs, surge arresters, earthing switches), auxiliary transformer bases, marshalling kiosks, and the Control Building. All works shall comply with IEC 61936-1, EN 50522, PN-EN 61936-1, and relevant PSE specifications. Civil works shall ensure integration with the earthing system, safe access for operation and maintenance, and provision of embedded conduits for cabling. | F49: * | G49: If not compliant with these requirements, Bidder to record deviations/limitations of its proposed solution to meet these requirements. | H49: N/A
B50: B.23 | C50: Fencing, gates and access | E50: The Bidder shall provide all suitable fencing with a minimum height of 2 m and gates for the BESS site, including any required around the Employer’s 220 kV HV compound(s). All fencing and gate designs shall comply with applicable standards and shall be agreed with the relevant planning authority. | F50: * | G50: If not compliant with these requirements, Bidder to record deviations/limitations of its proposed solution to meet these requirements. | H50: N/A
B51: B.24 | C51: CCTV & site security and lighting | E51: The Bidder shall provide a CCTV system ensuring full site coverage, including all necessary equipment such as DVR, monitor, UPS, and associated infrastructure. The Bidder shall provide adequate lighting in the vicinity of the Electrical Rooms and Control Rooms. The Bidder shall also provide lighting and site security for the BESS during both the construction and operational phases, in compliance with the applicable planning permission conditions. The Bidder shall also supply at least one mobile lighting tower (e.g., equivalent to a 139,200 lumens) wheeled portable lighting fixture to ensure safe illumination of the site during night-time or low-light conditions O&M works. | F51: * | G51: If not compliant with these requirements, Bidder to record deviations/limitations of its proposed solution to meet these requirements. | H51: N/A
B52: B.25 | C52: Tele-communication systems | E52: The Employer shall arrange the primary internet connection with a local provider (including static IP) up to the site boundary. The Bidder shall: - Provide details on the specification and bandwidth of telecommunications equipment required to support BESS control and monitoring. - Provide and commission all on-site cabling, equipment, and interfaces to the control systems. - Design and install a back-up communications system (e.g., satellite or 4G/5G). - Ensure all required links for PSE, SCADA, and internal network connections across the site are included. TSO grid connection conditions (PSE, July 2024): the Bidder shall provide redundant telecommunication links between the Storage Facility and the Operator's dispatching centres (KDM/ODM), capable of operating for at least twenty-four (24) hours without external power supply and with full redundancy maintained, covering teleprotection, protection, technological control and interlocking, information exchange and dispatching communication. A primary and a back-up dispatching voice communication system shall be provided at the Storage Facility control centre, hierarchically linked to the Operator's control centres in accordance with the IRiESP and Regulation 2017/2196. The Bidder shall refer to the full TSO grid connection conditions for the complete set of requirements and shall comply with them in their entirety. | F52: * | G52: If not compliant with these requirements, Bidder to record deviations/limitations of its proposed solution to meet these requirements. | H52: N/A
B53: B.26 | C53: Landscaping and reinstatement | E53: The Bidder shall reinstate the site upon completion of the works, performing all necessary landscaping and other required works on site in accordance with the requirements of the landowners and the planning consent conditions. The Bidder shall ensure that the design does not prevent nor hinder the ability of the employer to add future capacity. Under substation area : Surface Composition: Non-impermeable surfaces shall consist of a mix of 80% stone and 20% topsoil, finished via seeding. Vegetation Strategy: Planting species vary by zone as defined in the Phytosanitary Dossier. Meadow Areas: A "flowering meadow" seed mix must be used. Lawn Areas: Must utilize species of local ecotypes. Maintenance Requirements: Mowing shall be performed on a semi-annual or quarterly basis. To promote biodiversity, 10% of the total surface area must remain un-mowed (refuge zones). Note: Refer to the site plan in the annex 01 to distinguish between these two zones. The Bidder shall reinstate the site and implement all landscaping, surface finishing, ecological mitigation and planting measures required by the Project’s Building Permit, Environmental Decision, local planning conditions, landowner requirements and applicable Polish regulations. Landscaping shall be coordinated with the final site layout, fire access, fencing, drainage, cable routes, foundations, maintenance areas and future extension zones. Plant species shall be suitable for local Polish climate and soil conditions and shall not compromise electrical safety, access, drainage, maintenance or fire safety. | F53: * | G53: If not compliant with these requirements, Bidder to record deviations/limitations of its proposed solution to meet these requirements. | H53: N/A
B54: B.27 | C54: Spare parts containers | E54: The Bidder shall supply and fit out either one (1) 40 ft containers or an equivalent dedicated building, equipped with shelving, lighting, ventilation, and security features. The storage facility shall be used for all spare parts, tools, and consumables supplied under the Bidder’s scope of works. | F54: * | G54: If not compliant with these requirements, Bidder to record deviations/limitations of its proposed solution to meet these requirements. | H54: N/A
B55: B.28 | C55: Spare parts List | E55: The Contractor shall provide the following Spare Parts which shall be delivered as a pre-condition to Taking Over : -Battery modules - MV Fuses - Perimeter security camera - Perimeter Night Vision camera - Perimeter security (infrared/tembler) if installed - Industrial PC - Pre-configured router - UPS of each type filled - Industrial router/switch as fitted at each PMP - Auxiliary system: LV circuit breakers according to design (units for each type used) - Critical MV switchgear spares and MV terminations - Communication cables and fibre optic as installed - Fence* - Fence posts* - One complete set of the Inverter OEMs recommended spares (to be provided for comment prior to Mechanical Completion) - Inverter DC Fuses *if reasonably storable on site | F55: * | G55: If not compliant with these requirements, Bidder to record deviations/limitations of its proposed solution to meet these requirements. | H55: N/A
B56: B.29 | C56: End of life / battery disposal | E56: Pursuant to Regulation (EU) 2023/1542 of the European Parliament, and in accordance with the Polish battery and waste legislation implementing Regulation (EU) 2023/1542, the Bidder shall comply with the applicable Polish extended producer responsibility scheme for batteries and accumulators. The Bidder shall be registered with an approved Polish compliance scheme and shall assume full responsibility for the collection, dismantling, transport, recycling, and/or disposal of all battery cells and associated components at end of life, in compliance with the applicable Polish environmental permit conditions requirements where applicable. The Bidder shall explicitly state the mandatory recycling costs (covering battery modules) required under EU regulations. The proposal must clearly define the technical scope of these costs, specifying whether they include the dismantling of modules or are limited to processing after delivery to a recycling facility. Furthermore, the Bidder must specify the payment schedule for these recycling fees (e.g., upfront at delivery, upon commissioning, or at the end of life). The Bidder shall also clearly outline any additional end-of-life services or requirements it proposes (e.g. second-life applications, take-back programs, recycling traceability). | F56: * | G56: If not compliant with these requirements, Bidder to record deviations/limitations of its proposed solution to meet these requirements. | H56: Proof of registration with an approved Polish compliance scheme under the applicable EPR / battery and waste regulations. Written commitment confirming full responsibility for collection, dismantling, transport, recycling and/or disposal in compliance with Regulation (EU) 2023/1542 and applicable Polish battery, waste and environmental laws. Clear description of additional end-of-life services (e.g. second-life applications, take-back programs, recycling traceability) - in the technical offer
B58: C | C58: Services, key performance requirements and energy capacity sizing
B59: C.1 | C59: Specified services | E59: The BESS shall be designed to conform to the functional, technical, and performance requirements of the following services and applications (but not limited to): – PSE frequency ancillary services, including Frequency Containment Reserve (FCR) and Automatic Frequency Restoration Reserve (aFRR); – Capacity Market; – Balancing Mechanism; – Wholesale Market Energy Trading; – Reactive Power Service. In addition, the BESS design shall, where technically feasible, accommodate emerging grid-forming services, including but not limited to Virtual Inertia, Short Circuit Level (SCL) contribution, Electricity System Restoration (ESR/black start), Voltage Regulation, and Stability Market participation. The Bidder shall state the extent to which its solution can provide these services, describe any associated design considerations, and confirm the degree of support it can offer within its scope. Compliance with these services shall include meeting all relevant PSE requirements, including response speed, service testing, monitoring, communication, and data provision. All requirements shall be consistent with the Grid Code Requirements, Grid Connection Agreement, and the applicable regulations published by PSE, including technical specifications, communication standards, data provision, and operational testing protocols. The Bidder shall ensure that the proposed BESS is fully compliant with all applicable Polish and European regulatory, technical, contractual, and market requirements governing electricity markets, capacity mechanisms, balancing services, ancillary services, and reactive power obligations, as published and updated by the relevant authorities (including the TSO and the regulator). Power and energy capacity sizing requirements are defined separately in Section C (in particular [C.3], [C.4], [C.5], [C.6], and [C.14]). However, the Bidder shall also consider the service-specific requirements listed above, as well as those arising from the Grid Connection Agreement and Grid Code. The Bidder shall be fully responsible for ensuring that the BESS can meet these requirements, including performing all necessary compliance studies, service performance tests, documentation, simulations, and provision of test results. | F59: * | G59: If not compliant with these requirements, Bidder to record deviations/limitations of its proposed solution to meet these requirements. Bidders shall provide a detailed description of their active balancing system, including the operating principle, technical thresholds, and its specific impacts on both system performance and battery aging (SoH). | H59: N/A
B60: C2.a | C60: Grid compliance | E60: The Bidder shall be fully responsible for ensuring grid compliance of the project at the Point of Connection with PSE, in accordance with Regulation (EU) 2016/631 (RfG), the TSO's Grid Connection Agreement, and Grid Code requirements. TSO grid connection conditions (PSE, July 2024): grid compliance shall be demonstrated against the connection conditions issued by PSE S.A. for the Pabianice storage facility, the IRiESP, Regulation (EU) 2019/943 and the network codes adopted under Articles 59 and 61 thereof, Regulation (EU) 2017/2196 (NC ER), and the Regulation of the Minister of Climate and Environment of 22 March 2023 on the detailed conditions for the operation of the electricity system.The Bidder shall refer to the full TSO grid connection conditions for the complete set of requirements and shall comply with them in their entirety. Acting as compliance lead, the Bidder shall: – Liaise directly with the TSO (PSE). – Perform all compliance studies necessary to demonstrate conformity. – Provide, install, and commission all equipment, telecommunication and telecontrol interfaces, as well as all signals and data required by PSE. – Deliver all required electrical models of its equipment, as necessary to meet the Grid Connection Agreement and Grid Code. The Bidder’s solution shall demonstrate compliance with all operational modes specified in the Grid Connection Agreement and pass the associated test requirements, including ION, EON, FON, and ARD. If compliance studies determine that additional equipment (e.g., harmonic filters) is required, the Bidder shall supply and install such equipment within its scope, without additional cost. The Bidder shall state any assumptions made regarding existing electrical components in its offer, pending refinement during detailed design. | F60: * | G60: If not compliant with these requirements, Bidder to (i) record deviations/limitations of its proposed solution to meet these requirements, and (ii) outline grid compliance scope/risk it is prepared to assume. | H60: SLD (Single Line Diagram)
B61: C2.b | C61: Scope split and ownership demarcation with the TSO | E61: The connection conditions allocate the works between the Operator (PSE) and the User. The Operator builds the 220 kV bay and busbar bridge at the 220/110 kV Pabianice substation with its primary and secondary apparatus, adapts the substation, its busbar protection (ZSZ), breaker failure protection (LRW), station-wide systems and control and supervision system (SSiN), installs the control and balancing metering system, and supplies the electricity meter and the class A power quality analyser of the primary metering system. The Bidder's scope shall include everything on the User's side of the demarcation, and in particular: the 220 kV connecting line from the Storage Facility to the bay via the busbar bridge, including the cable approach equipped with the accessories required to disconnect and earth the line; the cable sealing ends, surge arresters and current bridges at the demarcation point; the teleprotection systems and travelling wave fault location system described in [B.10.bis]; the protection multiterminals in the 220 kV bay of the Storage Facility substation; the ODF optical distribution frame and the fibre optic links up to the connectors on the substation side; the primary and reserve metering and settlement systems described in [B.18]; and the telecommunication and dispatching voice systems described in [B.25]. The exact position of the 220 kV cable line in the bay, the bay number, the linear departure marking and the detailed technical solutions at the demarcation point shall be agreed with the Operator at the design stage. The Bidder shall provide the operating manual for all of the User's equipment installed in the PSE substation before its installation, and shall support the Employer in agreeing the instructions for the cooperation of the dispatching and maintenance services with the Operator and with the other parties connected to the busbar bridge. | F61: * | G61: Bidder to confirm that its scope covers the full extent of the User's obligations under the connection conditions and to identify any item it considers excluded. | H61: Interface schedule showing the split of supply, installation, testing and ownership at the demarcation point.
B62: C2.c | C62: Significant Grid User: island operation and black start | E62: The Storage Facility is classified as a Significant Grid User (SGU) under Regulation (EU) 2017/2196 and shall comply with Part III of Annex 1 to the Regulation of the Minister of Climate and Environment of 22 March 2023. The plant shall therefore be capable of island operation and of autonomous start-up (black start). Island operation shall include: operation in LFSM-O and LFSM-U from synchronisation power up to attainable power; activation of island mode both automatically as a function of frequency deviation (with the threshold set by the Operator) and manually on the instruction of the system operator; and participation in island operation both as the only source of supply and as one of several sources. Autonomous start-up shall include: completion of the start-up within the time and under the conditions agreed with the Operator; energisation of the de-energised network component to which the plant is connected; voltage control and reactive compensation of the connecting line; frequency control and acceptance of active power load during the start-up of the substation auxiliaries or other loads agreed with the Operator; and operation in LFSM-O, LFSM-U, FSM and in automatic voltage and reactive power control mode. The Bidder shall state in its offer the converter technology proposed to meet these requirements (in particular grid-forming capability), the associated limitations, and the scope and schedule of the tests required to demonstrate compliance under the system defence and restoration plans. The detailed technical arrangements and the switching threshold settings shall be agreed with the Operator at the design stage. | F62: * | G62: Bidder to confirm grid-forming / black start capability and to price it explicitly, stating any impact on the PCS selection, the auxiliary supply and the control system. | H62: Description of the black start and island operation concept, converter datasheets and proposed compliance test programme.
B63: C2.d | C63: Technical data, models and configuration control | E63: The Bidder shall provide, in the format required by the Operator and within the deadlines of the connection conditions, all technical and operational parameters and data needed to model the plant: the single line diagram of the Storage Facility, the technical data of the LV, MV and HV equipment including lines, switchgear, transformers, converters and storage units, rated (catalogue) data, and a full mathematical model including the short circuit model, together with the current parameters of the main equipment and of the control systems. Updated data shall be provided immediately whenever the design changes, and the final values shall be provided after the verification tests of the technical and operational characteristics. The Bidder shall carry out the measurements of the electrical parameters of the 220 kV cable line and provide them to PSE S.A. for line modelling and protection setting purposes. The connection conditions were issued on the basis of a defined configuration of storage units and converters. Any change to the storage units, energy storage devices or converters requires the prior written consent of the Operator and may be made conditional on an expert study, at the User's cost, confirming that the change does not adversely affect compliance with the connection conditions or the operation of the transmission network. The Bidder shall bear the cost and the schedule consequences of any such study and approval arising from the equipment it proposes. | F63: * | G63: Bidder to confirm the availability of validated PSCAD / RMS models of the proposed equipment, including the short circuit model, and the lead time for their delivery. | H63: List of models and technical data packages to be delivered, with the proposed delivery schedule.
B64: C2.e | C64: Operational obligations and constraints imposed by the TSO | E64: The Bidder shall design the plant, and the service provider shall operate it, so that the Employer can comply with the operational obligations of the connection conditions: - execution of reduction or complete shutdown instructions issued by the Operator for individual imbalance settlement periods, including where no compensation is payable to the User, with financial consequences for the Employer if an instruction is not implemented; the plant and its control systems shall be capable of implementing such instructions both remotely and locally; - provision of load forecasts (injection and withdrawal) to the Operator in the required standard, and compliance with the IRiESP requirements for commercial balancing, including access to the relevant planning and operation information systems; - compliance with the instructions for the cooperation of the dispatching and maintenance services agreed with the Operator, including the list of persons authorised to operate the plant and the means of communication required by NC ER; - in the event of the delivery point being switched off, identification of the location of the disturbance within eight (8) hours and, where the disturbance originates in the plant, immediate disconnection of the plant from the busbar bridge for the duration of the fault. The Bidder shall state the response times it can commit to for these obligations and shall reflect them in the service and maintenance agreement. | F64: * | G64: Bidder to describe how remote and local implementation of TSO instructions is achieved, and the associated response times. | H64: Description of the operating concept and of the interface with the Employer's dispatching and route-to-market arrangements.
B65: C2.f | C65: Temporary and final grid connection arrangements | E65: The Bidder shall include in its scope all works, studies, engineering, coordination with PSE, testing, commissioning support, documentation, disconnection, dismantling or modification of temporary works, reconnection, re-energisation and re-commissioning activities required for the Project to operate first under the temporary grid connection arrangement and subsequently under the final grid connection arrangement at the final Point of Connection, in accordance with the Connection Agreement and PSE requirements. | F65: * | G65: Bidder to confirm that its scope includes all activities required for both the temporary and final grid connection arrangements | H65: Description of the proposed temporary-to-final connection transition strategy
B66: C.3 | C66: Active Power | E66: The BESS shall support an active power import/export across the full operational envelope of grid requirements ([C.2]), the site temperature range, and for the full operational lifetime of at least : - 60 MW (Rated Power) at the 220 kV Point of Connection (POC) The BESS shall be capable of sustaining rated power at POC for : - a +2-hour charge followed by a 2-hour discharge ([C.5]) at Y0 (Begining Of Life). The Bidder shall ensure this performance at the POC after accounting for all efficiency losses and auxiliary loads (e.g., transformers, PCSs, auxiliaries). The Bidder shall estimate all electrical losses within its scope of supply and optimise its design accordingly. Any de-rating of rated power at the POC (e.g., due to SoC, temperature, or power factor) must be clearly specified. Active power control accuracy must be within 2% of rated power across the full power range for both charging and discharging. TSO grid connection conditions (PSE, July 2024): the connection capacity granted by the Operator is 60.77 MW in charging mode and 59.4 MW in discharging mode, measured at the point of connection and net of the plant's own consumption. The Bidder shall size and set the plant so that these values are respected in each direction and shall state the resulting guaranteed net values. | F66: * | G66: If not compliant with these requirements, Bidder to (i) confirm rated power of BESS at POC in MW, (ii) record deviations/limitations of its proposed solution to meet these requirements, and (iii) details of power de-rating if any. | H66: To be included in the technical offer
B67: C.4 | C67: Reactive power | E67: The BESS and associated electrical balance of plant shall be capable of importing and exporting reactive power across the full reactive power / power factor range (lead/lag PF) and voltage range required under the Grid Connection Agreement, measured at the Point of Connection (POC) in compliance with TSO's Grid Connection Agreement, and Grid Code requirements. This capability shall apply throughout the full operational lifetime, covering: - The full operational envelope of grid requirements ([C.2]). - All ambient temperature conditions at the site. - TSO grid connection conditions (PSE, July 2024): the plant shall meet the U-Q/Pmax profile and the P-Q/Pmax profile required by the Operator at the 220 kV connection point, in both charging and discharging mode.The Bidder shall refer to the full TSO grid connection conditions for the complete set of requirements and shall comply with them in their entirety. The PCS must provide full 4-quadrant reactive power capability. The Bidder shall ensure that the BESS delivers reactive power at the POC, accounting for efficiency losses, cable capacitance, transformer impedance (including the 220 kV transformer), and auxiliary loads. This applies at all active power levels during import and export. The control accuracy for reactive power shall be within ±2% of rated reactive power, including at zero active power. The Bidder shall clearly define any de-rating of reactive power at the POC (e.g., due to SoC, temperature, or other conditions). All cables, conductors, switchgear, transformers, and other balance of plant equipment shall be sufficiently rated to allow full rated active + reactive power operation of the BESS at the POC. The Bidder shall also be responsible for performing all system-wide electrical studies required to verify the adequacy of system specifications to meet reactive power, Grid Connection Agreement, and Grid Code requirements. | F67: * | G67: If not compliant with these requirements, Bidder to (i) confirm reactive power capability of BESS at POC including the operating envelope, and (ii) record deviations/limitations of its proposed solution to meet these requirements. | H67: N/A
B68: C.5 | C68: Energy capacity: system sizing | E68: The BESS energy capacity shall be sized to meet the following criteria at Take Over / COD (Commissioning). Minimum Capacity: The system must provide at least [120 MWh] of Usable Energy at full Rated Power [60 MW], for a continuous charge and discharge cycle, measured at the Point of Connection (POC) after accounting for auxiliary power and losses. Capacity Optimization: The design should maximize energy capacity to avoid partially empty enclosures and achieve optimal capital efficiency (balancing battery enclosures, PCSs, and electrical balance of plant). Proposals will be evaluated based on price per MWh during tender reviews. Loss Assumptions: Bidders shall include electrical BoP losses as outlined in [C.3] and calculate auxiliary load requirements for all equipment (e.g., PCS self-consumption). Measurement Criteria: The Usable energy capacity of the BESS shall be determined in accordance with IEC 62933-2-1. Usable energy capacity is defined as the power-for-time output net of all auxiliary loads and efficiency losses, measured at the POC. Capacity measurements shall: - Be performed at the Point of Connection (POC); - Account for all auxiliary consumption and system efficiency losses; - Follow the standard charge/discharge test procedure defined in IEC 62933-2-1; Any deviation from IEC 62933-2-1 shall be clearly identified and justified by the Bidder, subject to the Employer’s approval. | F68: * | G68: If not compliant with these requirements, Bidder to (i) confirm usable energy capacity of BESS at POC in MWh, and (ii) record deviations/limitations of its proposed solution to meet these requirements. | H68: N/A
B69: C.6 | C69: Energy capacity: degradation | E69: The Bidder shall provide capacity degradation curves starting from COD and extending until the end of the BESS lifetime (minimum 18 years). Bidder shall also specify the end-of-life degradation threshold. These curves shall cover the different usable operating profiles described in [F.3], namely: - a base case of 1.5 cycles per day, The curves shall be completed in the “4 Warranties and LTSA” tabs, under section “B. Capacity Warranty”. The Bidder acknowledges that the Employer may vary the operating profile and utilisation level of the BESS throughout its lifetime depending on prevailing revenue opportunities. The Bidder’s proposed technical and commercial solution shall therefore provide the Employer with sufficient flexibility to pursue different revenue streams. In addition, the Bidder shall provide the expected capacity degradation in the event of delays to COD. This degradation assessment shall start six months after the arrival on site of the final battery enclosure (BOL) and continue until COD (where COD occurs after BOL). The Bidder shall provide a degradation profile assuming the battery enclosures are stored and not cycled (i.e., no charging or discharging). The Bidder shall provide degradation values for both of the following cases: - when the battery auxiliaries are powered (HVAC in operation), and - when the auxiliaries are not powered, in which case degradation shall be provided as a function of ambient temperature. This information shall be completed in the “4 Warranties and LTSA” tabs, under section “F. Delayed COD”. The Bidder shall warrant both sets of energy capacity degradation profiles through a capacity warranty. | F69: * | G69: Bidder to provide a degradation profile for BOL up to COD (separately appended to its bid and referenced here). Bidder to record here deviations to the proposed approach to degradation where not covered under F.3. The Bidder shall provide a comprehensive report detailing the assumptions and methodology used for the simulations that generated the submitted degradation curves (including as a minimum Environmental Conditions & Operational Parameters (DoD, C-rate,SOC, Rest Time & Thermal Stress...) | H69: Two curves required: (i) storage degradation curve (BOL to COD) to be provided in Technical Offer (ii) operational degradation curve (COD to EoL) to be provided in Tab 4 – Warranties & LTSA.
B70: C.7.b | C70: Energy capacity: end of usable life | E70: Bidder to state at what State of Health (SoH) the battery energy capacity warranty will cease to be valid and at what SoH the batteries will be considered to have reached the end of their usable life. Where, SoH is the actual energy capacity affected by degradation divided by the BoL energy capacity. | F70: * | G70: N/A | H70: To be provided in Tab 4 – Warranties & LTSA (End of Life – SoH definition)
... B77: C.14 | C77: Design for augmentation / capacity maintenance | E77: The BESS shall be designed to allow augmentation and/or replacement of components to ensure that the guaranteed capacity and performance are maintained over the full warranty and contractual lifetime. The Bidder shall provide sufficient space in the site layout for future augmentation of BESS containers, as well as reserved space in the MV switchroom for future additional switchgear cells. | F77: * | G77: If not compliant with these requirements, Bidder to record deviations/limitations of its proposed solution to meet these requirements. | H77: N/A
B79: D | C79: General design, construction and compliance requirements
B80: D.1 | C80: General contractor compliance | E80: The Bidder shall comply with all applicable laws as well as Polish, European, and international standards relevant to the proper design, installation, and commissioning of the works. All supplied equipment shall bear a CE Declaration of Conformity. The works shall be carried out in accordance with good industry practice, and the Bidder shall maintain an ISO 9001-accredited quality management system. The Employer shall be provided with all necessary certifications and evidence demonstrating compliance with statutory and regulatory requirements as part of the final project documentation. The Bidder shall also comply with any specific requirements of the operation and maintenance contractor for the plant. | F80: * | G80: If not compliant with these requirements, Bidder to record deviations from these requirements. | H80: N/A
B81: D.2 | C81: Design standard | E81: The Bidder shall ensure that the completed works are fit for the purpose stated in the Contract Documents, including the Employer’s Requirements, and comply with all performance specifications and requirements contained or referenced therein. The Employer may review selected design documentation; however, the Contractor shall remain fully responsible for its design. The proposed system shall: · Fit within the available area, while complying with the layout and fire safety requirements (following national and local regulation) in terms of distances · Be a solution that minimizes the footprint · Allow continuous operation without any derating under the environmental conditions · Include all functionalities as per relevant grid code · Meet all relevant Polish statutory and regulatory requirements including | F81: * | G81: If not compliant with these requirements, Bidder to record deviations from these requirements. | H81: N/A
B82: D.3 | C82: Design life | E82: The Bidder shall ensure that the BESS, excluding batteries, but including PCSs, civil works, electrical balance of plant, buildings, and cabins, is designed for a minimum operating design life of 25 years. If some of the equipment or infrastructure does not meet the operational lifetime requirement, Bidder shall provide a list of the relevant components and lifetimes. | F82: * | G82: If not compliant with these requirements, Bidder to (i) confirm design life of its equipment, and (ii) record deviations/limitations of its proposed solution to meet these requirements. | H82: N/A
B83: D.4 | C83: Design studies and documentation | E83: The Bidder shall undertake all necessary studies, calculations, simulations, and engineering design works to properly design the project in accordance with all applicable codes and standards, the relevant grid requirements as described in [C.2], and other requirements described in these Functional Specifications and Contract Documents. This shall include, but not be limited to: - Electrical studies: load flow, short-circuit, earthing, harmonics, system protection coordination, transient stability, and any modifications to equipment or designs required to meet TSO/DSO grid requirements. - Capacity sizing studies for the BESS, PCS, transformers, auxiliaries, and associated systems, ensuring compliance with performance and warranty obligations. - Civil engineering design calculations, including geotechnical surveys, foundation load calculations, piling calculations (if needed), and bearing capacity for roads, bridges, and laydown areas. - Fire risk assessments and fire protection design studies. - Any other studies required to meet the requirements of these Functional Specifications. The Employer may undertake design reviews of specific documentation, but the Bidder shall remain fully responsible for its design in accordance with the technical requirements, codes, and standards. Along with its Offer, the Bidder shall prepare and submit a “safety notice / BIOZ documentation” (Health & Safety Notice) for the BESS covering at a minimum : - Identification of BESS-Specific Hazards - Description of Fire Detection System - Description of Fire Suppression System - Emergency Response Procedures - Organisation and Responsibilities | F83: * | G83: If not compliant with these requirements, Bidder to record deviations from these requirements. | H83: “Notice Sécurité” (Health & Safety Notice) for the BESS.
B84: D.4b | C84: Grid Connection Studies | E84: The Bidder shall be fully responsible for the design of the Works and as part of the services, and shall carry out calculations and studies, as necessary to verify the design and selection for all the materials, equipment and systems being supplied as part of the Works. The Bidder shall provide all grid connection studies in compliance with the Grid Connection Agreement (warunki przyłączenia / grid connection conditions issued by PSE) and, in particular, the supply of all the fiches required by the Transmission System Operator (TSO), depending on the Type of BESS (Type B, C, D). The Bidder shall perform all required studies and tests up to the point of permanent grid access. Such studies are intended to verify the compliance of the BESS with PSE’s technical specifications and the Grid Connection Agreement. The Bidder will prepare, complete, and submit all documents, attestations and test forms required by PSE for Step 1, in order to obtain the authorisation to energise the BESS (energisation operational notification). The Bidder shall obtain PSE's approval for all attestations submitted. The Bidder will prepare, complete, and submit all documents, attestations and test forms required by PSE for Step 2, including the F1 telecontrol signal transmission tests and the I9 signal injection tests referred to in Appendix 03, in order to obtain the provisional (initial) operational notification of the BESS. The Bidder shall obtain PSE’s approval for all attestations submitted. The above Studies shall be undertaken in accordance with, and as may be updated from time to time, the following documents (without limitation): warunki przyłączenia / grid connection conditions issued by PSE and annexes The Bidder shall deliver a complete simulation model (including BESS characteristics and “Services Système” controller) and shall provide all necessary support, including but not limited to supplying documentation, data, and timely responses to technical queries from the Client and/or the TSO. | F84: * | G84: If not compliant with these requirements, Bidder to record deviations from these requirements. | H84: N/A
B85: D.5 | C85: Ground conditions | E85: The geotechnical conditions shall be based on the Project Building Permit and any site-specific geotechnical investigations. According to the Building Permit, ground-water conditions are classified as simple and the Project is classified under the first geotechnical category. The Bidder shall verify the ground conditions, soil bearing capacity, groundwater level and foundation requirements during detailed design, and shall carry out earthworks preferably during dry weather while protecting excavations from adverse weather conditions. The Bidder shall take these indicative conditions into account for its tender design assumptions.Final design shall be based on the Project Building Permit, technical design and any updated site-specific geotechnical investigations. The Bidder shall remain responsible for verifying ground conditions, for developing appropriate foundation solutions, and for interpreting the information provided by the Employer. | F85: * | G85: If not compliant with these requirements, Bidder to record deviations from these requirements. | H85: N/A
B86: D.6.a | C86: Planning and environmental compliance | E86: The Bidder shall undertake all works in compliance with the planning and environmental authorisations applicable in Poland, including but not limited to (where applicable) the Building Permit issued under the Polish Building Law, and the Environemental Approuval issued under Polish environmental law (including the conditions of the environmental decision and fire-safety requirements applicable to battery storage in Poland). The Bidder shall ensure compliance with all conditions specified in the relevant Polish administrative decisions and permits, environmental studies (including impact assessment and risk assessment, where required), and any commitments made during the permitting process (where applicable). | F86: * | G86: If not compliant with these requirements, Bidder to record deviations from these requirements. | H86: N/A
B87: D.6.b | C87: Approvals, permits and authority interfaces | E87: Without limiting its obligations under the Contract, the Bidder shall provide the Employer with all documentation required to apply for or satisfy the conditions of the permits, and shall obtain all approvals required for construction, notably construction certificates, importation and transportation permits, permits to transport, release or dispose of chemicals and effluents, and any building-related approvals. The Bidder shall also obtain all safety approvals required by the competent authorities for the construction and energisation of its installation, the approvals relating to earthing, power measurement and electrical protection, and all environmental approvals. TSO grid connection conditions (PSE, July 2024): the Bidder shall support the Employer in the performance of the connection agreement with PSE S.A., including the agreement of equipment and object codes with the Operator at the design stage (station code, switchgear code, bay code, busbar system codes, connection codes, line codes, transformer codes, Storage Facility code and codes of compensating devices), and the agreement of the design documentation, protection concept and setting cards prior to implementation. In the event of any amendment to the building permit and/or the connection conditions, including any necessary changes to ancillary designs relating to the Project (water supply, fire safety, or any other ancillary works), the Tenderer shall prepare and provide all documents required for such amendments. | F87: * | G87: If not compliant with these requirements, Bidder to record deviations from these requirements.
B88: D.7 | C88: Health, safety and environment | E88: The Bidder shall be responsible for managing the Health, Safety and Environment (HSE) of its works on site and shall perform the works in full compliance with the Polish Labour Code and BHP regulations, the Polish Environmental Protection Law, and all other applicable health, safety, and environmental laws and regulations (where applicable) & the set of Health, Safety, and Environmental (HSE) requirements defined herein . The Bidder shall: - Cooperate with the Employer’s appointed safety coordinator and comply with all safety coordination requirements applicable under Polish law. - Prepare and implement a site waste management plan, ensuring safe disposal and recycling in accordance with the Polish Waste Act and the Environmental Protection Law, and shall utilise recycling facilities and other sustainable methods where appropriate. - Ensure safe handling and disposal of all waste generated during its works. - Participate in all required safety and risk assessment workshops, including hazard identification, operational risk analysis, and compliance with Polish environmental permitting nand fire-safety requirements applicable to BESS and applicable industry best practices. - Ensure the presence on site of suitably competent and authorised personnel, holding the required electrical certification from the commencement of works until handover. - Provide evidence of competency and certifications to demonstrate compliance with these requirements. -Submit all required documentation—including risk assessments, compliance records, and site layout plans—and must demonstrate effective implementation and adherence to applicable laws, standards, and project-specific safety protocols at all times. | F88: * | G88: If not compliant with these requirements, Bidder to record deviations from these requirements. | H88: N/A
B89: D.8.a | C89: Fire safety design | E89: With reference to [B.5], the Bidder shall consider fire, explosion, and other safety risks of the chosen battery modules and enclosure solution, both at module/rack level and as part of the site-wide fire safety design. The Bidder shall describe its fire safety strategy, including measures for (i) fire prevention, (ii) fire suppression, (iii) fire containment, (iv) detection of hazardous/explosive gasses build-up and avoiding explosion, (v) first response and actions in event of fire/thermal runaway, and (vi) site access and egress for emergency response. This strategy shall be underpinned by a fire safety risk assessment aiming to reduce risks to the lowest practicable level. This shall inform the Design Risk Assessment (a structured review of design hazards, their risks, and mitigation measures to be maintained through execution), the site-wide fire safety plan, and the Health & Safety Plan. The Bidder shall ensure that the design and construction of the site comply with all applicable fire safety standards and regulations, including but not limited to: Polish fire-safety and environmental regulations applicable to battery storage, the requirements of the Technical Inspection Office (UDT), the guidelines of the Państwowa Straż Pożarna (PSP) for occupational and emergency response, VdS / CFPA-E guidelines, NFPA 855, UL 9540, UL 9540A (cell, module and unit levels) and UL 1973. The Bidder shall also: - Design, supply, and construct all necessary fire walls, containment systems, and other fire safety mitigations identified in its fire and explosion risk assessments. - Participate in fire risk safety meetings and workshops with the Employer, PSP (State Fire Service), and relevant stakeholders during detailed design, to validate its fire safety strategy, system design, and incident response planning. - Be fully responsible for fire and explosion risks arising from its equipment and design, including oil-filled transformers, ensuring compliance withPolish regulations and industry best practice. The Bidder shall describe in its offer how relevant certification and guidelines (INRS, APSAD R15, NFPA 855, UL9540/9540a, UL1973) are integrated into its overall fire safety strategy. | F89: * | G89: If not compliant with these requirements, Bidder to record deviations from these requirements. | H89: N/A
B90: D8.c | C90: Water tanks | E90: The Bidder shall provide the fire water supply in accordance with the Building Permit and approved fire safety design. The permitted design provides for two external hydrants connected to the local water network as firefighting water points. Any additional water storage tanks, if required by the detailed fire safety design, PSP / State Fire Service, or authority approval process, shall be identified, designed and included by the Bidder. | F90: *
B91: D8.D | C91: Site accessibility | E91: Site access and emergency routes shall be designed in accordance with the Building Permit, approved fire safety design and Polish fire regulations. The Bidder shall provide hardened fire access roads, manoeuvring areas and gates allowing emergency services to access all BESS containers, PCS units, the GPO substation and firefighting water points, with dimensions and load-bearing capacity compliant with PSP / State Fire Service requirements. | F91: * | G91: The Bidder shall provide evidence that site access roads, fire access routes, gates and manoeuvring areas comply with the Building Permit, approved fire safety design and State Fire Service requirements.
B92: D.9 | C92: Battery enclosure thermal management system design | E92: The Bidder shall design and suitably size the thermal management system such that the battery modules and other equipment remain operational within the operating temperature range up to EOL of the battery for the ambient conditions of the site according to all duty cycle and utilisation requirements described in section [C.13], most notably the ability on occasions to be able to provide 2 complete cycles back-to-back at rated power without pause. | F92: * | G92: If not compliant with these requirements, Bidder to record deviations from these requirements. | H92: N/A
B93: D.10 | C93: Cybersecurity | E93: The control and monitoring system shall be designed with adequate protection from the threat of software cyber-attacks and industrial sabotage in accordance with relevant standards such as IEC 62443, IEC 62531, ISO 27000, ISO 27002 and ISO 27019. The Bidder's cyber-security solution shall include a combination of defence techniques such as antivirus software, industrial firewalls, creation of zones to reduce vulnerabilities, functionality for different authorisation levels for named users, 2-stage verification, etc. If the Bidder has specific cyber-security requirements for the Employer or other stakeholders, this shall be set out in its response. The Bidder shall ensure that the control, monitoring and communication systems of the BESS are designed and implemented in full compliance with the latest version of the telecontrol connection requirements (IRiESP and PSE technical standards) provided by the Transmission System Operator (PSE). The Bidder shall provide all necessary hardware, software, and interface protocols to enable proper integration with PSE’s telecontrol system, including testing and commissioning in accordance with PSE requirements. | F93: * | G93: Bidder to describe its cyber-security strategy/solution, including any Employer requirements. | H93: To be included in the technical offer
B94: D.11 | C94: Design flexibility & repowering | E94: Notwithstanding the Owner's intended use and BOL energy capacity sizing as described in C.1 & C.5, the Owner seeks to build in flexibility in the BESS solution to repower or augment energy capacity in the future should this be economically desireable to do so. Bidder shall design the BESS with a view to allow flexibility for augmentation of energy capacity in future years of operation with minimal modifications and disruption of the plant. The Bidder shall provide a high-level outline of how its proposed system solution is designed/constructed with future flexiblity for augmentation in mind. This can be across all disciplines, for example, civil, electrical, mechanical, structural and control, and can include: - Consideration of space for installing new containers in the future, particularly where a rack enclosure design solution is used for the batteries. - Details of augmentation flexibility built into the electrical system design, considering elements such as the DC busbar, cabling, earthing, etc. If the proposed augmentation solution impacts the electrical system design of the existing plant, such as change in fault levels, this shall be detailed by the Bidder. - Details of augmentation flexibility built into the BMS and BESS control system to accommodate new battery modules, and how string matching is planned to be performed. The Bidder shall provide schematic layouts and concept electrical single-line diagrams showing the original system and the augmentation solution. The Bidder will also be required to demonstrate the augmentation capability of their proposed solution in the design documentation submitted at that time. | F94: * | G94: Bidder to provide high-level outline on its design for augmentation in the future, including any Owner requirements. | H94: To be included in the technical offer
B95: D.12 | C95: Construction reporting | E95: The Bidder shall provide a weekly progress report during construction, an updated list of subcontractors, and all test sheets and commissioning procedures at the latest two (2) months before the start of commissioning. | F95: * | G95: Bidder to provide high-level outline on its design for augmentation in the future, including any Owner requirements. | H95: To be included in the technical offer
B102: E | C102: Commissioning, Testing & Acceptance
B103: E.1 | C103: Factory acceptance testing | E103: The Bidder is expected to ensure FATs / type testing is conducted at the suppliers premises on components/equipment being delivered under the Bidder's scope of supply and shall attend/witness testing where defined in the approved Inspection and Testing Plan (I&TP). The Employer may elect to attend some of these FAT's at their own cost. The Bidder shall perform Factory Acceptance Tests (FAT) or type testing on all major equipment items. FAT documentation or evidence of type testing shall be provided to the Employer prior to energisation. With reference to the specified services listed in [C.1], This shall include appropriate type testing or FATs to demonstrate the capability of the PCSs for provision of grid-forming roles (where required). | F103: * | G103: If not compliant with these requirements, Bidder to record deviations from these requirements. | H103: N/A
B104: E.2 | C104: Mechanical and Electrical Works Completion | E104: The Bidder shall verify the installed/constructed works have been satisfactorily QA/QC checked and accepted for energisation/commissioning and shall issue to the Employer, documentation to confirm the same. This documentation pack shall be issued prior to any commissioning of the related plant and shall confirm the Bidder agrees the plant/equipment is safe to commence commissioning. See additionnal information in CTC.2 and CTC.3. | F104: * | G104: If not compliant with these requirements, Bidder to record deviations from these requirements. | H104: N/A
B105: E.3.a | C105: Commissioning | E105: The Bidder shall submit for the Employers approval, their plan for commissioning of the works in the form of an Inspection and Testing Plan (I&TP). This plan shall define cold commissioning and checks (without power), "warm" commissioning and testing (with auxiliary power assumed to be sourced either via the new auxiliary supply or as a temporary arrangement temporary auxiliary supply provided by the Employer or Bidder) and hot commissioning and testing (with full grid connection). The Bidder shall ensure adequate resources are available and mobilised to support commissioning progress in more than one area where necessary, and shall optimise the commissioning programme, identifying areas when commissioning activities can run in parallel. The plant shall be suitably commissioned so as to demonstrate all component parts are operating satisfactorily and within the design parameters defined. Commissioning is expected to start at component level and progress to sub-systems and systems until such time as the full scope of supply has been proven and is ready for Tests on Completion. The commissioning process shall include all tests required under Polish regulations and grid codes, including but not limited to: - PSE connection and acceptance tests - Compliance with PN-EN 50549-2, PN-EN 61936-1 and PN-HD 60364, and EU Regulation (RfG), and - Any additional tests required by the Transmission or Distribution System Operator. Commissioning records shall be compiled by the Bidder and submitted to the Employer, to the grid operator (PSE), and other relevant authorities for acceptance prior to Take Over. | F105: * | G105: If not compliant with these requirements, Bidder to record deviations from these requirements. | H105: N/A
B106: E.3.b | C106: Test conditions, metering and data sampling | E106: All tests on completion shall be carried out under the minimal following conditions : - All power measurements shall be taken at the Point of Connection (POC), with a sampling and recording granularity of 100 ms or shorter, using measurement equipment of class 0.2s. The stated tolerances already include the measurement error margins. - Metering equipment is provided by the Employer and shall be integrated by the Bidder with the BESS PPC/SCADA. Data sampling shall be at 1 second for most signals and at 100 to 200 ms for critical control data (power quality meters, inverters), and at 50 ms for active power, frequency and setpoints during the FCR, aFRR and step tests. - Standard Test Conditions: ambient temperature up to +/-35 degC; guaranteed or nominal active power Pmax (MWac); nominal reactive power -0.35 x Pmax / +0.32 x Pmax Mvar. - Quantities recorded at the POC: frequency, voltage, active power, reactive power, imported and exported energy. Quantities recorded from the PPC/SCADA: system and unit state of charge, active power setpoint, reactive power setpoint. - Accuracy: in steady state, the difference between the active power setpoint and the active power measured at the POC shall not exceed +/-(Psetpoint x 0.006 + 0.2) MW for setpoints of 10 MW and above, and +/-3% of the setpoint below 10 MW. One (1) second is allowed after a setpoint is issued for the steady state to be reached. - All data shall be recorded and timestamped with a minimum resolution of three (3) decimal places. - Ramp rates shall be as required by the applicable grid code for each test; where a test requires a ramp rate higher than that allowed by the grid code, the Employer shall seek the approval of the TSO, failing which the maximum grid code ramp rate shall apply. - The Bidder shall develop a detailed test programme, to be discussed and agreed with the Employer at least three (3) months before any testing is carried out on site. | F106: * | G106: If not compliant with these requirements, Bidder to record deviations from these requirements. Bidder to confirm that its PPC/SCADA and data logging can record all listed quantities at the required sampling rates and resolution, and to state any limitation. | H106: Detailed test programme and description of the data acquisition chain (sampling rates, metering classes, storage and export formats).
B107: E.4 | C107: Tests on Completion | E107: The Bidder shall perform a suite of Site Acceptance Testing (SAT) on the completed plant once all the equipment is commissioned and relevant electrical BoP tests are complete. The following tests shall be successfully completed to achieve Take Over under the contract (some of these tests may be combined where appropriate): - All necessary tests to verify the plant is electrically and mechanically complete, including cable insulation tests, earthing system tests, LV and HV tests and tests to verify proper operation of the circuit breakers, relays and other electrical BoP. - All necessary tests (such as plate bearing tests) and inspections to verify the civil BoP works are complete to the specification. - All relevant grid compliance testing as described in [E.5], including controlling and running tests where appropriate - Visual inspection of the plant by the Employer (or its representative). - Energy capacity testing to verify the usable energy capacity set out in [C.5], & Round-trip efficiency testing as described in [C.8] - Active power testing, including accuracy of control at 5%, 10%, 25%, 50% and 100% rated power - Reactive power testing against the requirements set out in [C.2] at 0%, 10%, 25%, 50% and 100% of rated active power (where not already covered by grid compliance testing) -Power limits: the BESS shall reject setpoints beyond +/-100% Nominal Active Power (setpoints of +/-130% are instructed during the test) and shall not exceed the import/export capacity of the connection agreement at the POC. - Ancillary services testing & - FCR and aFRR prequalification: as described to in [E.6]. - All relevant route-to-market provider testing & Three-day trial run as described in [E.7] - Demonstration of grid forming capability of PCSs, to the extent agreed prior to any future upgrades [C.1] - Auxiliary loads testing (when BESS is at standby and at rated power and to include both consumption from the auxiliary supply and the consumption taken directly by any components (e.g. PCSs) from the main supply). -Self-discharge: the BESS charged to maximum SoC, shut down for the agreed measurement period (1 to 24 h) and recharged, the cumulative recharged energy being recorded as the self-discharge. - Testing of SoC measurement accuracy - Response time testing (using step change input frequency or setpoint commands) - Thermal management system testing (with reference to the most extreme thermal case set out in [C.13]) - Reliability test, showing that the Bidder's plant works consistently and without faults for a period of at least 48 hours under normal usage conditions. - Loss of grid tests to confirm proper functioning of switchgear, back-up auxiliary power supplies. - Emergency stop tests to confirm proper functioning of emergency stop buttons. - Site-wide integrated fire alarm system testing, including both local and remote alarm functions, in accordance with State Fire Service requirements. Each test shall be the subject of a test report including a description of the test, the recorded data and graphs demonstrating compliance with the pass criteria. Failure of any test shall be remedied and the test repeated at the Bidder's cost. All commissioning and SAT documentation shall be provided to the Employer and to the relevant authorities (including PSE, where applicable) as a condition for Take Over. | F107: * | G107: If not compliant with these requirements, Bidder to record deviations from these requirements. | H107: N/A
B108: E.5 | C108: Grid compliance testing | E108: The Bidder shall be fully responsible for coordinating, performing, and successfully passing all grid compliance tests as described in [C.2] and in accordance with the Grid Connection Agreement, the Grid Code, and all applicable technical rules and standards. The Bidder shall: - Prepare all required artificial test injection profiles and operational modes needed to meet compliance obligations. - Provide all necessary information, test data, technical documentation, and technical assistance required to perform the tests. - Take the lead on liaising with the Transmission System Operator (TSO), including submission of all studies and documentation required for testing, and ensure successful completion of the compliance process up to and including Final Operational Notification (FON). - Carry out all troubleshooting and corrective works necessary in case of failure attributable to its equipment, ensuring issues are rectified and retested without additional cost to the Employer. - Produce and deliver all required reports and studies (e.g. EMT, RMS, DSS) as required by the TSO. Grid compliance testing shall include, without limitation: - All tests required under the PSE grid connection process (connection and commissioning acceptance tests).The Bidder shall refer to the full TSO grid connection conditions for the complete set of requirements and shall comply with them in their entirety : - tests of the installed active power, voltage and reactive power control systems, including remote control and voice communication, to be carried out no later than thirty (30) days after the first injection of energy into the network; - measurements and tests confirming correct operation of the plant against the connection conditions, to be carried out within one (1) year of the start-up of the Storage Facility; - individual tests of the Storage Facility and group tests covering all facilities connected to the busbar bridge, in accordance with a scope, programme and schedule agreed with the Operator; - participation of an independent expert company, agreed between the Operator and the User, which shall not have been involved in any works on the construction of the Storage Facility. -Until the remote control systems are in place and tested, the Bidder shall be able to execute the Operator's dispatching commands locally from the Storage Facility. - Compliance with PN-EN 50549-2, PN-EN 61936-1 and PN-HD 60364, and EU Regulation 2016/631 (Requirements for Generators – RfG). - Any additional tests required by the relevant grid operator for the specific connection point. The above Tests shall be undertaken in accordance with, and as may be updated from time to time, the grid connection conditions (without limitation). | F108: * | G108: If not compliant with these requirements, Bidder to record deviations from these requirements. | H108: N/A
B109: E.6 | C109: Ancillary services testing | E109: The Bidder shall ensure the project meets the requirements to satisfactorily demonstrate evidence of the BESS's capability to provide ancillary services to the Polish Transmission System Operator (PSE), including but not limited to Frequency Containment Reserve (FCR), automatic Frequency Restoration Reserve (aFRR), manual Frequency Restoration Reserve (mFRR), by passing the relevant compliance tests as required by PSE or the RTM Provider. This shall be evidenced through the Bidder securing a signed Independent Technical Expert (ITE) certificate for these tests as required by the Employer. This shall be evidenced through submission of the results of PSE compliance tests and any required technical certifications in accordance with PSE's qualification procedures. The Bidder shall submit evidence of testing of any other ancillary service indicated as being provided by the solution as specified under [C.1]. | F109: * | G109: If not compliant with these requirements, Bidder to record deviations from these requirements. | H109: N/A
B110: E.7 | C110: Route-to-market provider testing | E110: The Bidder shall support the Client's appointed route-to-market aggregator, to demonstrate proper communication and interface between the BESS EMS and the aggregator’s systems. | F110: * | G110: If not compliant with these requirements, Bidder to record deviations from these requirements. | H110: N/A
B112: F | C112: Warranties, maintenance and service
B113: F.1 | C113: Defects warranty | E113: The Bidder shall provide a defects warranty covering design, materials, workmanship, and installation for all equipment and works performed by it for a minimum period of two (2) years from Take Over. In its response to the ITT, the Bidder shall provide: - Details of standard warranties provided by it and/or its OEMs (if warranties are novated directly), including term, liability limits, exclusions, and transferability. - Details of optional extended warranties beyond the initial period, and associated costs. This contractual warranty shall apply without prejudice to any mandatory statutory warranties, liability regimes or remedies applicable under Polish law. A template for the Bidder’s response is provided in the “4 Warranties and LTSA” tab. | F113: * | G113: If not compliant with these requirements, Bidder to record deviations from these requirements. | H113: Defects Liability Warranty Schedule
B114: F.3 | C114: Energy capacity warranty | E114: The Bidder shall provide an energy capacity warranty for the batteries, covering a minimum period of two years from Take Over, and taking into account the following: - The use case and battery utilisation as described in [C.13] and [C.14], The warranty shall be valid for this use case, and shall not impose any additional restrictions on annual energy throughput beyond those already inherent in the use case. - Usable energy capacity at rated power at the POC, measured in accordance with [C.5]. Capacity tests at Take Over and annually thereafter. In it's response to the ITT, as well as confirming compliance or otherwise with the above requirements, Bidder is asked to provide: - Details of the standard capacity warranty provided by it/its OEMs (if novated), including term, liability limits, exclusions, and transferability. - Details of any optional extended warranties beyond the initial warranty period, with associated costs. - Mechanisms which would lead to adjustments of the energy capacity guarantee (e.g. throughput, average SOC, SOC range, depth of discharge, operating temperature, etc.). -Three capacity-retention curves over the warranty period, corresponding to: Base case: 1.5 cycles/day (≈548 cycles/year), These curves shall show retained usable energy capacity at rated power at the POC, with explicit indication of the underlying assumptions (SOC range, DoD, operating temperature, etc.). All warranties shall be enforceable under Polish law and without prejudice to statutory warranties applicable to the project. | F114: * | G114: If not compliant with these requirements, Bidder to record deviations from these requirements. | H114: To be provided in Tab 4 – Warranties & LTSA (B. Capacity warranty)
B115: F.3b | C115: Energy capacity: Flexible Capacity Warranty | E115: The Bidder shall provide a capacity warranty that incorporates a flexible mechanism for adjusting the permitted number of cycles (and/or other clearly stated parameters where applicable) over the warranted lifetime of the Battery Energy Storage System (BESS). For the purpose of tender evaluation, the Employer requires only that the Bidder provides a standardised capacity-retention curves defined in [F.3], to enable transparent comparison of offers. The detailed flexible capacity warranty mechanism is not required at this tender stage, but the selected Bidder shall accept the principle and shall be required to propose and agree such a mechanism during contract negotiations. Acceptable mechanisms may include: - Carry-forward of unused cycles (formula-based adjustment); - A rolling average utilization approach; or - Another flexible method that provides equivalent or better outcomes. | F115: * | G115: If not compliant with these requirements, Bidder to record deviations from these requirements. | H115: N/A
B116: F.4 | C116: Round-trip efficiency warranty | E116: Bidder shall provide an RTE warranty for the BESS considering the following: - The warranty shall be for the RTE at the POC as per the definition and measurement method as described in [C.8]. - The Bidder shall accommodate efficiencies as set out in [C.8]. - The first year warrantied RTE at POC is expected to be above [85%] net of all system losses and auxiliary loads. - RTE tests shall be done at Taking Over and annually thereafter by the bidder In it's response to the ITT, Bidder shall provide details of: through-life RTE (degradation curve over term), warranty term (years), liability limits (cap on damages, exclusions, etc.). 4 Warranties and LTSA tab provides a template for Bidder's response. | F116: * | G116: Bidders to provide details on Round Trip Efficiency warranty | H116: To be provided in Tab 4 – Warranties & LTSA (C. Round Trip Efficiency warranty)
B117: F.5.0 | C117: The operation, maintenance and performance warranty service | E117: The operation, maintenance and performance warranty services for the Facilities shall be performed shall cover at minimum : • operation and maintenance services for the BESS and associated electrical infrastructure • monitoring and reporting of system performance • availability guarantees after the end of the Defect Notification Period • battery energy capacity warranty and degradation management after the end of the Defect Notification Period • round-trip efficiency warranty where applicable after the end of the Defect Notification Period • execution of performance tests required under the warranty framework after the end of the Defect Notification Period • coordination with equipment manufacturers and management of OEM warranties. The Bidder shall confirm its acceptance in principle of this contractual framework and highlight any deviations in its tender response. | F117: * | G117: Bidders to provide : - Details of its Poland-based maintenance capability (e.g. team size, hub locations etc.), along with overall MW/MWhs in operation. - Details of the service and maintenance solution, including scope (in-fee, optional extra, not performed), term and associated costs. - Details of optional extended service term beyond the initial service period, and associated costs. | H117: To be included in the technical offer
B118: F.5.1 | C118: Operations, Monitoring and Maintenance Services | E118: The Bidder shall provide a service and maintenance solution for the Facilities including: • 24/7 monitoring through a Remote Operations Centre (ROC) • alarm management, incident classification and remote diagnostics • preventive maintenance of BESS equipment (battery system, PCS, HVAC, DC equipment), electrical infrastructure and SCADA/EMS • corrective maintenance including troubleshooting, repair or replacement of defective equipment • coordination with the Asset Owner, Aggregator and grid operator where required • operation and coordination of the substation supervision and remote control system (including interface with the grid operator supervision system where applicable, e.g. STS or equivalent telecontrol system) • 24/7 on-call duty with qualified personnel available for incident response | F118: * | G118: Bidder to confirm compliance.
B119: F.5.2 | C119: Maintenance Strategy | E119: The Bidder shall provide a description of its maintenance philosophy including: • preventive maintenance principles for the main equipment of the Facilities • corrective maintenance procedures and fault response approach • indicative maintenance intervals for major systems • coordination of maintenance activities with operational constraints of the Facilities • continuous improvement based on operational experience and OEM recommendations Indicative maintenance intervals shall typically include: • continuous / daily remote monitoring • periodic on-site inspections and routine preventive maintenance on a monthly, quarterly, semi-annual and annual basis depending on equipment type • biennial and five-yearly maintenance for selected HV equipment and protection systems where applicable The detailed maintenance programme shall be developed after contract award and submitted to the Owner during the mobilisation phase. | F119: * | G119: Bidder to confirm compliance.
B120: F.5.3 | C120: Operational Tools and Asset Management Systems | E120: The Asset Owner will provide the Computerised Maintenance Management System (CMMS) for the Facilities. TheContractor shall use and maintain this CMMS to support the O&M services, including: • planning of preventive maintenance activities • recording of corrective interventions • tracking of asset history and maintenance records • management of spare parts and consumables • maintenance reporting and operational documentation All maintenance activities, equipment interventions and relevant configuration changes shall be properly recorded in the CMMS. | F120: * | G120: Bidder to confirm compliance.
B121: F.5.4 | C121: Spare Parts and Consumables Strategy | E121: The Bidder shall define a spare parts strategy supporting the availability guarantees of the Facilities including: • identification of critical spare parts • spare parts supply and logistics arrangements • indicative spare availability or minimum stock levels • approach to obsolescence management for major components | F121: * | G121: Bidder to confirm compliance.
B122: F.5.5 | C122: High Voltage Substation Operation and Maintenance | E122: TheContractor shall include within its service solution the operation and maintenance of the private HV substations associated with the Facilities. The indicative scope shall include inspection, testing and preventive maintenance of the main HV assets including: • Power transformers and on-load tap changers – oil monitoring and visual inspections typically annually, OLTC inspection typically every two (2) years, and major transformer inspections at longer intervals (typically five (5) to ten (10) years). • Auxiliary transformers (TSA) and neutral grounding equipment – periodic inspection and oil monitoring at longer intervals where applicable. • HV circuit breakers – functional checks periodically with major inspection or overhaul typically every five (5) years. • HV disconnectors and earthing switches – mechanical adjustment and electrical checks typically every two (2) years with detailed inspection at longer intervals. • MV switchgear – operational inspection periodically with detailed inspection typically every five (5) years. • Protection and control systems – protection testing and functional verification typically every two (2) years. • DC supply systems (batteries and chargers) – inspection annually and capacity testing typically every two (2) years. • HV/MV cables, electrical connections and earthing systems – periodic inspection and thermographic checks typically annually. Maintenance activities shall include visual inspections, functional checks, electrical testing, thermographic inspections and oil analysis where applicable. Maintenance intervals shall follow OEM recommendations, regulatory requirements and Good Industry Practice. | F122: * | G122: Bidder to confirm compliance.
...

Sheet 3 Warranties and LTSA 
C2: NOTE: Certain information requested in this file is provided solely for the Employer’s information and shall not be subject to evaluation. Only those criteria, information and documents expressly identified in the RFQ mail letter as being subject to evaluation shall be taken into account for the purposes of assessing the Offer. WARRANTIES AND LTSA: Bidder is requested to complete the following tables to include details of their (1) standard warranties, and optional extensions (including warranty term, liability limits and warranted/guaranteed levels as relevant), and (2) standard LTSA package for the scope breakdown itemised below. Bidder shall first complete the table to the left under each warranty section where there is an '*'. The table to the right will auto populate the 'Standard/Extension' and 'In scope or not' columns based on the responses provided. Bidder shall then complete the cost data and guaranteed levels (for capacity and RTE warranties) where this is requested. Please itemise as much as possible. For the purposes of this tender, the Offer Price shall include all O&M services for the first two (2) years following completion of the works. All LTSA scope and pricing relating to any period beyond those first two years is requested for information purposes only: it does not form part of the scope of this RFQ, and will be subject to separate negotiation outside this tender process. | V2: Not Complete | X2: Instruction to Bidders: mark this section as "Complete" upon completion of this section
C4: A. DEFECTS WARRANTY (From OEM)
C5: Warranties | E5: Warranty term [years] | J5: Years
E6: Standard term | F6: Optional extension(s) | J6: 1 | K6: 2 | L6: 3 | M6: 4 | N6: 5 | O6: 6 | P6: 7 | Q6: 8 | R6: 9 | S6: 10 | T6: 11 | U6: 12 | V6: 13 | W6: 14 | X6: 15 | Y6: 16 | Z6: 17 | AA6: 18 | AB6: 19 | AC6: 20
C7: Defects: batteries, BMS, and battery ancillaries (enclosures, HVAC, fire safety) | E7: 5 | F7: * | I7: Standard/ Extension | J7: =IF($E7=CONTROL!$D$4,CONTROL!$D$4,IF(AND(J$6<=$E7,$E7<>CONTROL!$D$3),CONTROL!$D$1,IF($F7=CONTROL!$D$4,CONTROL!$D$4,IF(AND(J$6<=(IF($E7<>CONTROL!$D$3,$E7,0)+IF($F7<>CONTROL!$D$3,$F7,0)),$F7<>CONTROL!$D$3),CONTROL!$D$2,CONTROL!$D$3)))) -> Standard | K7: =IF($E7=CONTROL!$D$4,CONTROL!$D$4,IF(AND(K$6<=$E7,$E7<>CONTROL!$D$3),CONTROL!$D$1,IF($F7=CONTROL!$D$4,CONTROL!$D$4,IF(AND(K$6<=(IF($E7<>CONTROL!$D$3,$E7,0)+IF($F7<>CONTROL!$D$3,$F7,0)),$F7<>CONTROL!$D$3),CONTROL!$D$2,CONTROL!$D$3)))) -> Standard | L7: =IF($E7=CONTROL!$D$4,CONTROL!$D$4,IF(AND(L$6<=$E7,$E7<>CONTROL!$D$3),CONTROL!$D$1,IF($F7=CONTROL!$D$4,CONTROL!$D$4,IF(AND(L$6<=(IF($E7<>CONTROL!$D$3,$E7,0)+IF($F7<>CONTROL!$D$3,$F7,0)),$F7<>CONTROL!$D$3),CONTROL!$D$2,CONTROL!$D$3)))) -> Standard | M7: =IF($E7=CONTROL!$D$4,CONTROL!$D$4,IF(AND(M$6<=$E7,$E7<>CONTROL!$D$3),CONTROL!$D$1,IF($F7=CONTROL!$D$4,CONTROL!$D$4,IF(AND(M$6<=(IF($E7<>CONTROL!$D$3,$E7,0)+IF($F7<>CONTROL!$D$3,$F7,0)),$F7<>CONTROL!$D$3),CONTROL!$D$2,CONTROL!$D$3)))) -> Standard | N7: =IF($E7=CONTROL!$D$4,CONTROL!$D$4,IF(AND(N$6<=$E7,$E7<>CONTROL!$D$3),CONTROL!$D$1,IF($F7=CONTROL!$D$4,CONTROL!$D$4,IF(AND(N$6<=(IF($E7<>CONTROL!$D$3,$E7,0)+IF($F7<>CONTROL!$D$3,$F7,0)),$F7<>CONTROL!$D$3),CONTROL!$D$2,CONTROL!$D$3)))) -> Standard | O7: =IF($E7=CONTROL!$D$4,CONTROL!$D$4,IF(AND(O$6<=$E7,$E7<>CONTROL!$D$3),CONTROL!$D$1,IF($F7=CONTROL!$D$4,CONTROL!$D$4,IF(AND(O$6<=(IF($E7<>CONTROL!$D$3,$E7,0)+IF($F7<>CONTROL!$D$3,$F7,0)),$F7<>CONTROL!$D$3),CONTROL!$D$2,CONTROL!$D$3)))) -> * | P7: =IF($E7=CONTROL!$D$4,CONTROL!$D$4,IF(AND(P$6<=$E7,$E7<>CONTROL!$D$3),CONTROL!$D$1,IF($F7=CONTROL!$D$4,CONTROL!$D$4,IF(AND(P$6<=(IF($E7<>CONTROL!$D$3,$E7,0)+IF($F7<>CONTROL!$D$3,$F7,0)),$F7<>CONTROL!$D$3),CONTROL!$D$2,CONTROL!$D$3)))) -> * | Q7: =IF($E7=CONTROL!$D$4,CONTROL!$D$4,IF(AND(Q$6<=$E7,$E7<>CONTROL!$D$3),CONTROL!$D$1,IF($F7=CONTROL!$D$4,CONTROL!$D$4,IF(AND(Q$6<=(IF($E7<>CONTROL!$D$3,$E7,0)+IF($F7<>CONTROL!$D$3,$F7,0)),$F7<>CONTROL!$D$3),CONTROL!$D$2,CONTROL!$D$3)))) -> * | ... AC7: =IF($E7=CONTROL!$D$4,CONTROL!$D$4,IF(AND(AC$6<=$E7,$E7<>CONTROL!$D$3),CONTROL!$D$1,IF($F7=CONTROL!$D$4,CONTROL!$D$4,IF(AND(AC$6<=(IF($E7<>CONTROL!$D$3,$E7,0)+IF($F7<>CONTROL!$D$3,$F7,0)),$F7<>CONTROL!$D$3),CONTROL!$D$2,CONTROL!$D$3)))) -> *
I8: Cost per year [EUR] | J8: =IF(J7=CONTROL!$D$2,CONTROL!$D$5,CONTROL!$D$3) -> N/A | K8: =IF(K7=CONTROL!$D$2,CONTROL!$D$5,CONTROL!$D$3) -> N/A | L8: =IF(L7=CONTROL!$D$2,CONTROL!$D$5,CONTROL!$D$3) -> N/A | M8: =IF(M7=CONTROL!$D$2,CONTROL!$D$5,CONTROL!$D$3) -> N/A | N8: =IF(N7=CONTROL!$D$2,CONTROL!$D$5,CONTROL!$D$3) -> N/A | O8: =IF(O7=CONTROL!$D$2,CONTROL!$D$5,CONTROL!$D$3) -> N/A | P8: =IF(P7=CONTROL!$D$2,CONTROL!$D$5,CONTROL!$D$3) -> N/A | Q8: =IF(Q7=CONTROL!$D$2,CONTROL!$D$5,CONTROL!$D$3) -> N/A | ... AC8: =IF(AC7=CONTROL!$D$2,CONTROL!$D$5,CONTROL!$D$3) -> N/A
C9: Defects: PCS (incl feeder transformer if supplied) | E9: 5 | F9: * | I9: Standard/ Extension | J9: =IF($E9=CONTROL!$D$4,CONTROL!$D$4,IF(AND(J$6<=$E9,$E9<>CONTROL!$D$3),CONTROL!$D$1,IF($F9=CONTROL!$D$4,CONTROL!$D$4,IF(AND(J$6<=(IF($E9<>CONTROL!$D$3,$E9,0)+IF($F9<>CONTROL!$D$3,$F9,0)),$F9<>CONTROL!$D$3),CONTROL!$D$2,CONTROL!$D$3)))) -> Standard | K9: =IF($E9=CONTROL!$D$4,CONTROL!$D$4,IF(AND(K$6<=$E9,$E9<>CONTROL!$D$3),CONTROL!$D$1,IF($F9=CONTROL!$D$4,CONTROL!$D$4,IF(AND(K$6<=(IF($E9<>CONTROL!$D$3,$E9,0)+IF($F9<>CONTROL!$D$3,$F9,0)),$F9<>CONTROL!$D$3),CONTROL!$D$2,CONTROL!$D$3)))) -> Standard | L9: =IF($E9=CONTROL!$D$4,CONTROL!$D$4,IF(AND(L$6<=$E9,$E9<>CONTROL!$D$3),CONTROL!$D$1,IF($F9=CONTROL!$D$4,CONTROL!$D$4,IF(AND(L$6<=(IF($E9<>CONTROL!$D$3,$E9,0)+IF($F9<>CONTROL!$D$3,$F9,0)),$F9<>CONTROL!$D$3),CONTROL!$D$2,CONTROL!$D$3)))) -> Standard | M9: =IF($E9=CONTROL!$D$4,CONTROL!$D$4,IF(AND(M$6<=$E9,$E9<>CONTROL!$D$3),CONTROL!$D$1,IF($F9=CONTROL!$D$4,CONTROL!$D$4,IF(AND(M$6<=(IF($E9<>CONTROL!$D$3,$E9,0)+IF($F9<>CONTROL!$D$3,$F9,0)),$F9<>CONTROL!$D$3),CONTROL!$D$2,CONTROL!$D$3)))) -> Standard | N9: =IF($E9=CONTROL!$D$4,CONTROL!$D$4,IF(AND(N$6<=$E9,$E9<>CONTROL!$D$3),CONTROL!$D$1,IF($F9=CONTROL!$D$4,CONTROL!$D$4,IF(AND(N$6<=(IF($E9<>CONTROL!$D$3,$E9,0)+IF($F9<>CONTROL!$D$3,$F9,0)),$F9<>CONTROL!$D$3),CONTROL!$D$2,CONTROL!$D$3)))) -> Standard | O9: =IF($E9=CONTROL!$D$4,CONTROL!$D$4,IF(AND(O$6<=$E9,$E9<>CONTROL!$D$3),CONTROL!$D$1,IF($F9=CONTROL!$D$4,CONTROL!$D$4,IF(AND(O$6<=(IF($E9<>CONTROL!$D$3,$E9,0)+IF($F9<>CONTROL!$D$3,$F9,0)),$F9<>CONTROL!$D$3),CONTROL!$D$2,CONTROL!$D$3)))) -> * | P9: =IF($E9=CONTROL!$D$4,CONTROL!$D$4,IF(AND(P$6<=$E9,$E9<>CONTROL!$D$3),CONTROL!$D$1,IF($F9=CONTROL!$D$4,CONTROL!$D$4,IF(AND(P$6<=(IF($E9<>CONTROL!$D$3,$E9,0)+IF($F9<>CONTROL!$D$3,$F9,0)),$F9<>CONTROL!$D$3),CONTROL!$D$2,CONTROL!$D$3)))) -> * | Q9: =IF($E9=CONTROL!$D$4,CONTROL!$D$4,IF(AND(Q$6<=$E9,$E9<>CONTROL!$D$3),CONTROL!$D$1,IF($F9=CONTROL!$D$4,CONTROL!$D$4,IF(AND(Q$6<=(IF($E9<>CONTROL!$D$3,$E9,0)+IF($F9<>CONTROL!$D$3,$F9,0)),$F9<>CONTROL!$D$3),CONTROL!$D$2,CONTROL!$D$3)))) -> * | ... AC9: =IF($E9=CONTROL!$D$4,CONTROL!$D$4,IF(AND(AC$6<=$E9,$E9<>CONTROL!$D$3),CONTROL!$D$1,IF($F9=CONTROL!$D$4,CONTROL!$D$4,IF(AND(AC$6<=(IF($E9<>CONTROL!$D$3,$E9,0)+IF($F9<>CONTROL!$D$3,$F9,0)),$F9<>CONTROL!$D$3),CONTROL!$D$2,CONTROL!$D$3)))) -> *
I10: Cost per year [EUR] | J10: =IF(J9=CONTROL!$D$2,CONTROL!$D$5,CONTROL!$D$3) -> N/A | K10: =IF(K9=CONTROL!$D$2,CONTROL!$D$5,CONTROL!$D$3) -> N/A | L10: =IF(L9=CONTROL!$D$2,CONTROL!$D$5,CONTROL!$D$3) -> N/A | M10: =IF(M9=CONTROL!$D$2,CONTROL!$D$5,CONTROL!$D$3) -> N/A | N10: =IF(N9=CONTROL!$D$2,CONTROL!$D$5,CONTROL!$D$3) -> N/A | O10: =IF(O9=CONTROL!$D$2,CONTROL!$D$5,CONTROL!$D$3) -> N/A | P10: =IF(P9=CONTROL!$D$2,CONTROL!$D$5,CONTROL!$D$3) -> N/A | Q10: =IF(Q9=CONTROL!$D$2,CONTROL!$D$5,CONTROL!$D$3) -> N/A | ... AC10: =IF(AC9=CONTROL!$D$2,CONTROL!$D$5,CONTROL!$D$3) -> N/A
C11: Defects: Plant controller and SCADA | E11: 2 | F11: * | I11: Standard/ Extension | J11: =IF($E11=CONTROL!$D$4,CONTROL!$D$4,IF(AND(J$6<=$E11,$E11<>CONTROL!$D$3),CONTROL!$D$1,IF($F11=CONTROL!$D$4,CONTROL!$D$4,IF(AND(J$6<=(IF($E11<>CONTROL!$D$3,$E11,0)+IF($F11<>CONTROL!$D$3,$F11,0)),$F11<>CONTROL!$D$3),CONTROL!$D$2,CONTROL!$D$3)))) -> Standard | K11: =IF($E11=CONTROL!$D$4,CONTROL!$D$4,IF(AND(K$6<=$E11,$E11<>CONTROL!$D$3),CONTROL!$D$1,IF($F11=CONTROL!$D$4,CONTROL!$D$4,IF(AND(K$6<=(IF($E11<>CONTROL!$D$3,$E11,0)+IF($F11<>CONTROL!$D$3,$F11,0)),$F11<>CONTROL!$D$3),CONTROL!$D$2,CONTROL!$D$3)))) -> Standard | L11: =IF($E11=CONTROL!$D$4,CONTROL!$D$4,IF(AND(L$6<=$E11,$E11<>CONTROL!$D$3),CONTROL!$D$1,IF($F11=CONTROL!$D$4,CONTROL!$D$4,IF(AND(L$6<=(IF($E11<>CONTROL!$D$3,$E11,0)+IF($F11<>CONTROL!$D$3,$F11,0)),$F11<>CONTROL!$D$3),CONTROL!$D$2,CONTROL!$D$3)))) -> * | M11: =IF($E11=CONTROL!$D$4,CONTROL!$D$4,IF(AND(M$6<=$E11,$E11<>CONTROL!$D$3),CONTROL!$D$1,IF($F11=CONTROL!$D$4,CONTROL!$D$4,IF(AND(M$6<=(IF($E11<>CONTROL!$D$3,$E11,0)+IF($F11<>CONTROL!$D$3,$F11,0)),$F11<>CONTROL!$D$3),CONTROL!$D$2,CONTROL!$D$3)))) -> * | N11: =IF($E11=CONTROL!$D$4,CONTROL!$D$4,IF(AND(N$6<=$E11,$E11<>CONTROL!$D$3),CONTROL!$D$1,IF($F11=CONTROL!$D$4,CONTROL!$D$4,IF(AND(N$6<=(IF($E11<>CONTROL!$D$3,$E11,0)+IF($F11<>CONTROL!$D$3,$F11,0)),$F11<>CONTROL!$D$3),CONTROL!$D$2,CONTROL!$D$3)))) -> * | O11: =IF($E11=CONTROL!$D$4,CONTROL!$D$4,IF(AND(O$6<=$E11,$E11<>CONTROL!$D$3),CONTROL!$D$1,IF($F11=CONTROL!$D$4,CONTROL!$D$4,IF(AND(O$6<=(IF($E11<>CONTROL!$D$3,$E11,0)+IF($F11<>CONTROL!$D$3,$F11,0)),$F11<>CONTROL!$D$3),CONTROL!$D$2,CONTROL!$D$3)))) -> * | P11: =IF($E11=CONTROL!$D$4,CONTROL!$D$4,IF(AND(P$6<=$E11,$E11<>CONTROL!$D$3),CONTROL!$D$1,IF($F11=CONTROL!$D$4,CONTROL!$D$4,IF(AND(P$6<=(IF($E11<>CONTROL!$D$3,$E11,0)+IF($F11<>CONTROL!$D$3,$F11,0)),$F11<>CONTROL!$D$3),CONTROL!$D$2,CONTROL!$D$3)))) -> * | Q11: =IF($E11=CONTROL!$D$4,CONTROL!$D$4,IF(AND(Q$6<=$E11,$E11<>CONTROL!$D$3),CONTROL!$D$1,IF($F11=CONTROL!$D$4,CONTROL!$D$4,IF(AND(Q$6<=(IF($E11<>CONTROL!$D$3,$E11,0)+IF($F11<>CONTROL!$D$3,$F11,0)),$F11<>CONTROL!$D$3),CONTROL!$D$2,CONTROL!$D$3)))) -> * | ... AC11: =IF($E11=CONTROL!$D$4,CONTROL!$D$4,IF(AND(AC$6<=$E11,$E11<>CONTROL!$D$3),CONTROL!$D$1,IF($F11=CONTROL!$D$4,CONTROL!$D$4,IF(AND(AC$6<=(IF($E11<>CONTROL!$D$3,$E11,0)+IF($F11<>CONTROL!$D$3,$F11,0)),$F11<>CONTROL!$D$3),CONTROL!$D$2,CONTROL!$D$3)))) -> *
I12: Cost per year [EUR] | J12: =IF(J11=CONTROL!$D$2,CONTROL!$D$5,CONTROL!$D$3) -> N/A | K12: =IF(K11=CONTROL!$D$2,CONTROL!$D$5,CONTROL!$D$3) -> N/A | L12: =IF(L11=CONTROL!$D$2,CONTROL!$D$5,CONTROL!$D$3) -> N/A | M12: =IF(M11=CONTROL!$D$2,CONTROL!$D$5,CONTROL!$D$3) -> N/A | N12: =IF(N11=CONTROL!$D$2,CONTROL!$D$5,CONTROL!$D$3) -> N/A | O12: =IF(O11=CONTROL!$D$2,CONTROL!$D$5,CONTROL!$D$3) -> N/A | P12: =IF(P11=CONTROL!$D$2,CONTROL!$D$5,CONTROL!$D$3) -> N/A | Q12: =IF(Q11=CONTROL!$D$2,CONTROL!$D$5,CONTROL!$D$3) -> N/A | ... AC12: =IF(AC11=CONTROL!$D$2,CONTROL!$D$5,CONTROL!$D$3) -> N/A
C13: Defects: Other warranty from OEM | E13: 5 | F13: * | I13: Standard/ Extension | J13: =IF($E13=CONTROL!$D$4,CONTROL!$D$4,IF(AND(J$6<=$E13,$E13<>CONTROL!$D$3),CONTROL!$D$1,IF($F13=CONTROL!$D$4,CONTROL!$D$4,IF(AND(J$6<=(IF($E13<>CONTROL!$D$3,$E13,0)+IF($F13<>CONTROL!$D$3,$F13,0)),$F13<>CONTROL!$D$3),CONTROL!$D$2,CONTROL!$D$3)))) -> Standard | K13: =IF($E13=CONTROL!$D$4,CONTROL!$D$4,IF(AND(K$6<=$E13,$E13<>CONTROL!$D$3),CONTROL!$D$1,IF($F13=CONTROL!$D$4,CONTROL!$D$4,IF(AND(K$6<=(IF($E13<>CONTROL!$D$3,$E13,0)+IF($F13<>CONTROL!$D$3,$F13,0)),$F13<>CONTROL!$D$3),CONTROL!$D$2,CONTROL!$D$3)))) -> Standard | L13: =IF($E13=CONTROL!$D$4,CONTROL!$D$4,IF(AND(L$6<=$E13,$E13<>CONTROL!$D$3),CONTROL!$D$1,IF($F13=CONTROL!$D$4,CONTROL!$D$4,IF(AND(L$6<=(IF($E13<>CONTROL!$D$3,$E13,0)+IF($F13<>CONTROL!$D$3,$F13,0)),$F13<>CONTROL!$D$3),CONTROL!$D$2,CONTROL!$D$3)))) -> Standard | M13: =IF($E13=CONTROL!$D$4,CONTROL!$D$4,IF(AND(M$6<=$E13,$E13<>CONTROL!$D$3),CONTROL!$D$1,IF($F13=CONTROL!$D$4,CONTROL!$D$4,IF(AND(M$6<=(IF($E13<>CONTROL!$D$3,$E13,0)+IF($F13<>CONTROL!$D$3,$F13,0)),$F13<>CONTROL!$D$3),CONTROL!$D$2,CONTROL!$D$3)))) -> Standard | N13: =IF($E13=CONTROL!$D$4,CONTROL!$D$4,IF(AND(N$6<=$E13,$E13<>CONTROL!$D$3),CONTROL!$D$1,IF($F13=CONTROL!$D$4,CONTROL!$D$4,IF(AND(N$6<=(IF($E13<>CONTROL!$D$3,$E13,0)+IF($F13<>CONTROL!$D$3,$F13,0)),$F13<>CONTROL!$D$3),CONTROL!$D$2,CONTROL!$D$3)))) -> Standard | O13: =IF($E13=CONTROL!$D$4,CONTROL!$D$4,IF(AND(O$6<=$E13,$E13<>CONTROL!$D$3),CONTROL!$D$1,IF($F13=CONTROL!$D$4,CONTROL!$D$4,IF(AND(O$6<=(IF($E13<>CONTROL!$D$3,$E13,0)+IF($F13<>CONTROL!$D$3,$F13,0)),$F13<>CONTROL!$D$3),CONTROL!$D$2,CONTROL!$D$3)))) -> * | P13: =IF($E13=CONTROL!$D$4,CONTROL!$D$4,IF(AND(P$6<=$E13,$E13<>CONTROL!$D$3),CONTROL!$D$1,IF($F13=CONTROL!$D$4,CONTROL!$D$4,IF(AND(P$6<=(IF($E13<>CONTROL!$D$3,$E13,0)+IF($F13<>CONTROL!$D$3,$F13,0)),$F13<>CONTROL!$D$3),CONTROL!$D$2,CONTROL!$D$3)))) -> * | Q13: =IF($E13=CONTROL!$D$4,CONTROL!$D$4,IF(AND(Q$6<=$E13,$E13<>CONTROL!$D$3),CONTROL!$D$1,IF($F13=CONTROL!$D$4,CONTROL!$D$4,IF(AND(Q$6<=(IF($E13<>CONTROL!$D$3,$E13,0)+IF($F13<>CONTROL!$D$3,$F13,0)),$F13<>CONTROL!$D$3),CONTROL!$D$2,CONTROL!$D$3)))) -> * | ... AC13: =IF($E13=CONTROL!$D$4,CONTROL!$D$4,IF(AND(AC$6<=$E13,$E13<>CONTROL!$D$3),CONTROL!$D$1,IF($F13=CONTROL!$D$4,CONTROL!$D$4,IF(AND(AC$6<=(IF($E13<>CONTROL!$D$3,$E13,0)+IF($F13<>CONTROL!$D$3,$F13,0)),$F13<>CONTROL!$D$3),CONTROL!$D$2,CONTROL!$D$3)))) -> *
I14: Cost per year [EUR] | J14: =IF(J13=CONTROL!$D$2,CONTROL!$D$5,CONTROL!$D$3) -> N/A | K14: =IF(K13=CONTROL!$D$2,CONTROL!$D$5,CONTROL!$D$3) -> N/A | L14: =IF(L13=CONTROL!$D$2,CONTROL!$D$5,CONTROL!$D$3) -> N/A | M14: =IF(M13=CONTROL!$D$2,CONTROL!$D$5,CONTROL!$D$3) -> N/A | N14: =IF(N13=CONTROL!$D$2,CONTROL!$D$5,CONTROL!$D$3) -> N/A | O14: =IF(O13=CONTROL!$D$2,CONTROL!$D$5,CONTROL!$D$3) -> N/A | P14: =IF(P13=CONTROL!$D$2,CONTROL!$D$5,CONTROL!$D$3) -> N/A | Q14: =IF(Q13=CONTROL!$D$2,CONTROL!$D$5,CONTROL!$D$3) -> N/A | ... AC14: =IF(AC13=CONTROL!$D$2,CONTROL!$D$5,CONTROL!$D$3) -> N/A
C15: Defects: HV transformer and HV/MV switchgear (if within OEM scope of supply) | E15: 5 | F15: * | I15: Standard/ Extension | J15: =IF($E15=CONTROL!$D$4,CONTROL!$D$4,IF(AND(J$6<=$E15,$E15<>CONTROL!$D$3),CONTROL!$D$1,IF($F15=CONTROL!$D$4,CONTROL!$D$4,IF(AND(J$6<=(IF($E15<>CONTROL!$D$3,$E15,0)+IF($F15<>CONTROL!$D$3,$F15,0)),$F15<>CONTROL!$D$3),CONTROL!$D$2,CONTROL!$D$3)))) -> Standard | K15: =IF($E15=CONTROL!$D$4,CONTROL!$D$4,IF(AND(K$6<=$E15,$E15<>CONTROL!$D$3),CONTROL!$D$1,IF($F15=CONTROL!$D$4,CONTROL!$D$4,IF(AND(K$6<=(IF($E15<>CONTROL!$D$3,$E15,0)+IF($F15<>CONTROL!$D$3,$F15,0)),$F15<>CONTROL!$D$3),CONTROL!$D$2,CONTROL!$D$3)))) -> Standard | L15: =IF($E15=CONTROL!$D$4,CONTROL!$D$4,IF(AND(L$6<=$E15,$E15<>CONTROL!$D$3),CONTROL!$D$1,IF($F15=CONTROL!$D$4,CONTROL!$D$4,IF(AND(L$6<=(IF($E15<>CONTROL!$D$3,$E15,0)+IF($F15<>CONTROL!$D$3,$F15,0)),$F15<>CONTROL!$D$3),CONTROL!$D$2,CONTROL!$D$3)))) -> Standard | M15: =IF($E15=CONTROL!$D$4,CONTROL!$D$4,IF(AND(M$6<=$E15,$E15<>CONTROL!$D$3),CONTROL!$D$1,IF($F15=CONTROL!$D$4,CONTROL!$D$4,IF(AND(M$6<=(IF($E15<>CONTROL!$D$3,$E15,0)+IF($F15<>CONTROL!$D$3,$F15,0)),$F15<>CONTROL!$D$3),CONTROL!$D$2,CONTROL!$D$3)))) -> Standard | N15: =IF($E15=CONTROL!$D$4,CONTROL!$D$4,IF(AND(N$6<=$E15,$E15<>CONTROL!$D$3),CONTROL!$D$1,IF($F15=CONTROL!$D$4,CONTROL!$D$4,IF(AND(N$6<=(IF($E15<>CONTROL!$D$3,$E15,0)+IF($F15<>CONTROL!$D$3,$F15,0)),$F15<>CONTROL!$D$3),CONTROL!$D$2,CONTROL!$D$3)))) -> Standard | O15: =IF($E15=CONTROL!$D$4,CONTROL!$D$4,IF(AND(O$6<=$E15,$E15<>CONTROL!$D$3),CONTROL!$D$1,IF($F15=CONTROL!$D$4,CONTROL!$D$4,IF(AND(O$6<=(IF($E15<>CONTROL!$D$3,$E15,0)+IF($F15<>CONTROL!$D$3,$F15,0)),$F15<>CONTROL!$D$3),CONTROL!$D$2,CONTROL!$D$3)))) -> * | P15: =IF($E15=CONTROL!$D$4,CONTROL!$D$4,IF(AND(P$6<=$E15,$E15<>CONTROL!$D$3),CONTROL!$D$1,IF($F15=CONTROL!$D$4,CONTROL!$D$4,IF(AND(P$6<=(IF($E15<>CONTROL!$D$3,$E15,0)+IF($F15<>CONTROL!$D$3,$F15,0)),$F15<>CONTROL!$D$3),CONTROL!$D$2,CONTROL!$D$3)))) -> * | Q15: =IF($E15=CONTROL!$D$4,CONTROL!$D$4,IF(AND(Q$6<=$E15,$E15<>CONTROL!$D$3),CONTROL!$D$1,IF($F15=CONTROL!$D$4,CONTROL!$D$4,IF(AND(Q$6<=(IF($E15<>CONTROL!$D$3,$E15,0)+IF($F15<>CONTROL!$D$3,$F15,0)),$F15<>CONTROL!$D$3),CONTROL!$D$2,CONTROL!$D$3)))) -> * | ... AC15: =IF($E15=CONTROL!$D$4,CONTROL!$D$4,IF(AND(AC$6<=$E15,$E15<>CONTROL!$D$3),CONTROL!$D$1,IF($F15=CONTROL!$D$4,CONTROL!$D$4,IF(AND(AC$6<=(IF($E15<>CONTROL!$D$3,$E15,0)+IF($F15<>CONTROL!$D$3,$F15,0)),$F15<>CONTROL!$D$3),CONTROL!$D$2,CONTROL!$D$3)))) -> *
I16: Cost per year [EUR] | J16: =IF(J15=CONTROL!$D$2,CONTROL!$D$5,CONTROL!$D$3) -> N/A | K16: =IF(K15=CONTROL!$D$2,CONTROL!$D$5,CONTROL!$D$3) -> N/A | L16: =IF(L15=CONTROL!$D$2,CONTROL!$D$5,CONTROL!$D$3) -> N/A | M16: =IF(M15=CONTROL!$D$2,CONTROL!$D$5,CONTROL!$D$3) -> N/A | N16: =IF(N15=CONTROL!$D$2,CONTROL!$D$5,CONTROL!$D$3) -> N/A | O16: =IF(O15=CONTROL!$D$2,CONTROL!$D$5,CONTROL!$D$3) -> N/A | P16: =IF(P15=CONTROL!$D$2,CONTROL!$D$5,CONTROL!$D$3) -> N/A | Q16: =IF(Q15=CONTROL!$D$2,CONTROL!$D$5,CONTROL!$D$3) -> N/A | ... AC16: =IF(AC15=CONTROL!$D$2,CONTROL!$D$5,CONTROL!$D$3) -> N/A
C17: A. Defects Warranty — sub-total (standard term: N/A; extension costs only) | I17: Sub-total [EUR/year] | J17: =IF(ISNUMBER(J8),J8,0)+IF(ISNUMBER(J10),J10,0)+IF(ISNUMBER(J12),J12,0)+IF(ISNUMBER(J14),J14,0)+IF(ISNUMBER(J16),J16,0) -> 0 | K17: =IF(ISNUMBER(K8),K8,0)+IF(ISNUMBER(K10),K10,0)+IF(ISNUMBER(K12),K12,0)+IF(ISNUMBER(K14),K14,0)+IF(ISNUMBER(K16),K16,0) -> 0 | L17: =IF(ISNUMBER(L8),L8,0)+IF(ISNUMBER(L10),L10,0)+IF(ISNUMBER(L12),L12,0)+IF(ISNUMBER(L14),L14,0)+IF(ISNUMBER(L16),L16,0) -> 0 | M17: =IF(ISNUMBER(M8),M8,0)+IF(ISNUMBER(M10),M10,0)+IF(ISNUMBER(M12),M12,0)+IF(ISNUMBER(M14),M14,0)+IF(ISNUMBER(M16),M16,0) -> 0 | N17: =IF(ISNUMBER(N8),N8,0)+IF(ISNUMBER(N10),N10,0)+IF(ISNUMBER(N12),N12,0)+IF(ISNUMBER(N14),N14,0)+IF(ISNUMBER(N16),N16,0) -> 0 | O17: =IF(ISNUMBER(O8),O8,0)+IF(ISNUMBER(O10),O10,0)+IF(ISNUMBER(O12),O12,0)+IF(ISNUMBER(O14),O14,0)+IF(ISNUMBER(O16),O16,0) -> 0 | P17: =IF(ISNUMBER(P8),P8,0)+IF(ISNUMBER(P10),P10,0)+IF(ISNUMBER(P12),P12,0)+IF(ISNUMBER(P14),P14,0)+IF(ISNUMBER(P16),P16,0) -> 0 | Q17: =IF(ISNUMBER(Q8),Q8,0)+IF(ISNUMBER(Q10),Q10,0)+IF(ISNUMBER(Q12),Q12,0)+IF(ISNUMBER(Q14),Q14,0)+IF(ISNUMBER(Q16),Q16,0) -> 0 | ... AC17: =IF(ISNUMBER(AC8),AC8,0)+IF(ISNUMBER(AC10),AC10,0)+IF(ISNUMBER(AC12),AC12,0)+IF(ISNUMBER(AC14),AC14,0)+IF(ISNUMBER(AC16),AC16,0) -> 0
C19: B. CAPACITY WARRANTY [See Section F (rows 62+) for Delayed COD adjustment coefficients to be applied to the SOH/warranty curve]
C20: Warranties | E20: Warranty term [years] | G20: End of life [% of BOL energy cap.] | J20: Years
E21: Standard term | F21: Optional extension(s) | J21: 1 | K21: 2 | L21: 3 | M21: 4 | N21: 5 | O21: 6 | P21: 7 | Q21: 8 | R21: 9 | S21: 10 | T21: 11 | U21: 12 | V21: 13 | W21: 14 | X21: 15 | Y21: 16 | Z21: 17 | AA21: 18 | AB21: 19 | AC21: 20
C22: Capacity warranty - 548 cycles (1,5 cycles per day) - Base case | E22: 2 | F22: 20 | G22: * | I22: Standard/ Extension | J22: =IF($E22=CONTROL!$D$4,CONTROL!$D$4,IF(AND(J$6<=$E22,$E22<>CONTROL!$D$3),CONTROL!$D$1,IF($F22=CONTROL!$D$4,CONTROL!$D$4,IF(AND(J$6<=(IF($E22<>CONTROL!$D$3,$E22,0)+IF($F22<>CONTROL!$D$3,$F22,0)),$F22<>CONTROL!$D$3),CONTROL!$D$2,CONTROL!$D$3)))) -> Standard | K22: =IF($E22=CONTROL!$D$4,CONTROL!$D$4,IF(AND(K$6<=$E22,$E22<>CONTROL!$D$3),CONTROL!$D$1,IF($F22=CONTROL!$D$4,CONTROL!$D$4,IF(AND(K$6<=(IF($E22<>CONTROL!$D$3,$E22,0)+IF($F22<>CONTROL!$D$3,$F22,0)),$F22<>CONTROL!$D$3),CONTROL!$D$2,CONTROL!$D$3)))) -> Standard | L22: =IF($E22=CONTROL!$D$4,CONTROL!$D$4,IF(AND(L$6<=$E22,$E22<>CONTROL!$D$3),CONTROL!$D$1,IF($F22=CONTROL!$D$4,CONTROL!$D$4,IF(AND(L$6<=(IF($E22<>CONTROL!$D$3,$E22,0)+IF($F22<>CONTROL!$D$3,$F22,0)),$F22<>CONTROL!$D$3),CONTROL!$D$2,CONTROL!$D$3)))) -> Extension | M22: =IF($E22=CONTROL!$D$4,CONTROL!$D$4,IF(AND(M$6<=$E22,$E22<>CONTROL!$D$3),CONTROL!$D$1,IF($F22=CONTROL!$D$4,CONTROL!$D$4,IF(AND(M$6<=(IF($E22<>CONTROL!$D$3,$E22,0)+IF($F22<>CONTROL!$D$3,$F22,0)),$F22<>CONTROL!$D$3),CONTROL!$D$2,CONTROL!$D$3)))) -> Extension | N22: =IF($E22=CONTROL!$D$4,CONTROL!$D$4,IF(AND(N$6<=$E22,$E22<>CONTROL!$D$3),CONTROL!$D$1,IF($F22=CONTROL!$D$4,CONTROL!$D$4,IF(AND(N$6<=(IF($E22<>CONTROL!$D$3,$E22,0)+IF($F22<>CONTROL!$D$3,$F22,0)),$F22<>CONTROL!$D$3),CONTROL!$D$2,CONTROL!$D$3)))) -> Extension | O22: =IF($E22=CONTROL!$D$4,CONTROL!$D$4,IF(AND(O$6<=$E22,$E22<>CONTROL!$D$3),CONTROL!$D$1,IF($F22=CONTROL!$D$4,CONTROL!$D$4,IF(AND(O$6<=(IF($E22<>CONTROL!$D$3,$E22,0)+IF($F22<>CONTROL!$D$3,$F22,0)),$F22<>CONTROL!$D$3),CONTROL!$D$2,CONTROL!$D$3)))) -> Extension | P22: =IF($E22=CONTROL!$D$4,CONTROL!$D$4,IF(AND(P$6<=$E22,$E22<>CONTROL!$D$3),CONTROL!$D$1,IF($F22=CONTROL!$D$4,CONTROL!$D$4,IF(AND(P$6<=(IF($E22<>CONTROL!$D$3,$E22,0)+IF($F22<>CONTROL!$D$3,$F22,0)),$F22<>CONTROL!$D$3),CONTROL!$D$2,CONTROL!$D$3)))) -> Extension | Q22: =IF($E22=CONTROL!$D$4,CONTROL!$D$4,IF(AND(Q$6<=$E22,$E22<>CONTROL!$D$3),CONTROL!$D$1,IF($F22=CONTROL!$D$4,CONTROL!$D$4,IF(AND(Q$6<=(IF($E22<>CONTROL!$D$3,$E22,0)+IF($F22<>CONTROL!$D$3,$F22,0)),$F22<>CONTROL!$D$3),CONTROL!$D$2,CONTROL!$D$3)))) -> Extension | ... AC22: =IF($E22=CONTROL!$D$4,CONTROL!$D$4,IF(AND(AC$6<=$E22,$E22<>CONTROL!$D$3),CONTROL!$D$1,IF($F22=CONTROL!$D$4,CONTROL!$D$4,IF(AND(AC$6<=(IF($E22<>CONTROL!$D$3,$E22,0)+IF($F22<>CONTROL!$D$3,$F22,0)),$F22<>CONTROL!$D$3),CONTROL!$D$2,CONTROL!$D$3)))) -> Extension
I23: Guaranteed level [MWh] | J23: =IF(OR(J22=CONTROL!$D$1,J22=CONTROL!$D$2),CONTROL!$D$4,CONTROL!$D$3) -> * | K23: =IF(OR(K22=CONTROL!$D$1,K22=CONTROL!$D$2),CONTROL!$D$4,CONTROL!$D$3) -> * | L23: =IF(OR(L22=CONTROL!$D$1,L22=CONTROL!$D$2),CONTROL!$D$4,CONTROL!$D$3) -> * | M23: =IF(OR(M22=CONTROL!$D$1,M22=CONTROL!$D$2),CONTROL!$D$4,CONTROL!$D$3) -> * | N23: =IF(OR(N22=CONTROL!$D$1,N22=CONTROL!$D$2),CONTROL!$D$4,CONTROL!$D$3) -> * | O23: =IF(OR(O22=CONTROL!$D$1,O22=CONTROL!$D$2),CONTROL!$D$4,CONTROL!$D$3) -> * | P23: =IF(OR(P22=CONTROL!$D$1,P22=CONTROL!$D$2),CONTROL!$D$4,CONTROL!$D$3) -> * | Q23: =IF(OR(Q22=CONTROL!$D$1,Q22=CONTROL!$D$2),CONTROL!$D$4,CONTROL!$D$3) -> * | ... AC23: =IF(OR(AC22=CONTROL!$D$1,AC22=CONTROL!$D$2),CONTROL!$D$4,CONTROL!$D$3) -> *
I24: Cost per year [EUR] | J24: =IF(J22=CONTROL!$D$2,CONTROL!$D$5,CONTROL!$D$3) -> N/A | K24: =IF(K22=CONTROL!$D$2,CONTROL!$D$5,CONTROL!$D$3) -> N/A | L24: =IF(L22=CONTROL!$D$2,CONTROL!$D$5,CONTROL!$D$3) -> Enter cost | M24: =IF(M22=CONTROL!$D$2,CONTROL!$D$5,CONTROL!$D$3) -> Enter cost | N24: =IF(N22=CONTROL!$D$2,CONTROL!$D$5,CONTROL!$D$3) -> Enter cost | O24: =IF(O22=CONTROL!$D$2,CONTROL!$D$5,CONTROL!$D$3) -> Enter cost | P24: =IF(P22=CONTROL!$D$2,CONTROL!$D$5,CONTROL!$D$3) -> Enter cost | Q24: =IF(Q22=CONTROL!$D$2,CONTROL!$D$5,CONTROL!$D$3) -> Enter cost | ... AC24: =IF(AC22=CONTROL!$D$2,CONTROL!$D$5,CONTROL!$D$3) -> Enter cost
C25: B. Capacity Warranty — sub-total (standard term: N/A; extension costs only) | I25: Sub-total [EUR/year] | J25: =IF(ISNUMBER(J24),J24,0)+IF(ISNUMBER(#REF!),#REF!,0)+IF(ISNUMBER(#REF!),#REF!,0) -> 0 | K25: =IF(ISNUMBER(K24),K24,0)+IF(ISNUMBER(#REF!),#REF!,0)+IF(ISNUMBER(#REF!),#REF!,0) -> 0 | L25: =IF(ISNUMBER(L24),L24,0)+IF(ISNUMBER(#REF!),#REF!,0)+IF(ISNUMBER(#REF!),#REF!,0) -> 0 | M25: =IF(ISNUMBER(M24),M24,0)+IF(ISNUMBER(#REF!),#REF!,0)+IF(ISNUMBER(#REF!),#REF!,0) -> 0 | N25: =IF(ISNUMBER(N24),N24,0)+IF(ISNUMBER(#REF!),#REF!,0)+IF(ISNUMBER(#REF!),#REF!,0) -> 0 | O25: =IF(ISNUMBER(O24),O24,0)+IF(ISNUMBER(#REF!),#REF!,0)+IF(ISNUMBER(#REF!),#REF!,0) -> 0 | P25: =IF(ISNUMBER(P24),P24,0)+IF(ISNUMBER(#REF!),#REF!,0)+IF(ISNUMBER(#REF!),#REF!,0) -> 0 | Q25: =IF(ISNUMBER(Q24),Q24,0)+IF(ISNUMBER(#REF!),#REF!,0)+IF(ISNUMBER(#REF!),#REF!,0) -> 0 | ... AC25: =IF(ISNUMBER(AC24),AC24,0)+IF(ISNUMBER(#REF!),#REF!,0)+IF(ISNUMBER(#REF!),#REF!,0) -> 0
C27: C. ROUND-TRIP EFFICIENCY WARRANTY [See Section G (rows 87+) for required RTE component efficiency breakdown and warranted RTE calculation per [F.4]]
C28: Warranties | E28: Warranty term [years] | J28: Years
E29: Standard term | F29: Optional extension(s) | J29: 1 | K29: 2 | L29: 3 | M29: 4 | N29: 5 | O29: 6 | P29: 7 | Q29: 8 | R29: 9 | S29: 10 | T29: 11 | U29: 12 | V29: 13 | W29: 14 | X29: 15 | Y29: 16 | Z29: 17 | AA29: 18 | AB29: 19 | AC29: 20
C30: RTE warranty - 548 cycles (1,5 cycles per day) at 100% of the Nominal Power Capacity (Pn) (at POC With Auxiliaries Consumption) | E30: 2 | F30: 20 | I30: Standard/ Extension | J30: =IF($E30=CONTROL!$D$4,CONTROL!$D$4,IF(AND(J$6<=$E30,$E30<>CONTROL!$D$3),CONTROL!$D$1,IF($F30=CONTROL!$D$4,CONTROL!$D$4,IF(AND(J$6<=(IF($E30<>CONTROL!$D$3,$E30,0)+IF($F30<>CONTROL!$D$3,$F30,0)),$F30<>CONTROL!$D$3),CONTROL!$D$2,CONTROL!$D$3)))) -> Standard | K30: =IF($E30=CONTROL!$D$4,CONTROL!$D$4,IF(AND(K$6<=$E30,$E30<>CONTROL!$D$3),CONTROL!$D$1,IF($F30=CONTROL!$D$4,CONTROL!$D$4,IF(AND(K$6<=(IF($E30<>CONTROL!$D$3,$E30,0)+IF($F30<>CONTROL!$D$3,$F30,0)),$F30<>CONTROL!$D$3),CONTROL!$D$2,CONTROL!$D$3)))) -> Standard | L30: =IF($E30=CONTROL!$D$4,CONTROL!$D$4,IF(AND(L$6<=$E30,$E30<>CONTROL!$D$3),CONTROL!$D$1,IF($F30=CONTROL!$D$4,CONTROL!$D$4,IF(AND(L$6<=(IF($E30<>CONTROL!$D$3,$E30,0)+IF($F30<>CONTROL!$D$3,$F30,0)),$F30<>CONTROL!$D$3),CONTROL!$D$2,CONTROL!$D$3)))) -> Extension | M30: =IF($E30=CONTROL!$D$4,CONTROL!$D$4,IF(AND(M$6<=$E30,$E30<>CONTROL!$D$3),CONTROL!$D$1,IF($F30=CONTROL!$D$4,CONTROL!$D$4,IF(AND(M$6<=(IF($E30<>CONTROL!$D$3,$E30,0)+IF($F30<>CONTROL!$D$3,$F30,0)),$F30<>CONTROL!$D$3),CONTROL!$D$2,CONTROL!$D$3)))) -> Extension | N30: =IF($E30=CONTROL!$D$4,CONTROL!$D$4,IF(AND(N$6<=$E30,$E30<>CONTROL!$D$3),CONTROL!$D$1,IF($F30=CONTROL!$D$4,CONTROL!$D$4,IF(AND(N$6<=(IF($E30<>CONTROL!$D$3,$E30,0)+IF($F30<>CONTROL!$D$3,$F30,0)),$F30<>CONTROL!$D$3),CONTROL!$D$2,CONTROL!$D$3)))) -> Extension | O30: =IF($E30=CONTROL!$D$4,CONTROL!$D$4,IF(AND(O$6<=$E30,$E30<>CONTROL!$D$3),CONTROL!$D$1,IF($F30=CONTROL!$D$4,CONTROL!$D$4,IF(AND(O$6<=(IF($E30<>CONTROL!$D$3,$E30,0)+IF($F30<>CONTROL!$D$3,$F30,0)),$F30<>CONTROL!$D$3),CONTROL!$D$2,CONTROL!$D$3)))) -> Extension | P30: =IF($E30=CONTROL!$D$4,CONTROL!$D$4,IF(AND(P$6<=$E30,$E30<>CONTROL!$D$3),CONTROL!$D$1,IF($F30=CONTROL!$D$4,CONTROL!$D$4,IF(AND(P$6<=(IF($E30<>CONTROL!$D$3,$E30,0)+IF($F30<>CONTROL!$D$3,$F30,0)),$F30<>CONTROL!$D$3),CONTROL!$D$2,CONTROL!$D$3)))) -> Extension | Q30: =IF($E30=CONTROL!$D$4,CONTROL!$D$4,IF(AND(Q$6<=$E30,$E30<>CONTROL!$D$3),CONTROL!$D$1,IF($F30=CONTROL!$D$4,CONTROL!$D$4,IF(AND(Q$6<=(IF($E30<>CONTROL!$D$3,$E30,0)+IF($F30<>CONTROL!$D$3,$F30,0)),$F30<>CONTROL!$D$3),CONTROL!$D$2,CONTROL!$D$3)))) -> Extension | ... AC30: =IF($E30=CONTROL!$D$4,CONTROL!$D$4,IF(AND(AC$6<=$E30,$E30<>CONTROL!$D$3),CONTROL!$D$1,IF($F30=CONTROL!$D$4,CONTROL!$D$4,IF(AND(AC$6<=(IF($E30<>CONTROL!$D$3,$E30,0)+IF($F30<>CONTROL!$D$3,$F30,0)),$F30<>CONTROL!$D$3),CONTROL!$D$2,CONTROL!$D$3)))) -> Extension
I31: Guaranteed level [%] - 100% Pn | J31: =IF(OR(J30=CONTROL!$D$1,J30=CONTROL!$D$2),CONTROL!$D$4,CONTROL!$D$3) -> * | K31: =IF(OR(K30=CONTROL!$D$1,K30=CONTROL!$D$2),CONTROL!$D$4,CONTROL!$D$3) -> * | L31: =IF(OR(L30=CONTROL!$D$1,L30=CONTROL!$D$2),CONTROL!$D$4,CONTROL!$D$3) -> * | M31: =IF(OR(M30=CONTROL!$D$1,M30=CONTROL!$D$2),CONTROL!$D$4,CONTROL!$D$3) -> * | N31: =IF(OR(N30=CONTROL!$D$1,N30=CONTROL!$D$2),CONTROL!$D$4,CONTROL!$D$3) -> * | O31: =IF(OR(O30=CONTROL!$D$1,O30=CONTROL!$D$2),CONTROL!$D$4,CONTROL!$D$3) -> * | P31: =IF(OR(P30=CONTROL!$D$1,P30=CONTROL!$D$2),CONTROL!$D$4,CONTROL!$D$3) -> * | Q31: =IF(OR(Q30=CONTROL!$D$1,Q30=CONTROL!$D$2),CONTROL!$D$4,CONTROL!$D$3) -> * | ... AC31: =IF(OR(AC30=CONTROL!$D$1,AC30=CONTROL!$D$2),CONTROL!$D$4,CONTROL!$D$3) -> *
I32: Cost per year [EUR] | J32: =IF(J30=CONTROL!$D$2,CONTROL!$D$5,CONTROL!$D$3) -> N/A | K32: =IF(K30=CONTROL!$D$2,CONTROL!$D$5,CONTROL!$D$3) -> N/A | L32: =IF(L30=CONTROL!$D$2,CONTROL!$D$5,CONTROL!$D$3) -> Enter cost | M32: =IF(M30=CONTROL!$D$2,CONTROL!$D$5,CONTROL!$D$3) -> Enter cost | N32: =IF(N30=CONTROL!$D$2,CONTROL!$D$5,CONTROL!$D$3) -> Enter cost | O32: =IF(O30=CONTROL!$D$2,CONTROL!$D$5,CONTROL!$D$3) -> Enter cost | P32: =IF(P30=CONTROL!$D$2,CONTROL!$D$5,CONTROL!$D$3) -> Enter cost | Q32: =IF(Q30=CONTROL!$D$2,CONTROL!$D$5,CONTROL!$D$3) -> Enter cost | ... AC32: =IF(AC30=CONTROL!$D$2,CONTROL!$D$5,CONTROL!$D$3) -> Enter cost
C33: C. Round-Trip Efficiency Warranty — sub-total (extension costs only) | I33: Sub-total [EUR/year] | J33: =IF(ISNUMBER(J32),J32,0) -> 0 | K33: =IF(ISNUMBER(K32),K32,0) -> 0 | L33: =IF(ISNUMBER(L32),L32,0) -> 0 | M33: =IF(ISNUMBER(M32),M32,0) -> 0 | N33: =IF(ISNUMBER(N32),N32,0) -> 0 | O33: =IF(ISNUMBER(O32),O32,0) -> 0 | P33: =IF(ISNUMBER(P32),P32,0) -> 0 | Q33: =IF(ISNUMBER(Q32),Q32,0) -> 0 | ... AC33: =IF(ISNUMBER(AC32),AC32,0) -> 0
C36: How should we consider indexation of the OPEX throughout the years ? Choose from the list | E36: Fixed inflation percentage | I36: =IF(E36=C100,"",IF(OR(E36=C101,E36=C102),"Indicate the % applied:",IF(E36=C103,"Explain:",""))) -> Indicate the % applied:
C38: C.a RTE DETAILED BREAKDOWN — Component Efficiencies
C39: η — Transformer MV/HV [%]
C40: η — Cables MV [%]
C41: η — Transformer LV/MV [%]
C42: η — Cables / Breakers LV [%]
C43: η — PCS (Power Conversion System) [%]
C44: η — DC Cabling [%]
C45: η — Conversion Chain DC/AC [%]
C46: RTE Batteries DC/DC [%]
C47: Warranted RTE AC/AC (Without Auxiliaries Consumption) [%] ← = product of above per formula
C48: Warranted RTE AC/AC (With Auxiliaries Consumption) [%]
C49: SERVICE AND MAINTENANCE (O&M / LTSA) [Annual operational costs — core OPEX items to be priced by the Bidder. Years 1–2 are included in the CAPEX (Offer Price); years 3+ are for information only.]
C51: Scope of service | E51: Scope / fee model | F51: Service term [years] | J51: Years
J52: 1 | K52: 2 | L52: 3 | M52: 4 | N52: 5 | O52: 6 | P52: 7 | Q52: 8 | R52: 9 | S52: 10 | T52: 11 | U52: 12 | V52: 13 | W52: 14 | X52: 15 | Y52: 16 | Z52: 17 | AA52: 18 | AB52: 19 | AC52: 20
C53: Periodic / scheduled maintenance — batteries (incl BMS, HVAC/thermal mgmt., fire detection), PCS (incl feeder transformer), plant controller & SCADA: • All labour, tools and consumables • Preventive maintenance plan per OEM requirements | E53: * | F53: 2 | I53: In scope or not | J53: =IF($E53=CONTROL!$E$3,CONTROL!$E$3,IF($F53=CONTROL!$E$4,CONTROL!$E$4,IF(J$6<=$F53,CONTROL!$E$6,CONTROL!$E$7))) -> Included | K53: =IF($E53=CONTROL!$E$3,CONTROL!$E$3,IF($F53=CONTROL!$E$4,CONTROL!$E$4,IF(K$6<=$F53,CONTROL!$E$6,CONTROL!$E$7))) -> Included | L53: =IF($E53=CONTROL!$E$3,CONTROL!$E$3,IF($F53=CONTROL!$E$4,CONTROL!$E$4,IF(L$6<=$F53,CONTROL!$E$6,CONTROL!$E$7))) -> N/A | M53: =IF($E53=CONTROL!$E$3,CONTROL!$E$3,IF($F53=CONTROL!$E$4,CONTROL!$E$4,IF(M$6<=$F53,CONTROL!$E$6,CONTROL!$E$7))) -> N/A | N53: =IF($E53=CONTROL!$E$3,CONTROL!$E$3,IF($F53=CONTROL!$E$4,CONTROL!$E$4,IF(N$6<=$F53,CONTROL!$E$6,CONTROL!$E$7))) -> N/A | O53: =IF($E53=CONTROL!$E$3,CONTROL!$E$3,IF($F53=CONTROL!$E$4,CONTROL!$E$4,IF(O$6<=$F53,CONTROL!$E$6,CONTROL!$E$7))) -> N/A | P53: =IF($E53=CONTROL!$E$3,CONTROL!$E$3,IF($F53=CONTROL!$E$4,CONTROL!$E$4,IF(P$6<=$F53,CONTROL!$E$6,CONTROL!$E$7))) -> N/A | Q53: =IF($E53=CONTROL!$E$3,CONTROL!$E$3,IF($F53=CONTROL!$E$4,CONTROL!$E$4,IF(Q$6<=$F53,CONTROL!$E$6,CONTROL!$E$7))) -> N/A | ... AC53: =IF($E53=CONTROL!$E$3,CONTROL!$E$3,IF($F53=CONTROL!$E$4,CONTROL!$E$4,IF(AC$6<=$F53,CONTROL!$E$6,CONTROL!$E$7))) -> N/A
I54: Cost per year [EUR] | J54: =IF(J53=CONTROL!$E$6,CONTROL!$E$5,CONTROL!$E$7) -> Enter cost | K54: =IF(K53=CONTROL!$E$6,CONTROL!$E$5,CONTROL!$E$7) -> Enter cost | L54: =IF(L53=CONTROL!$E$6,CONTROL!$E$5,CONTROL!$E$7) -> N/A | M54: =IF(M53=CONTROL!$E$6,CONTROL!$E$5,CONTROL!$E$7) -> N/A | N54: =IF(N53=CONTROL!$E$6,CONTROL!$E$5,CONTROL!$E$7) -> N/A | O54: =IF(O53=CONTROL!$E$6,CONTROL!$E$5,CONTROL!$E$7) -> N/A | P54: =IF(P53=CONTROL!$E$6,CONTROL!$E$5,CONTROL!$E$7) -> N/A | Q54: =IF(Q53=CONTROL!$E$6,CONTROL!$E$5,CONTROL!$E$7) -> N/A | ... AC54: =IF(AC53=CONTROL!$E$6,CONTROL!$E$5,CONTROL!$E$7) -> N/A
C55: Corrective / unscheduled maintenance — batteries (incl BMS & ancillaries), PCS (incl transformer), plant controller & SCADA: • Call-outs and on-site intervention • Fault diagnosis and troubleshooting • OEM warranty coordination for defects correction • All labour and consumables | E55: * | F55: 2 | I55: In scope or not | J55: =IF($E55=CONTROL!$E$3,CONTROL!$E$3,IF($F55=CONTROL!$E$4,CONTROL!$E$4,IF(J$6<=$F55,CONTROL!$E$6,CONTROL!$E$7))) -> Included | K55: =IF($E55=CONTROL!$E$3,CONTROL!$E$3,IF($F55=CONTROL!$E$4,CONTROL!$E$4,IF(K$6<=$F55,CONTROL!$E$6,CONTROL!$E$7))) -> Included | L55: =IF($E55=CONTROL!$E$3,CONTROL!$E$3,IF($F55=CONTROL!$E$4,CONTROL!$E$4,IF(L$6<=$F55,CONTROL!$E$6,CONTROL!$E$7))) -> N/A | M55: =IF($E55=CONTROL!$E$3,CONTROL!$E$3,IF($F55=CONTROL!$E$4,CONTROL!$E$4,IF(M$6<=$F55,CONTROL!$E$6,CONTROL!$E$7))) -> N/A | N55: =IF($E55=CONTROL!$E$3,CONTROL!$E$3,IF($F55=CONTROL!$E$4,CONTROL!$E$4,IF(N$6<=$F55,CONTROL!$E$6,CONTROL!$E$7))) -> N/A | O55: =IF($E55=CONTROL!$E$3,CONTROL!$E$3,IF($F55=CONTROL!$E$4,CONTROL!$E$4,IF(O$6<=$F55,CONTROL!$E$6,CONTROL!$E$7))) -> N/A | P55: =IF($E55=CONTROL!$E$3,CONTROL!$E$3,IF($F55=CONTROL!$E$4,CONTROL!$E$4,IF(P$6<=$F55,CONTROL!$E$6,CONTROL!$E$7))) -> N/A | Q55: =IF($E55=CONTROL!$E$3,CONTROL!$E$3,IF($F55=CONTROL!$E$4,CONTROL!$E$4,IF(Q$6<=$F55,CONTROL!$E$6,CONTROL!$E$7))) -> N/A | ... AC55: =IF($E55=CONTROL!$E$3,CONTROL!$E$3,IF($F55=CONTROL!$E$4,CONTROL!$E$4,IF(AC$6<=$F55,CONTROL!$E$6,CONTROL!$E$7))) -> N/A
I56: Cost per year [EUR] | J56: =IF(J55=CONTROL!$E$6,CONTROL!$E$5,CONTROL!$E$7) -> Enter cost | K56: =IF(K55=CONTROL!$E$6,CONTROL!$E$5,CONTROL!$E$7) -> Enter cost | L56: =IF(L55=CONTROL!$E$6,CONTROL!$E$5,CONTROL!$E$7) -> N/A | M56: =IF(M55=CONTROL!$E$6,CONTROL!$E$5,CONTROL!$E$7) -> N/A | N56: =IF(N55=CONTROL!$E$6,CONTROL!$E$5,CONTROL!$E$7) -> N/A | O56: =IF(O55=CONTROL!$E$6,CONTROL!$E$5,CONTROL!$E$7) -> N/A | P56: =IF(P55=CONTROL!$E$6,CONTROL!$E$5,CONTROL!$E$7) -> N/A | Q56: =IF(Q55=CONTROL!$E$6,CONTROL!$E$5,CONTROL!$E$7) -> N/A | ... AC56: =IF(AC55=CONTROL!$E$6,CONTROL!$E$5,CONTROL!$E$7) -> N/A
C57: Spare parts and consumables (outside OEM warranty scope): • Critical spares list identification for BESS and HV substation [B.28/B.29] • Supply and logistics arrangements • On-site stock management in Spare Parts containers | E57: * | F57: 2 | I57: In scope or not | J57: =IF($E57=CONTROL!$E$3,CONTROL!$E$3,IF($F57=CONTROL!$E$4,CONTROL!$E$4,IF(J$6<=$F57,CONTROL!$E$6,CONTROL!$E$7))) -> Included | K57: =IF($E57=CONTROL!$E$3,CONTROL!$E$3,IF($F57=CONTROL!$E$4,CONTROL!$E$4,IF(K$6<=$F57,CONTROL!$E$6,CONTROL!$E$7))) -> Included | L57: =IF($E57=CONTROL!$E$3,CONTROL!$E$3,IF($F57=CONTROL!$E$4,CONTROL!$E$4,IF(L$6<=$F57,CONTROL!$E$6,CONTROL!$E$7))) -> N/A | M57: =IF($E57=CONTROL!$E$3,CONTROL!$E$3,IF($F57=CONTROL!$E$4,CONTROL!$E$4,IF(M$6<=$F57,CONTROL!$E$6,CONTROL!$E$7))) -> N/A | N57: =IF($E57=CONTROL!$E$3,CONTROL!$E$3,IF($F57=CONTROL!$E$4,CONTROL!$E$4,IF(N$6<=$F57,CONTROL!$E$6,CONTROL!$E$7))) -> N/A | O57: =IF($E57=CONTROL!$E$3,CONTROL!$E$3,IF($F57=CONTROL!$E$4,CONTROL!$E$4,IF(O$6<=$F57,CONTROL!$E$6,CONTROL!$E$7))) -> N/A | P57: =IF($E57=CONTROL!$E$3,CONTROL!$E$3,IF($F57=CONTROL!$E$4,CONTROL!$E$4,IF(P$6<=$F57,CONTROL!$E$6,CONTROL!$E$7))) -> N/A | Q57: =IF($E57=CONTROL!$E$3,CONTROL!$E$3,IF($F57=CONTROL!$E$4,CONTROL!$E$4,IF(Q$6<=$F57,CONTROL!$E$6,CONTROL!$E$7))) -> N/A | ... AC57: =IF($E57=CONTROL!$E$3,CONTROL!$E$3,IF($F57=CONTROL!$E$4,CONTROL!$E$4,IF(AC$6<=$F57,CONTROL!$E$6,CONTROL!$E$7))) -> N/A
I58: Cost per year [EUR] | J58: =IF(J57=CONTROL!$E$6,CONTROL!$E$5,CONTROL!$E$7) -> Enter cost | K58: =IF(K57=CONTROL!$E$6,CONTROL!$E$5,CONTROL!$E$7) -> Enter cost | L58: =IF(L57=CONTROL!$E$6,CONTROL!$E$5,CONTROL!$E$7) -> N/A | M58: =IF(M57=CONTROL!$E$6,CONTROL!$E$5,CONTROL!$E$7) -> N/A | N58: =IF(N57=CONTROL!$E$6,CONTROL!$E$5,CONTROL!$E$7) -> N/A | O58: =IF(O57=CONTROL!$E$6,CONTROL!$E$5,CONTROL!$E$7) -> N/A | P58: =IF(P57=CONTROL!$E$6,CONTROL!$E$5,CONTROL!$E$7) -> N/A | Q58: =IF(Q57=CONTROL!$E$6,CONTROL!$E$5,CONTROL!$E$7) -> N/A | ... AC58: =IF(AC57=CONTROL!$E$6,CONTROL!$E$5,CONTROL!$E$7) -> N/A
C59: 24/7 Remote monitoring, ROC operations & CMMS: • Alarm management, incident classification and remote fault resolution • Site access control, energy data recording & regulatory reporting • CMMS operation and maintenance (Asset Owner's system) [F.5.3] • Work order management and maintenance history • Support for periodic performance testing (capacity, RTE) [F.6.2] | E59: * | F59: 2 | I59: In scope or not | J59: =IF($E59=CONTROL!$E$3,CONTROL!$E$3,IF($F59=CONTROL!$E$4,CONTROL!$E$4,IF(J$6<=$F59,CONTROL!$E$6,CONTROL!$E$7))) -> Included | K59: =IF($E59=CONTROL!$E$3,CONTROL!$E$3,IF($F59=CONTROL!$E$4,CONTROL!$E$4,IF(K$6<=$F59,CONTROL!$E$6,CONTROL!$E$7))) -> Included | L59: =IF($E59=CONTROL!$E$3,CONTROL!$E$3,IF($F59=CONTROL!$E$4,CONTROL!$E$4,IF(L$6<=$F59,CONTROL!$E$6,CONTROL!$E$7))) -> N/A | M59: =IF($E59=CONTROL!$E$3,CONTROL!$E$3,IF($F59=CONTROL!$E$4,CONTROL!$E$4,IF(M$6<=$F59,CONTROL!$E$6,CONTROL!$E$7))) -> N/A | N59: =IF($E59=CONTROL!$E$3,CONTROL!$E$3,IF($F59=CONTROL!$E$4,CONTROL!$E$4,IF(N$6<=$F59,CONTROL!$E$6,CONTROL!$E$7))) -> N/A | O59: =IF($E59=CONTROL!$E$3,CONTROL!$E$3,IF($F59=CONTROL!$E$4,CONTROL!$E$4,IF(O$6<=$F59,CONTROL!$E$6,CONTROL!$E$7))) -> N/A | P59: =IF($E59=CONTROL!$E$3,CONTROL!$E$3,IF($F59=CONTROL!$E$4,CONTROL!$E$4,IF(P$6<=$F59,CONTROL!$E$6,CONTROL!$E$7))) -> N/A | Q59: =IF($E59=CONTROL!$E$3,CONTROL!$E$3,IF($F59=CONTROL!$E$4,CONTROL!$E$4,IF(Q$6<=$F59,CONTROL!$E$6,CONTROL!$E$7))) -> N/A | ... AC59: =IF($E59=CONTROL!$E$3,CONTROL!$E$3,IF($F59=CONTROL!$E$4,CONTROL!$E$4,IF(AC$6<=$F59,CONTROL!$E$6,CONTROL!$E$7))) -> N/A
I60: Cost per year [EUR] | J60: =IF(J59=CONTROL!$E$6,CONTROL!$E$5,CONTROL!$E$7) -> Enter cost | K60: =IF(K59=CONTROL!$E$6,CONTROL!$E$5,CONTROL!$E$7) -> Enter cost | L60: =IF(L59=CONTROL!$E$6,CONTROL!$E$5,CONTROL!$E$7) -> N/A | M60: =IF(M59=CONTROL!$E$6,CONTROL!$E$5,CONTROL!$E$7) -> N/A | N60: =IF(N59=CONTROL!$E$6,CONTROL!$E$5,CONTROL!$E$7) -> N/A | O60: =IF(O59=CONTROL!$E$6,CONTROL!$E$5,CONTROL!$E$7) -> N/A | P60: =IF(P59=CONTROL!$E$6,CONTROL!$E$5,CONTROL!$E$7) -> N/A | Q60: =IF(Q59=CONTROL!$E$6,CONTROL!$E$5,CONTROL!$E$7) -> N/A | ... AC60: =IF(AC59=CONTROL!$E$6,CONTROL!$E$5,CONTROL!$E$7) -> N/A
C61: HV substation O&M — 220/33 kV compound, grid transformers (220/33 kV), 33 kV switchgear, protection systems, SCADA/RTU, control building [F.5.5]: • Scheduled inspection and testing per TSO requirements • Corrective maintenance • TSO coordination for outages and grid compliance | E61: * | F61: 2 | I61: In scope or not | J61: =IF($E61=CONTROL!$E$3,CONTROL!$E$3,IF($F61=CONTROL!$E$4,CONTROL!$E$4,IF(J$6<=$F61,CONTROL!$E$6,CONTROL!$E$7))) -> Included | K61: =IF($E61=CONTROL!$E$3,CONTROL!$E$3,IF($F61=CONTROL!$E$4,CONTROL!$E$4,IF(K$6<=$F61,CONTROL!$E$6,CONTROL!$E$7))) -> Included | L61: =IF($E61=CONTROL!$E$3,CONTROL!$E$3,IF($F61=CONTROL!$E$4,CONTROL!$E$4,IF(L$6<=$F61,CONTROL!$E$6,CONTROL!$E$7))) -> N/A | M61: =IF($E61=CONTROL!$E$3,CONTROL!$E$3,IF($F61=CONTROL!$E$4,CONTROL!$E$4,IF(M$6<=$F61,CONTROL!$E$6,CONTROL!$E$7))) -> N/A | N61: =IF($E61=CONTROL!$E$3,CONTROL!$E$3,IF($F61=CONTROL!$E$4,CONTROL!$E$4,IF(N$6<=$F61,CONTROL!$E$6,CONTROL!$E$7))) -> N/A | O61: =IF($E61=CONTROL!$E$3,CONTROL!$E$3,IF($F61=CONTROL!$E$4,CONTROL!$E$4,IF(O$6<=$F61,CONTROL!$E$6,CONTROL!$E$7))) -> N/A | P61: =IF($E61=CONTROL!$E$3,CONTROL!$E$3,IF($F61=CONTROL!$E$4,CONTROL!$E$4,IF(P$6<=$F61,CONTROL!$E$6,CONTROL!$E$7))) -> N/A | Q61: =IF($E61=CONTROL!$E$3,CONTROL!$E$3,IF($F61=CONTROL!$E$4,CONTROL!$E$4,IF(Q$6<=$F61,CONTROL!$E$6,CONTROL!$E$7))) -> N/A | ... AC61: =IF($E61=CONTROL!$E$3,CONTROL!$E$3,IF($F61=CONTROL!$E$4,CONTROL!$E$4,IF(AC$6<=$F61,CONTROL!$E$6,CONTROL!$E$7))) -> N/A
I62: Cost per year [EUR] | J62: =IF(J61=CONTROL!$E$6,CONTROL!$E$5,CONTROL!$E$7) -> Enter cost | K62: =IF(K61=CONTROL!$E$6,CONTROL!$E$5,CONTROL!$E$7) -> Enter cost | L62: =IF(L61=CONTROL!$E$6,CONTROL!$E$5,CONTROL!$E$7) -> N/A | M62: =IF(M61=CONTROL!$E$6,CONTROL!$E$5,CONTROL!$E$7) -> N/A | N62: =IF(N61=CONTROL!$E$6,CONTROL!$E$5,CONTROL!$E$7) -> N/A | O62: =IF(O61=CONTROL!$E$6,CONTROL!$E$5,CONTROL!$E$7) -> N/A | P62: =IF(P61=CONTROL!$E$6,CONTROL!$E$5,CONTROL!$E$7) -> N/A | Q62: =IF(Q61=CONTROL!$E$6,CONTROL!$E$5,CONTROL!$E$7) -> N/A | ... AC62: =IF(AC61=CONTROL!$E$6,CONTROL!$E$5,CONTROL!$E$7) -> N/A
C63: Lifecycle & asset management / any other LTSA costs [F.5.0, F.6.4, F.6.5]: • Degradation monitoring and reporting • Lifecycle management of major components (batteries, PCS, transformers) • Mid-life replacement / augmentation planning [C.14] • OEM warranty management and coordination for warranty events • Any other costs required to fulfil the full LTSA scope | E63: * | F63: 2 | I63: In scope or not | J63: =IF($E63=CONTROL!$E$3,CONTROL!$E$3,IF($F63=CONTROL!$E$4,CONTROL!$E$4,IF(J$6<=$F63,CONTROL!$E$6,CONTROL!$E$7))) -> Included | K63: =IF($E63=CONTROL!$E$3,CONTROL!$E$3,IF($F63=CONTROL!$E$4,CONTROL!$E$4,IF(K$6<=$F63,CONTROL!$E$6,CONTROL!$E$7))) -> Included | L63: =IF($E63=CONTROL!$E$3,CONTROL!$E$3,IF($F63=CONTROL!$E$4,CONTROL!$E$4,IF(L$6<=$F63,CONTROL!$E$6,CONTROL!$E$7))) -> N/A | M63: =IF($E63=CONTROL!$E$3,CONTROL!$E$3,IF($F63=CONTROL!$E$4,CONTROL!$E$4,IF(M$6<=$F63,CONTROL!$E$6,CONTROL!$E$7))) -> N/A | N63: =IF($E63=CONTROL!$E$3,CONTROL!$E$3,IF($F63=CONTROL!$E$4,CONTROL!$E$4,IF(N$6<=$F63,CONTROL!$E$6,CONTROL!$E$7))) -> N/A | O63: =IF($E63=CONTROL!$E$3,CONTROL!$E$3,IF($F63=CONTROL!$E$4,CONTROL!$E$4,IF(O$6<=$F63,CONTROL!$E$6,CONTROL!$E$7))) -> N/A | P63: =IF($E63=CONTROL!$E$3,CONTROL!$E$3,IF($F63=CONTROL!$E$4,CONTROL!$E$4,IF(P$6<=$F63,CONTROL!$E$6,CONTROL!$E$7))) -> N/A | Q63: =IF($E63=CONTROL!$E$3,CONTROL!$E$3,IF($F63=CONTROL!$E$4,CONTROL!$E$4,IF(Q$6<=$F63,CONTROL!$E$6,CONTROL!$E$7))) -> N/A | ... AC63: =IF($E63=CONTROL!$E$3,CONTROL!$E$3,IF($F63=CONTROL!$E$4,CONTROL!$E$4,IF(AC$6<=$F63,CONTROL!$E$6,CONTROL!$E$7))) -> N/A
